Workbook

Sheet SUMMARY-F
B1: 2019 | C1: 2020 | D1: 2021 | E1: 2022 | F1: 2021 | G1: 2022
B2: YTD | C2: YTD | D2: YTD | E2: YTD | F2: Budget | G2: Budget
A3: Revenues
A4: Transfer from Reserves | B4: =SUM('GG -Admin'!C6+Council!C5+'Fire Dept'!C6+'Bylaw Enforcement'!C6+'Protective Services'!C6+Recreation!B4+Culture!B4+'Recycle & Garbage'!C4+'PW Summary'!B4+Airport!C6+'Land Dev'!C5) -> 192999.43 | C4: =SUM('GG -Admin'!D6+Council!D5+'Fire Dept'!D6+'Bylaw Enforcement'!D6+'Protective Services'!D6+Recreation!C4+Culture!C4+'Recycle & Garbage'!D4+'PW Summary'!C4+Airport!D6+'Land Dev'!D5) -> 190175 | D4: =SUM('GG -Admin'!E6+Council!E5+'Fire Dept'!E6+'Bylaw Enforcement'!E6+'Protective Services'!E6+Recreation!D4+Culture!D4+'Recycle & Garbage'!E4+'PW Summary'!D4+Airport!E6+'Land Dev'!E5) -> 462265.62 | E4: =SUM('GG -Admin'!F6+Council!F5+'Fire Dept'!F6+'Bylaw Enforcement'!F6+'Protective Services'!F6+Recreation!E4+Culture!E4+'Recycle & Garbage'!F4+'PW Summary'!E4+Airport!F6+'Land Dev'!F5) -> 11677.5 | F4: =SUM('GG -Admin'!G6+Council!G5+'Fire Dept'!G6+'Bylaw Enforcement'!G6+'Protective Services'!G6+Recreation!F4+Culture!F4+'Recycle & Garbage'!G4+'PW Summary'!F4+Airport!G6+'Land Dev'!G5) -> 470760 | G4: =SUM('GG -Admin'!H6+Council!H5+'Fire Dept'!H6+'Bylaw Enforcement'!H6+'Protective Services'!H6+Recreation!G4+Culture!G4+'Recycle & Garbage'!H4+'PW Summary'!G4+Airport!H6+'Land Dev'!H5) -> 921770
A5: Fees and Charges | B5: =SUM('GG -Admin'!C22+'Fire Dept'!C11+'Building Inspection'!C7+'Bylaw Enforcement'!C12+'Protective Services'!C14+Recreation!B5+Culture!B5+'Recycle & Garbage'!C12+'PW Summary'!B5+Airport!C10+'Ec Dev'!C6) -> 2939015.6 | C5: =SUM('GG -Admin'!D22+'Fire Dept'!D11+'Building Inspection'!D7+'Bylaw Enforcement'!D12+'Protective Services'!D14+Recreation!C5+Culture!C5+'Recycle & Garbage'!D12+'PW Summary'!C5+Airport!D10+'Ec Dev'!D6) -> 3039529.1 | D5: =SUM('GG -Admin'!E22+'Fire Dept'!E11+'Building Inspection'!E7+'Bylaw Enforcement'!E12+'Protective Services'!E14+Recreation!D5+Culture!D5+'Recycle & Garbage'!E12+'PW Summary'!D5+Airport!E10+'Ec Dev'!E6) -> 2984847.8 | E5: =SUM('GG -Admin'!F22+'Fire Dept'!F11+'Building Inspection'!F7+'Bylaw Enforcement'!F12+'Protective Services'!F14+Recreation!E5+Culture!E5+'Recycle & Garbage'!F12+'PW Summary'!E5+Airport!F10+'Ec Dev'!F6) -> 2370416.3 | F5: =SUM('GG -Admin'!G22+'Fire Dept'!G11+'Building Inspection'!G7+'Bylaw Enforcement'!G12+'Protective Services'!G14+Recreation!F5+Culture!F5+'Recycle & Garbage'!G12+'PW Summary'!F5+Airport!G10+'Ec Dev'!G6) -> 2954600 | G5: =SUM('GG -Admin'!H22+'Fire Dept'!H11+'Building Inspection'!H7+'Bylaw Enforcement'!H12+'Protective Services'!H14+Recreation!G5+Culture!G5+'Recycle & Garbage'!H12+'PW Summary'!G5+Airport!H10+'Ec Dev'!H6) -> 3015000
A6: Land Sales - Gain | B6: ='Land Dev'!C8 -> 6642.34 | C6: ='Land Dev'!D8 -> 20153.65 | D6: ='Land Dev'!E8 -> 22777.24 | E6: ='Land Dev'!F8 -> 0 | F6: ='Land Dev'!G8 -> 68230 | G6: ='Land Dev'!H8 -> 105680
A7: Grants | B7: =SUM('GG -Admin'!C31+Recreation!B6+'PW Summary'!B6+Airport!C14) -> 627995.4 | C7: =SUM('GG -Admin'!D31+Recreation!C6+'PW Summary'!C6+Airport!D14) -> 749841.86 | D7: =SUM('GG -Admin'!E31+Recreation!D6+'PW Summary'!D6+Airport!E14) -> 824325.74 | E7: =SUM('GG -Admin'!F31+Recreation!E6+'PW Summary'!E6+Airport!F14) -> 182916.96 | F7: =SUM('GG -Admin'!G31+Recreation!F6+'PW Summary'!F6+Airport!G14) -> 567750 | G7: =SUM('GG -Admin'!H31+Recreation!G6+'PW Summary'!G6+Airport!H14) -> 562270
A8: Total Revenues | B8: =SUM(B4:B7) -> 3766652.8 | C8: =SUM(C4:C7) -> 3999699.6 | D8: =SUM(D4:D7) -> 4294216.5 | E8: =SUM(E4:E7) -> 2565010.8 | F8: =SUM(F4:F7) -> 4061340 | G8: =SUM(G4:G7) -> 4604720
A10: Expenses
A11: Wages and Benefits | B11: =SUM('GG -Admin'!C43+Council!C13+'Fire Dept'!C20+'Bylaw Enforcement'!C20+'Protective Services'!C22+Recreation!B10+Culture!B10+'Recycle & Garbage'!C20+'PW Summary'!B10) -> 605763.51 | C11: =SUM('GG -Admin'!D43+Council!D13+'Fire Dept'!D20+'Bylaw Enforcement'!D20+'Protective Services'!D22+Recreation!C10+Culture!C10+'Recycle & Garbage'!D20+'PW Summary'!C10) -> 714071.36 | D11: =SUM('GG -Admin'!E43+Council!E13+'Fire Dept'!E20+'Bylaw Enforcement'!E20+'Protective Services'!E22+Recreation!D10+Culture!D10+'Recycle & Garbage'!E20+'PW Summary'!D10) -> 1075049.8 | E11: =SUM('GG -Admin'!F43+Council!F13+'Fire Dept'!F20+'Bylaw Enforcement'!F20+'Protective Services'!F22+Recreation!E10+Culture!E10+'Recycle & Garbage'!F20+'PW Summary'!E10) -> 658529.3 | F11: =SUM('GG -Admin'!G43+Council!G13+'Fire Dept'!G20+'Bylaw Enforcement'!G20+'Protective Services'!G22+Recreation!F10+Culture!F10+'Recycle & Garbage'!G20+'PW Summary'!F10) -> 1128039 | G11: =SUM('GG -Admin'!H43+Council!H13+'Fire Dept'!H20+'Bylaw Enforcement'!H20+'Protective Services'!H22+Recreation!G10+Culture!G10+'Recycle & Garbage'!H20+'PW Summary'!G10) -> 1223719.4
A12: Professional/Contractual Services | B12: =SUM('GG -Admin'!C52+'Fire Dept'!C24+'Building Inspection'!C14+'Bylaw Enforcement'!C25+'Protective Services'!C26+Recreation!B11+Culture!B11+'Recycle & Garbage'!C25+'PW Summary'!B11+Airport!C21+'Ec Dev'!C13+'Land Dev'!C16) -> 621489.84 | C12: =SUM('GG -Admin'!D52+'Fire Dept'!D24+'Building Inspection'!D14+'Bylaw Enforcement'!D25+'Protective Services'!D26+Recreation!C11+Culture!C11+'Recycle & Garbage'!D25+'PW Summary'!C11+Airport!D21+'Ec Dev'!D13+'Land Dev'!D16) -> 512161.85 | D12: =SUM('GG -Admin'!E52+'Fire Dept'!E24+'Building Inspection'!E14+'Bylaw Enforcement'!E25+'Protective Services'!E26+Recreation!D11+Culture!D11+'Recycle & Garbage'!E25+'PW Summary'!D11+Airport!E21+'Ec Dev'!E13+'Land Dev'!E16) -> 541834.62 | E12: =SUM('GG -Admin'!F52+'Fire Dept'!F24+'Building Inspection'!F14+'Bylaw Enforcement'!F25+'Protective Services'!F26+Recreation!E11+Culture!E11+'Recycle & Garbage'!F25+'PW Summary'!E11+Airport!F21+'Ec Dev'!F13+'Land Dev'!F16) -> 389236.7 | F12: =SUM('GG -Admin'!G52+'Fire Dept'!G24+'Building Inspection'!G14+'Bylaw Enforcement'!G25+'Protective Services'!G26+Recreation!F11+Culture!F11+'Recycle & Garbage'!G25+'PW Summary'!F11+Airport!G21+'Ec Dev'!G13+'Land Dev'!G16) -> 611980 | G12: =SUM('GG -Admin'!H52+'Fire Dept'!H24+'Building Inspection'!H14+'Bylaw Enforcement'!H25+'Protective Services'!H26+Recreation!G11+Culture!G11+'Recycle & Garbage'!H25+'PW Summary'!G11+Airport!H21+'Ec Dev'!H13+'Land Dev'!H16) -> 737670
A13: Utilities | B13: =SUM('GG -Admin'!C59+'Fire Dept'!C28+'Protective Services'!C30+Recreation!B12+Culture!B12+'PW Summary'!B12+Airport!C25+'Ec Dev'!C17) -> 194780.01 | C13: =SUM('GG -Admin'!D59+'Fire Dept'!D28+'Protective Services'!D30+Recreation!C12+Culture!C12+'PW Summary'!C12+Airport!D25+'Ec Dev'!D17) -> 229155.85 | D13: =SUM('GG -Admin'!E59+'Fire Dept'!E28+'Protective Services'!E30+Recreation!D12+Culture!D12+'PW Summary'!D12+Airport!E25+'Ec Dev'!E17) -> 244201.8 | E13: =SUM('GG -Admin'!F59+'Fire Dept'!F28+'Protective Services'!F30+Recreation!E12+Culture!E12+'PW Summary'!E12+Airport!F25+'Ec Dev'!F17) -> 172339.79 | F13: =SUM('GG -Admin'!G59+'Fire Dept'!G28+'Protective Services'!G30+Recreation!F12+Culture!F12+'PW Summary'!F12+Airport!G25+'Ec Dev'!G17) -> 263730 | G13: =SUM('GG -Admin'!H59+'Fire Dept'!H28+'Protective Services'!H30+Recreation!G12+Culture!G12+'PW Summary'!G12+Airport!H25+'Ec Dev'!H17) -> 257140
A14: Maintenance, Materials, and Supplies | B14: =SUM('GG -Admin'!C73+Council!C17+'Fire Dept'!C38+'Bylaw Enforcement'!C29+'Protective Services'!C35+Recreation!B13+Culture!B13+'Recycle & Garbage'!C30+'PW Summary'!B13+Airport!C30+'Ec Dev'!C21+'Land Dev'!C20) -> 668638.93 | C14: =SUM('GG -Admin'!D73+Council!D17+'Fire Dept'!D38+'Bylaw Enforcement'!D29+'Protective Services'!D35+Recreation!C13+Culture!C13+'Recycle & Garbage'!D30+'PW Summary'!C13+Airport!D30+'Ec Dev'!D21+'Land Dev'!D20) -> 668520.31 | D14: =SUM('GG -Admin'!E73+Council!E17+'Fire Dept'!E38+'Bylaw Enforcement'!E29+'Protective Services'!E35+Recreation!D13+Culture!D13+'Recycle & Garbage'!E30+'PW Summary'!D13+Airport!E30+'Ec Dev'!E21+'Land Dev'!E20) -> 771508.08 | E14: =SUM('GG -Admin'!F73+Council!F17+'Fire Dept'!F38+'Bylaw Enforcement'!F29+'Protective Services'!F35+Recreation!E13+Culture!E13+'Recycle & Garbage'!F30+'PW Summary'!E13+Airport!F30+'Ec Dev'!F21+'Land Dev'!F20) -> 515585.55 | F14: =SUM('GG -Admin'!G73+Council!G17+'Fire Dept'!G38+'Bylaw Enforcement'!G29+'Protective Services'!G35+Recreation!F13+Culture!F13+'Recycle & Garbage'!G30+'PW Summary'!F13+Airport!G30+'Ec Dev'!G21+'Land Dev'!G20) -> 794390 | G14: =SUM('GG -Admin'!H73+Council!H17+'Fire Dept'!H38+'Bylaw Enforcement'!H29+'Protective Services'!H35+Recreation!G13+Culture!G13+'Recycle & Garbage'!H30+'PW Summary'!G13+Airport!H30+'Ec Dev'!H21+'Land Dev'!H20) -> 961920
A15: Grants and Contributions | B15: =SUM('GG -Admin'!C77+Recreation!B14+Culture!B14) -> 137517.77 | C15: =SUM('GG -Admin'!D77+Recreation!C14+Culture!C14) -> 220562.34 | D15: =SUM('GG -Admin'!E77+Recreation!D14+Culture!D14) -> 74909.37 | E15: =SUM('GG -Admin'!F77+Recreation!E14+Culture!E14) -> 47632.27 | F15: =SUM('GG -Admin'!G77+Recreation!F14+Culture!F14) -> 59410 | G15: =SUM('GG -Admin'!H77+Recreation!G14+Culture!G14) -> 67650
A16: Amortization | B16: =SUM('GG -Admin'!C81+'Fire Dept'!C42+'Protective Services'!C39+Recreation!B15+Culture!B15+'PW Summary'!B14) -> 366142.36 | C16: =SUM('GG -Admin'!D81+'Fire Dept'!D42+'Protective Services'!D39+Recreation!C15+Culture!C15+'PW Summary'!C14) -> 414182.82 | D16: =SUM('GG -Admin'!E81+'Fire Dept'!E42+'Protective Services'!E39+Recreation!D15+Culture!D15+'PW Summary'!D14) -> 452904.21 | E16: =SUM('GG -Admin'!F81+'Fire Dept'!F42+'Protective Services'!F39+Recreation!E15+Culture!E15+'PW Summary'!E14) -> 0 | F16: =SUM('GG -Admin'!G81+'Fire Dept'!G42+'Protective Services'!G39+Recreation!F15+Culture!F15+'PW Summary'!F14) -> 0 | G16: =SUM('GG -Admin'!H81+'Fire Dept'!H42+'Protective Services'!H39+Recreation!G15+Culture!G15+'PW Summary'!G14) -> 0
A17: Interest & Bank Charges | B17: =SUM('GG -Admin'!C85+Recreation!B16+Culture!B16+'PW Summary'!B15) -> 76206.38 | C17: =SUM('GG -Admin'!D85+Recreation!C16+Culture!C16+'PW Summary'!C15) -> 51701.63 | D17: =SUM('GG -Admin'!E85+Recreation!D16+Culture!D16+'PW Summary'!D15) -> 40431.68 | E17: =SUM('GG -Admin'!F85+Recreation!E16+Culture!E16+'PW Summary'!E15) -> 264476.71 | F17: =SUM('GG -Admin'!G85+Recreation!F16+Culture!F16+'PW Summary'!F15) -> 50110 | G17: =SUM('GG -Admin'!H85+Recreation!G16+Culture!G16+'PW Summary'!G15) -> 138100
A18: Other | B18: =SUM('GG -Admin'!C90+Council!C25+'Fire Dept'!C46+Recreation!B17+Culture!B18+'PW Summary'!B16) -> 8198.77 | C18: =SUM('GG -Admin'!D90+Council!D25+'Fire Dept'!D46+Recreation!C17+Culture!C18+'PW Summary'!C16) -> 8940.12 | D18: =SUM('GG -Admin'!E90+Council!E25+'Fire Dept'!E46+Recreation!D17+Culture!D18+'PW Summary'!D16) -> 16825.96 | E18: =SUM('GG -Admin'!F90+Council!F25+'Fire Dept'!F46+Recreation!E17+Culture!E18+'PW Summary'!E16) -> 7726.81 | F18: =SUM('GG -Admin'!G90+Council!G25+'Fire Dept'!G46+Recreation!F17+Culture!F18+'PW Summary'!F16) -> 19100 | G18: =SUM('GG -Admin'!H90+Council!H25+'Fire Dept'!H46+Recreation!G17+Culture!G18+'PW Summary'!G16) -> 23680
A19: Loan Repayment | B19: =SUM('PW Summary'!B17) -> 0 | C19: =SUM('PW Summary'!C17) -> 0 | D19: =SUM('PW Summary'!D17) -> 0 | E19: =SUM('PW Summary'!E17) -> 0 | F19: =SUM('PW Summary'!F17) -> 218270 | G19: =SUM('PW Summary'!G17) -> 303160
A20: Capital | B20: =SUM('GG -Admin'!C96+'Fire Dept'!C48+'Protective Services'!C43+Recreation!B18+Culture!B18+'PW Summary'!B18+Airport!C34) -> 0 | C20: =SUM('GG -Admin'!D96+'Fire Dept'!D48+'Protective Services'!D43+Recreation!C18+Culture!C18+'PW Summary'!C18+Airport!D34) -> 0 | D20: =SUM('GG -Admin'!E96+'Fire Dept'!E48+'Protective Services'!E43+Recreation!D18+Culture!D18+'PW Summary'!D18+Airport!E34) -> 0.06 | E20: =SUM('GG -Admin'!F96+'Fire Dept'!F48+'Protective Services'!F43+Recreation!E18+Culture!E18+'PW Summary'!E18+Airport!F34) -> 440728.2 | F20: =SUM('GG -Admin'!G96+'Fire Dept'!G48+'Protective Services'!G43+Recreation!F18+Culture!F18+'PW Summary'!F18+Airport!G34) -> 366610 | G20: =SUM('GG -Admin'!H96+'Fire Dept'!H48+'Protective Services'!H43+Recreation!G18+Culture!G18+'PW Summary'!G18+Airport!H34) -> 671000
A21: Transfer to Reserves | B21: =SUM('GG -Admin'!C99+'Fire Dept'!C49+'Protective Services'!C46+Recreation!B19+Culture!B19+'Recycle & Garbage'!C32+'PW Summary'!B19+'Land Dev'!C23) -> 304064.43 | C21: =SUM('GG -Admin'!D99+'Fire Dept'!D49+'Protective Services'!D46+Recreation!C19+Culture!C19+'Recycle & Garbage'!D32+'PW Summary'!C19+'Land Dev'!D23) -> 1003146.9 | D21: =SUM('GG -Admin'!E99+'Fire Dept'!E49+'Protective Services'!E46+Recreation!D19+Culture!D19+'Recycle & Garbage'!E32+'PW Summary'!D19+'Land Dev'!E23) -> 691292.64 | E21: =SUM('GG -Admin'!F99+'Fire Dept'!F49+'Protective Services'!F46+Recreation!E19+Culture!E19+'Recycle & Garbage'!F32+'PW Summary'!E19+'Land Dev'!F23) -> 0 | F21: =SUM('GG -Admin'!G99+'Fire Dept'!G49+'Protective Services'!G46+Recreation!F19+Culture!F19+'Recycle & Garbage'!G32+'PW Summary'!F19+'Land Dev'!G23) -> 537400 | G21: =SUM('GG -Admin'!H99+'Fire Dept'!H49+'Protective Services'!H46+Recreation!G19+Culture!G19+'Recycle & Garbage'!H32+'PW Summary'!G19+'Land Dev'!H23) -> 220680
A22: Total Expenses | B22: =SUM(B11:B21) -> 2982802 | C22: =SUM(C11:C21) -> 3822443.2 | D22: =SUM(D11:D21) -> 3908958.3 | E22: =SUM(E11:E21) -> 2496255.3 | F22: =SUM(F11:F21) -> 4049039 | G22: =SUM(G11:G21) -> 4604719.4
A24: Surplus (Deficit) by Cost Centre | B24: =B8-B22 -> 783850.77 | C24: =C8-C22 -> 177256.41 | D24: =D8-D22 -> 385258.19 | E24: =E8-E22 -> 68755.46 | F24: =F8-F22 -> 12301 | G24: =G8-G22-1 -> -0.401
A29: Approved on ___________________________________
A33: Amund Otterson, Mayor

Sheet GG -Admin
C1: =+[1]Master!C3 -> 2019 | D1: =+[1]Master!D3 -> 2020 | E1: =+[1]Master!E3 -> 2021 | F1: =+[1]Master!F3 -> 2022 | G1: =+[1]Master!G3 -> 2021 | H1: =+[1]Master!H3 -> 2022
C2: =+[1]Master!C4 -> YTD | D2: =+[1]Master!D4 -> YTD | E2: =+[1]Master!E4 -> YTD | F2: =+[1]Master!F4 -> YTD | G2: =+[1]Master!G4 -> Budget | H2: =+[1]Master!H4 -> Budget
A3: Revenues
A4: Reserves:
A5: 490-100-190 | B5: =VLOOKUP(A5,'[1]SQL DATA'!$B:$J,3,FALSE) -> Transfer from Reserves - Admin | C5: =VLOOKUP(A5,'[1]SQL DATA'!$B:$K,10,FALSE) -> 0 | D5: =VLOOKUP(A5,'[1]SQL DATA'!$B:$J,9,FALSE) -> 0 | E5: =VLOOKUP(A5,'[1]SQL DATA'!$B:$J,7,FALSE) -> 20249.33 | F5: =VLOOKUP(A5,'[1]SQL DATA'!$B:$J,6,FALSE) -> 0 | G5: 35000 | H5: 40120
A6: Total Transfers from Reserves | C6: =SUM(C5) -> 0 | D6: =SUM(D5) -> 0 | E6: =SUM(E5) -> 20249.33 | F6: =SUM(F5) -> 0 | G6: =SUM(G5) -> 35000 | H6: =SUM(H5) -> 40120
A8: Fees and Charges:
A9: 410-110-100 | B9: =VLOOKUP(A9,'[1]SQL DATA'!$B:$J,3,FALSE) -> General Municipal Levy | C9: =VLOOKUP(A9,'[1]SQL DATA'!$B:$K,10,FALSE) -> 1527239.4 | D9: =VLOOKUP(A9,'[1]SQL DATA'!$B:$J,9,FALSE) -> 1540045.9 | E9: =VLOOKUP(A9,'[1]SQL DATA'!$B:$J,7,FALSE) -> 1536499.8 | F9: =VLOOKUP(A9,'[1]SQL DATA'!$B:$J,6,FALSE) -> 1607355.1 | G9: 1530320 | H9: 1607350
A10: 410-120-100 | B10: =VLOOKUP(A10,'[1]SQL DATA'!$B:$J,3,FALSE) -> Property Tax Abatements & Adjustments | C10: =VLOOKUP(A10,'[1]SQL DATA'!$B:$K,10,FALSE) -> -24413.11 | D10: =VLOOKUP(A10,'[1]SQL DATA'!$B:$J,9,FALSE) -> -38665.5 | E10: =VLOOKUP(A10,'[1]SQL DATA'!$B:$J,7,FALSE) -> -64078.63 | F10: =VLOOKUP(A10,'[1]SQL DATA'!$B:$J,6,FALSE) -> -17516.97 | G10: -24410 | H10: -24410
A11: 410-130-100 | B11: =VLOOKUP(A11,'[1]SQL DATA'!$B:$J,3,FALSE) -> Discount on Municipal Tax - Property | C11: =VLOOKUP(A11,'[1]SQL DATA'!$B:$K,10,FALSE) -> -69771.98 | D11: =VLOOKUP(A11,'[1]SQL DATA'!$B:$J,9,FALSE) -> -74818.39 | E11: =VLOOKUP(A11,'[1]SQL DATA'!$B:$J,7,FALSE) -> -79145.75 | F11: =VLOOKUP(A11,'[1]SQL DATA'!$B:$J,6,FALSE) -> -80055.82 | G11: -75000 | H11: -75000
A12: 410-400-210 | B12: =VLOOKUP(A12,'[1]SQL DATA'!$B:$J,3,FALSE) -> Penalty on Mun Taxes Arrears - Property | C12: =VLOOKUP(A12,'[1]SQL DATA'!$B:$K,10,FALSE) -> 47669.29 | D12: =VLOOKUP(A12,'[1]SQL DATA'!$B:$J,9,FALSE) -> 49176.33 | E12: =VLOOKUP(A12,'[1]SQL DATA'!$B:$J,7,FALSE) -> 57742.64 | F12: =VLOOKUP(A12,'[1]SQL DATA'!$B:$J,6,FALSE) -> 13916.49 | G12: 50000 | H12: 38300
A13: 420-200-200 | B13: =VLOOKUP(A13,'[1]SQL DATA'!$B:$J,3,FALSE) -> F&C - Sale of Supplies - Office | C13: =VLOOKUP(A13,'[1]SQL DATA'!$B:$K,10,FALSE) -> 73 | D13: =VLOOKUP(A13,'[1]SQL DATA'!$B:$J,9,FALSE) -> 0 | E13: =VLOOKUP(A13,'[1]SQL DATA'!$B:$J,7,FALSE) -> 45 | F13: =VLOOKUP(A13,'[1]SQL DATA'!$B:$J,6,FALSE) -> 10 | G13: 100 | H13: 100
A14: 420-300-100 | B14: =VLOOKUP(A14,'[1]SQL DATA'!$B:$J,3,FALSE) -> F&C - Rentals & Mobile Home & Lot Leases | C14: =VLOOKUP(A14,'[1]SQL DATA'!$B:$K,10,FALSE) -> 7700 | D14: =VLOOKUP(A14,'[1]SQL DATA'!$B:$J,9,FALSE) -> 5100 | E14: =VLOOKUP(A14,'[1]SQL DATA'!$B:$J,7,FALSE) -> 5754.89 | F14: =VLOOKUP(A14,'[1]SQL DATA'!$B:$J,6,FALSE) -> 3120 | G14: 3600 | H14: 5750
A15: 420-710-110 | B15: =VLOOKUP(A15,'[1]SQL DATA'!$B:$J,3,FALSE) -> F&C - SAMA Fees | C15: =VLOOKUP(A15,'[1]SQL DATA'!$B:$K,10,FALSE) -> 40 | D15: =VLOOKUP(A15,'[1]SQL DATA'!$B:$J,9,FALSE) -> 40 | E15: =VLOOKUP(A15,'[1]SQL DATA'!$B:$J,7,FALSE) -> 140 | F15: =VLOOKUP(A15,'[1]SQL DATA'!$B:$J,6,FALSE) -> 0 | G15: 250 | H15: 250
A16: 420-800-100 | B16: =VLOOKUP(A16,'[1]SQL DATA'!$B:$J,3,FALSE) -> F&C - Tax Certificate | C16: =VLOOKUP(A16,'[1]SQL DATA'!$B:$K,10,FALSE) -> 725 | D16: =VLOOKUP(A16,'[1]SQL DATA'!$B:$J,9,FALSE) -> 1450 | E16: =VLOOKUP(A16,'[1]SQL DATA'!$B:$J,7,FALSE) -> 2200 | F16: =VLOOKUP(A16,'[1]SQL DATA'!$B:$J,6,FALSE) -> 650 | G16: 1400 | H16: 2200
A17: 420-800-200 | B17: =VLOOKUP(A17,'[1]SQL DATA'!$B:$J,3,FALSE) -> F&C - General Office Services Provided | C17: =VLOOKUP(A17,'[1]SQL DATA'!$B:$K,10,FALSE) -> 1962.52 | D17: =VLOOKUP(A17,'[1]SQL DATA'!$B:$J,9,FALSE) -> 1211.85 | E17: =VLOOKUP(A17,'[1]SQL DATA'!$B:$J,7,FALSE) -> 157.75 | F17: =VLOOKUP(A17,'[1]SQL DATA'!$B:$J,6,FALSE) -> 133.42 | G17: 1200 | H17: 150
A18: 420-800-230 | B18: =VLOOKUP(A18,'[1]SQL DATA'!$B:$J,3,FALSE) -> F&C - Notarize Documents | C18: =VLOOKUP(A18,'[1]SQL DATA'!$B:$K,10,FALSE) -> 210.57 | D18: =VLOOKUP(A18,'[1]SQL DATA'!$B:$J,9,FALSE) -> 195 | E18: =VLOOKUP(A18,'[1]SQL DATA'!$B:$J,7,FALSE) -> 175 | F18: =VLOOKUP(A18,'[1]SQL DATA'!$B:$J,6,FALSE) -> 148.57 | G18: 200 | H18: 200
A19: 420-800-240 | B19: =VLOOKUP(A19,'[1]SQL DATA'!$B:$J,3,FALSE) -> F&C - Administration Fees | C19: =VLOOKUP(A19,'[1]SQL DATA'!$B:$K,10,FALSE) -> 2390.48 | D19: =VLOOKUP(A19,'[1]SQL DATA'!$B:$J,9,FALSE) -> 2250.28 | E19: =VLOOKUP(A19,'[1]SQL DATA'!$B:$J,7,FALSE) -> 3674.28 | F19: =VLOOKUP(A19,'[1]SQL DATA'!$B:$J,6,FALSE) -> 784.22 | G19: 500 | H19: 2720
A20: 470-100-100 | B20: =VLOOKUP(A20,'[1]SQL DATA'!$B:$J,3,FALSE) -> Interest Revenue | C20: =VLOOKUP(A20,'[1]SQL DATA'!$B:$K,10,FALSE) -> 11997.61 | D20: =VLOOKUP(A20,'[1]SQL DATA'!$B:$J,9,FALSE) -> 13777.18 | E20: =VLOOKUP(A20,'[1]SQL DATA'!$B:$J,7,FALSE) -> 11119.07 | F20: =VLOOKUP(A20,'[1]SQL DATA'!$B:$J,6,FALSE) -> 12206.02 | G20: 14000 | H20: 11740
A21: 480-170-100 | B21: =VLOOKUP(A21,'[1]SQL DATA'!$B:$J,3,FALSE) -> F&C - Housing Authority Surplus | C21: =VLOOKUP(A21,'[1]SQL DATA'!$B:$K,10,FALSE) -> 690.01 | D21: =VLOOKUP(A21,'[1]SQL DATA'!$B:$J,9,FALSE) -> 0 | E21: =VLOOKUP(A21,'[1]SQL DATA'!$B:$J,7,FALSE) -> 0 | F21: =VLOOKUP(A21,'[1]SQL DATA'!$B:$J,6,FALSE) -> 0 | G21: 0 | H21: 0
A22: Total Fees and Charges | C22: =SUM(C9:C21) -> 1506512.8 | D22: =SUM(D9:D21) -> 1499762.6 | E22: =SUM(E9:E21) -> 1474284 | F22: =SUM(F9:F21) -> 1540751 | G22: =SUM(G9:G21) -> 1502160 | H22: =SUM(H9:H21) -> 1569350
A24: Grants - Conditional:
A25: 450-110-100 | B25: =VLOOKUP(A25,'[1]SQL DATA'!$B:$J,3,FALSE) -> Unconditional - Revenue Sharing | C25: =VLOOKUP(A25,'[1]SQL DATA'!$B:$K,10,FALSE) -> 296657 | D25: =VLOOKUP(A25,'[1]SQL DATA'!$B:$J,9,FALSE) -> 328939 | E25: =VLOOKUP(A25,'[1]SQL DATA'!$B:$J,7,FALSE) -> 325987 | F25: =VLOOKUP(A25,'[1]SQL DATA'!$B:$J,6,FALSE) -> 80800 | G25: 325990 | H25: 323210
A26: 450-140-100 | B26: =VLOOKUP(A26,'[1]SQL DATA'!$B:$J,3,FALSE) -> Unconditional - Sask Energy Mun. Srchge | C26: =VLOOKUP(A26,'[1]SQL DATA'!$B:$K,10,FALSE) -> 37399.35 | D26: =VLOOKUP(A26,'[1]SQL DATA'!$B:$J,9,FALSE) -> 35916.27 | E26: =VLOOKUP(A26,'[1]SQL DATA'!$B:$J,7,FALSE) -> 34679.64 | F26: =VLOOKUP(A26,'[1]SQL DATA'!$B:$J,6,FALSE) -> 25654.94 | G26: 35910 | H26: 34680
A27: 450-140-110 | B27: =VLOOKUP(A27,'[1]SQL DATA'!$B:$J,3,FALSE) -> Unconditional - SaskPower Mun. Srchg | C27: =VLOOKUP(A27,'[1]SQL DATA'!$B:$K,10,FALSE) -> 87250.99 | D27: =VLOOKUP(A27,'[1]SQL DATA'!$B:$J,9,FALSE) -> 88724.04 | E27: =VLOOKUP(A27,'[1]SQL DATA'!$B:$J,7,FALSE) -> 91919.75 | F27: =VLOOKUP(A27,'[1]SQL DATA'!$B:$J,6,FALSE) -> 47475.59 | G27: 88720 | H27: 91900
A28: 450-200-070 | B28: =VLOOKUP(A28,'[1]SQL DATA'!$B:$J,3,FALSE) -> Conditional - Federal - Gas Tax | C28: =VLOOKUP(A28,'[1]SQL DATA'!$B:$K,10,FALSE) -> 178589.7 | D28: =VLOOKUP(A28,'[1]SQL DATA'!$B:$J,9,FALSE) -> 127794 | E28: =VLOOKUP(A28,'[1]SQL DATA'!$B:$J,7,FALSE) -> 175951.4 | F28: =VLOOKUP(A28,'[1]SQL DATA'!$B:$J,6,FALSE) -> 0 | G28: 89240 | H28: 89240
A29: 450-305-105 | B29: =VLOOKUP(A29,'[1]SQL DATA'!$B:$J,3,FALSE) -> Conditional - Prov - Safe Restart Prog. | C29: =VLOOKUP(A29,'[1]SQL DATA'!$B:$K,10,FALSE) -> 0 | D29: =VLOOKUP(A29,'[1]SQL DATA'!$B:$J,9,FALSE) -> 86140 | E29: =VLOOKUP(A29,'[1]SQL DATA'!$B:$J,7,FALSE) -> 0 | F29: =VLOOKUP(A29,'[1]SQL DATA'!$B:$J,6,FALSE) -> 0 | G29: 0 | H29: 0
A30: 450-340-100 | B30: =VLOOKUP(A30,'[1]SQL DATA'!$B:$J,3,FALSE) -> Conditional - Prov - Transit Disabled | C30: =VLOOKUP(A30,'[1]SQL DATA'!$B:$K,10,FALSE) -> 1522 | D30: =VLOOKUP(A30,'[1]SQL DATA'!$B:$J,9,FALSE) -> 1925 | E30: =VLOOKUP(A30,'[1]SQL DATA'!$B:$J,7,FALSE) -> 1759 | F30: =VLOOKUP(A30,'[1]SQL DATA'!$B:$J,6,FALSE) -> 3992 | G30: 1510 | H30: 1760
A31: Total Grants - Conditional | C31: =SUM(C25:C30) -> 601419.04 | D31: =SUM(D25:D30) -> 669438.31 | E31: =SUM(E25:E30) -> 630296.79 | F31: =SUM(F25:F30) -> 157922.53 | G31: =SUM(G25:G30) -> 541370 | H31: =SUM(H25:H30) -> 540790
A33: Total Revenues | C33: =C6+C22+C31 -> 2107931.8 | D33: =D6+D22+D31 -> 2169200.9 | E33: =E6+E22+E31 -> 2124830.1 | F33: =F6+F22+F31 -> 1698673.5 | G33: =G6+G22+G31 -> 2078530 | H33: =H6+H22+H31 -> 2150260
A35: Expenses
A36: Wages and Benefits:
A37: 510-110-230 | B37: =VLOOKUP(A37,'[1]SQL DATA'!$B:$J,3,FALSE) -> GG - Office Wages | C37: =VLOOKUP(A37,'[1]SQL DATA'!$B:$K,10,FALSE) -> 161471.54 | D37: =VLOOKUP(A37,'[1]SQL DATA'!$B:$J,9,FALSE) -> 175757.49 | E37: =VLOOKUP(A37,'[1]SQL DATA'!$B:$J,7,FALSE) -> 181765.63 | F37: =VLOOKUP(A37,'[1]SQL DATA'!$B:$J,6,FALSE) -> 113921.99 | G37: 190200 | H37: 211080
A38: 510-130-231 | B38: =VLOOKUP(A38,'[1]SQL DATA'!$B:$J,3,FALSE) -> GG - Benefits - CPP | C38: =VLOOKUP(A38,'[1]SQL DATA'!$B:$K,10,FALSE) -> 4315.84 | D38: =VLOOKUP(A38,'[1]SQL DATA'!$B:$J,9,FALSE) -> 7029.99 | E38: =VLOOKUP(A38,'[1]SQL DATA'!$B:$J,7,FALSE) -> 7665.81 | F38: =VLOOKUP(A38,'[1]SQL DATA'!$B:$J,6,FALSE) -> 6081.04 | G38: 7500 | H38: =H37*0.0495-448 -> 10000.46
A39: 510-130-232 | B39: =VLOOKUP(A39,'[1]SQL DATA'!$B:$J,3,FALSE) -> GG - Benefits - EI | C39: =VLOOKUP(A39,'[1]SQL DATA'!$B:$K,10,FALSE) -> 3973.08 | D39: =VLOOKUP(A39,'[1]SQL DATA'!$B:$J,9,FALSE) -> 2759.81 | E39: =VLOOKUP(A39,'[1]SQL DATA'!$B:$J,7,FALSE) -> 2821.21 | F39: =VLOOKUP(A39,'[1]SQL DATA'!$B:$J,6,FALSE) -> 2444.8 | G39: 3000 | H39: =H37*0.02443-57 -> 5099.6844
A40: 510-130-233 | B40: =VLOOKUP(A40,'[1]SQL DATA'!$B:$J,3,FALSE) -> GG - Benefits - MEPP | C40: =VLOOKUP(A40,'[1]SQL DATA'!$B:$K,10,FALSE) -> 15884.36 | D40: =VLOOKUP(A40,'[1]SQL DATA'!$B:$J,9,FALSE) -> 15769.25 | E40: =VLOOKUP(A40,'[1]SQL DATA'!$B:$J,7,FALSE) -> 16101.78 | F40: =VLOOKUP(A40,'[1]SQL DATA'!$B:$J,6,FALSE) -> 9828.02 | G40: 16660 | H40: =H37*0.09-1997 -> 17000.2
A41: 510-130-234 | B41: =VLOOKUP(A41,'[1]SQL DATA'!$B:$J,3,FALSE) -> GG - Benefits - Worker Compensation | C41: =VLOOKUP(A41,'[1]SQL DATA'!$B:$K,10,FALSE) -> 743.86 | D41: =VLOOKUP(A41,'[1]SQL DATA'!$B:$J,9,FALSE) -> 3218.08 | E41: =VLOOKUP(A41,'[1]SQL DATA'!$B:$J,7,FALSE) -> 2921.19 | F41: =VLOOKUP(A41,'[1]SQL DATA'!$B:$J,6,FALSE) -> 3070.8 | G41: 3300 | H41: =H37*0.01-1 -> 2109.8
A42: 510-130-235 | B42: =VLOOKUP(A42,'[1]SQL DATA'!$B:$J,3,FALSE) -> GG - Group Benefits | C42: =VLOOKUP(A42,'[1]SQL DATA'!$B:$K,10,FALSE) -> 12739.65 | D42: =VLOOKUP(A42,'[1]SQL DATA'!$B:$J,9,FALSE) -> 13391.47 | E42: =VLOOKUP(A42,'[1]SQL DATA'!$B:$J,7,FALSE) -> 11708.96 | F42: =VLOOKUP(A42,'[1]SQL DATA'!$B:$J,6,FALSE) -> 6405.01 | G42: 13500 | H42: =H37*0.06-5-430 -> 12229.8
A43: Total Wages and Benefits | C43: =SUM(C37:C42) -> 199128.33 | D43: =SUM(D37:D42) -> 217926.09 | E43: =SUM(E37:E42) -> 222984.58 | F43: =SUM(F37:F42) -> 141751.66 | G43: =SUM(G37:G42) -> 234160 | H43: =SUM(H37:H42) -> 257519.94
A45: Professional/Contractual Services:
A46: 510-200-110 | B46: =VLOOKUP(A46,'[1]SQL DATA'!$B:$J,3,FALSE) -> GG - Cont. - Legal | C46: =VLOOKUP(A46,'[1]SQL DATA'!$B:$K,10,FALSE) -> 8309.63 | D46: =VLOOKUP(A46,'[1]SQL DATA'!$B:$J,9,FALSE) -> 4766.3 | E46: =VLOOKUP(A46,'[1]SQL DATA'!$B:$J,7,FALSE) -> 8942.34 | F46: =VLOOKUP(A46,'[1]SQL DATA'!$B:$J,6,FALSE) -> 4459.95 | G46: 10000 | H46: 15000
A47: 510-200-130 | B47: =VLOOKUP(A47,'[1]SQL DATA'!$B:$J,3,FALSE) -> GG - Cont. - Audit/Accounting | C47: =VLOOKUP(A47,'[1]SQL DATA'!$B:$K,10,FALSE) -> 26597.09 | D47: =VLOOKUP(A47,'[1]SQL DATA'!$B:$J,9,FALSE) -> 10950.7 | E47: =VLOOKUP(A47,'[1]SQL DATA'!$B:$J,7,FALSE) -> 10637.1 | F47: =VLOOKUP(A47,'[1]SQL DATA'!$B:$J,6,FALSE) -> 8957 | G47: 11000 | H47: 11000
A48: 510-200-150 | B48: =VLOOKUP(A48,'[1]SQL DATA'!$B:$J,3,FALSE) -> GG - Cont. - Assessment - SAMA | C48: =VLOOKUP(A48,'[1]SQL DATA'!$B:$K,10,FALSE) -> 19593 | D48: =VLOOKUP(A48,'[1]SQL DATA'!$B:$J,9,FALSE) -> 19871 | E48: =VLOOKUP(A48,'[1]SQL DATA'!$B:$J,7,FALSE) -> 21007 | F48: =VLOOKUP(A48,'[1]SQL DATA'!$B:$J,6,FALSE) -> 20286 | G48: 21000 | H48: 21000
A49: 510-200-160 | B49: =VLOOKUP(A49,'[1]SQL DATA'!$B:$J,3,FALSE) -> GG - Cont. - Asset Management | C49: =VLOOKUP(A49,'[1]SQL DATA'!$B:$K,10,FALSE) -> 5618.34 | D49: =VLOOKUP(A49,'[1]SQL DATA'!$B:$J,9,FALSE) -> 6342.97 | E49: =VLOOKUP(A49,'[1]SQL DATA'!$B:$J,7,FALSE) -> 18159.65 | F49: =VLOOKUP(A49,'[1]SQL DATA'!$B:$J,6,FALSE) -> 58757.95 | G49: 35000 | H49: =24000+26820+15000+5000+10000 -> 80820
A50: 510-220-100 | B50: =VLOOKUP(A50,'[1]SQL DATA'!$B:$J,3,FALSE) -> GG - Cont. - Office Caretaking | C50: =VLOOKUP(A50,'[1]SQL DATA'!$B:$K,10,FALSE) -> 4200 | D50: =VLOOKUP(A50,'[1]SQL DATA'!$B:$J,9,FALSE) -> 4200 | E50: =VLOOKUP(A50,'[1]SQL DATA'!$B:$J,7,FALSE) -> 4638.39 | F50: =VLOOKUP(A50,'[1]SQL DATA'!$B:$J,6,FALSE) -> 3143.19 | G50: 4200 | H50: 5000
A51: 510-500-120 | B51: =VLOOKUP(A51,'[1]SQL DATA'!$B:$J,3,FALSE) -> GG - Doctor Recruitment Fund | C51: =VLOOKUP(A51,'[1]SQL DATA'!$B:$K,10,FALSE) -> 7220 | D51: =VLOOKUP(A51,'[1]SQL DATA'!$B:$J,9,FALSE) -> 7220 | E51: =VLOOKUP(A51,'[1]SQL DATA'!$B:$J,7,FALSE) -> 7220 | F51: =VLOOKUP(A51,'[1]SQL DATA'!$B:$J,6,FALSE) -> 10570 | G51: 7220 | H51: 7220
A52: Total Professional/Contractual Services | C52: =SUM(C46:C51) -> 71538.06 | D52: =SUM(D46:D51) -> 53350.97 | E52: =SUM(E46:E51) -> 70604.48 | F52: =SUM(F46:F51) -> 106174.09 | G52: =SUM(G46:G51) -> 88420 | H52: =SUM(H46:H51) -> 140040
A54: Utilities:
A55: 510-300-110 | B55: =VLOOKUP(A55,'[1]SQL DATA'!$B:$J,3,FALSE) -> GG - Utility - Heat - Office | C55: =VLOOKUP(A55,'[1]SQL DATA'!$B:$K,10,FALSE) -> 1970.99 | D55: =VLOOKUP(A55,'[1]SQL DATA'!$B:$J,9,FALSE) -> 1483.37 | E55: =VLOOKUP(A55,'[1]SQL DATA'!$B:$J,7,FALSE) -> 2322.41 | F55: =VLOOKUP(A55,'[1]SQL DATA'!$B:$J,6,FALSE) -> 3378.33 | G55: 1500 | H55: 1700
A56: 510-300-120 | B56: =VLOOKUP(A56,'[1]SQL DATA'!$B:$J,3,FALSE) -> GG - Utility - Power - Office | C56: =VLOOKUP(A56,'[1]SQL DATA'!$B:$K,10,FALSE) -> 2166.92 | D56: =VLOOKUP(A56,'[1]SQL DATA'!$B:$J,9,FALSE) -> 2348.32 | E56: =VLOOKUP(A56,'[1]SQL DATA'!$B:$J,7,FALSE) -> 2537 | F56: =VLOOKUP(A56,'[1]SQL DATA'!$B:$J,6,FALSE) -> 1786.96 | G56: 2400 | H56: 2260
A57: 510-300-130 | B57: =VLOOKUP(A57,'[1]SQL DATA'!$B:$J,3,FALSE) -> GG - Utility - Water - Office | C57: =VLOOKUP(A57,'[1]SQL DATA'!$B:$K,10,FALSE) -> 754.56 | D57: =VLOOKUP(A57,'[1]SQL DATA'!$B:$J,9,FALSE) -> 849.08 | E57: =VLOOKUP(A57,'[1]SQL DATA'!$B:$J,7,FALSE) -> 1198.94 | F57: =VLOOKUP(A57,'[1]SQL DATA'!$B:$J,6,FALSE) -> 804.28 | G57: 850 | H57: 800
A58: 510-300-140 | B58: =VLOOKUP(A58,'[1]SQL DATA'!$B:$J,3,FALSE) -> GG - Utility - Telephone - Office | C58: =VLOOKUP(A58,'[1]SQL DATA'!$B:$K,10,FALSE) -> 6031.6 | D58: =VLOOKUP(A58,'[1]SQL DATA'!$B:$J,9,FALSE) -> 6753.94 | E58: =VLOOKUP(A58,'[1]SQL DATA'!$B:$J,7,FALSE) -> 7260.12 | F58: =VLOOKUP(A58,'[1]SQL DATA'!$B:$J,6,FALSE) -> 4444.62 | G58: 6800 | H58: 7500
A59: Total Utilities | C59: =SUM(C55:C58) -> 10924.07 | D59: =SUM(D55:D58) -> 11434.71 | E59: =SUM(E55:E58) -> 13318.47 | F59: =SUM(F55:F58) -> 10414.19 | G59: =SUM(G55:G58) -> 11550 | H59: =SUM(H55:H58) -> 12260
A61: Maintenance, Materials and Supplies:
A62: 510-200-170 | B62: =VLOOKUP(A62,'[1]SQL DATA'!$B:$J,3,FALSE) -> GG - Cont. - Advertising & Promotion | C62: =VLOOKUP(A62,'[1]SQL DATA'!$B:$K,10,FALSE) -> 4164.35 | D62: =VLOOKUP(A62,'[1]SQL DATA'!$B:$J,9,FALSE) -> 1998.88 | E62: =VLOOKUP(A62,'[1]SQL DATA'!$B:$J,7,FALSE) -> 2490.51 | F62: =VLOOKUP(A62,'[1]SQL DATA'!$B:$J,6,FALSE) -> 5167.75 | G62: 4500 | H62: 4500
A63: 510-210-170 | B63: =VLOOKUP(A63,'[1]SQL DATA'!$B:$J,3,FALSE) -> GG - Admin. - Training | C63: =VLOOKUP(A63,'[1]SQL DATA'!$B:$K,10,FALSE) -> 4289.77 | D63: =VLOOKUP(A63,'[1]SQL DATA'!$B:$J,9,FALSE) -> 2717.37 | E63: =VLOOKUP(A63,'[1]SQL DATA'!$B:$J,7,FALSE) -> 5334.58 | F63: =VLOOKUP(A63,'[1]SQL DATA'!$B:$J,6,FALSE) -> 2271.41 | G63: 6000 | H63: 7000
A64: 510-230-100 | B64: =VLOOKUP(A64,'[1]SQL DATA'!$B:$J,3,FALSE) -> GG - Cont. - Insurance - General & Bond | C64: =VLOOKUP(A64,'[1]SQL DATA'!$B:$K,10,FALSE) -> 8094.69 | D64: =VLOOKUP(A64,'[1]SQL DATA'!$B:$J,9,FALSE) -> 6943.24 | E64: =VLOOKUP(A64,'[1]SQL DATA'!$B:$J,7,FALSE) -> 11034.15 | F64: =VLOOKUP(A64,'[1]SQL DATA'!$B:$J,6,FALSE) -> 12115.34 | G64: 10070 | H64: 11050
A65: 510-240-100 | B65: =VLOOKUP(A65,'[1]SQL DATA'!$B:$J,3,FALSE) -> GG - Cont. - Memberships & Subscriptions | C65: =VLOOKUP(A65,'[1]SQL DATA'!$B:$K,10,FALSE) -> 14294.42 | D65: =VLOOKUP(A65,'[1]SQL DATA'!$B:$J,9,FALSE) -> 12909.38 | E65: =VLOOKUP(A65,'[1]SQL DATA'!$B:$J,7,FALSE) -> 32551.36 | F65: =VLOOKUP(A65,'[1]SQL DATA'!$B:$J,6,FALSE) -> 28930.56 | G65: 25000 | H65: 30000
A66: 510-260-150 | B66: =VLOOKUP(A66,'[1]SQL DATA'!$B:$J,3,FALSE) -> GG - Cont. - Elections | C66: =VLOOKUP(A66,'[1]SQL DATA'!$B:$K,10,FALSE) -> 0 | D66: =VLOOKUP(A66,'[1]SQL DATA'!$B:$J,9,FALSE) -> 3054.85 | E66: =VLOOKUP(A66,'[1]SQL DATA'!$B:$J,7,FALSE) -> 2982 | F66: =VLOOKUP(A66,'[1]SQL DATA'!$B:$J,6,FALSE) -> 0 | G66: 0 | H66: 3000
A67: 510-270-100 | B67: =VLOOKUP(A67,'[1]SQL DATA'!$B:$J,3,FALSE) -> GG - Cont. - Maintenance - Building | C67: =VLOOKUP(A67,'[1]SQL DATA'!$B:$K,10,FALSE) -> 6672.08 | D67: =VLOOKUP(A67,'[1]SQL DATA'!$B:$J,9,FALSE) -> 6895.15 | E67: =VLOOKUP(A67,'[1]SQL DATA'!$B:$J,7,FALSE) -> 1529.25 | F67: =VLOOKUP(A67,'[1]SQL DATA'!$B:$J,6,FALSE) -> 1747.79 | G67: 9700 | H67: 9700
A68: 510-400-110 | B68: =VLOOKUP(A68,'[1]SQL DATA'!$B:$J,3,FALSE) -> GG - Maint. - Postage | C68: =VLOOKUP(A68,'[1]SQL DATA'!$B:$K,10,FALSE) -> 9449.28 | D68: =VLOOKUP(A68,'[1]SQL DATA'!$B:$J,9,FALSE) -> 4991.51 | E68: =VLOOKUP(A68,'[1]SQL DATA'!$B:$J,7,FALSE) -> 9129.72 | F68: =VLOOKUP(A68,'[1]SQL DATA'!$B:$J,6,FALSE) -> -260.97 | G68: 6000 | H68: 9150
A69: 510-410-140 | B69: =VLOOKUP(A69,'[1]SQL DATA'!$B:$J,3,FALSE) -> GG - Maint. - Office Supplies | C69: =VLOOKUP(A69,'[1]SQL DATA'!$B:$K,10,FALSE) -> 4154.36 | D69: =VLOOKUP(A69,'[1]SQL DATA'!$B:$J,9,FALSE) -> 5709.29 | E69: =VLOOKUP(A69,'[1]SQL DATA'!$B:$J,7,FALSE) -> 4126.03 | F69: =VLOOKUP(A69,'[1]SQL DATA'!$B:$J,6,FALSE) -> 891.17 | G69: 5500 | H69: 5500
A70: 510-410-160 | B70: =VLOOKUP(A70,'[1]SQL DATA'!$B:$J,3,FALSE) -> GG - Maint. - Discretionary Fund | C70: =VLOOKUP(A70,'[1]SQL DATA'!$B:$K,10,FALSE) -> 1541.2 | D70: =VLOOKUP(A70,'[1]SQL DATA'!$B:$J,9,FALSE) -> 1792.56 | E70: =VLOOKUP(A70,'[1]SQL DATA'!$B:$J,7,FALSE) -> 847.68 | F70: =VLOOKUP(A70,'[1]SQL DATA'!$B:$J,6,FALSE) -> 334.76 | G70: 4000 | H70: 4000
A71: 510-420-100 | B71: =VLOOKUP(A71,'[1]SQL DATA'!$B:$J,3,FALSE) -> GG - Maint. - Janitor Supplies | C71: =VLOOKUP(A71,'[1]SQL DATA'!$B:$K,10,FALSE) -> 494.06 | D71: =VLOOKUP(A71,'[1]SQL DATA'!$B:$J,9,FALSE) -> 702.89 | E71: =VLOOKUP(A71,'[1]SQL DATA'!$B:$J,7,FALSE) -> 184.9 | F71: =VLOOKUP(A71,'[1]SQL DATA'!$B:$J,6,FALSE) -> 134.95 | G71: 1000 | H71: 1000
A72: 510-490-100 | B72: =VLOOKUP(A72,'[1]SQL DATA'!$B:$J,3,FALSE) -> GG - Maint. - Office Equip R&M | C72: =VLOOKUP(A72,'[1]SQL DATA'!$B:$K,10,FALSE) -> 25220.66 | D72: =VLOOKUP(A72,'[1]SQL DATA'!$B:$J,9,FALSE) -> 25164.2 | E72: =VLOOKUP(A72,'[1]SQL DATA'!$B:$J,7,FALSE) -> 23814.67 | F72: =VLOOKUP(A72,'[1]SQL DATA'!$B:$J,6,FALSE) -> 12936.98 | G72: 27000 | H72: 27000
A73: Total Maintenance, Materials, and Supplies | C73: =SUM(C62:C72) -> 78374.87 | D73: =SUM(D62:D72) -> 72879.32 | E73: =SUM(E62:E72) -> 94024.85 | F73: =SUM(F62:F72) -> 64269.74 | G73: =SUM(G62:G72) -> 98770 | H73: =SUM(H62:H72) -> 111900
A75: Grants and Contributions:
A76: 510-500-110 | B76: =VLOOKUP(A76,'[1]SQL DATA'!$B:$J,3,FALSE) -> GG - Grants - Prov - Transit Disabled | C76: =VLOOKUP(A76,'[1]SQL DATA'!$B:$K,10,FALSE) -> 1522 | D76: =VLOOKUP(A76,'[1]SQL DATA'!$B:$J,9,FALSE) -> 1925 | E76: =VLOOKUP(A76,'[1]SQL DATA'!$B:$J,7,FALSE) -> 1759 | F76: =VLOOKUP(A76,'[1]SQL DATA'!$B:$J,6,FALSE) -> 2636 | G76: 1520 | H76: =H30 -> 1760
A77: Total Grants and Contributions | C77: =SUM(C76) -> 1522 | D77: =SUM(D76) -> 1925 | E77: =SUM(E76) -> 1759 | F77: =SUM(F76) -> 2636 | G77: =SUM(G76) -> 1520 | H77: =SUM(H76) -> 1760
A79: Amortization:
A80: 510-700-590 | B80: =VLOOKUP(A80,'[1]SQL DATA'!$B:$J,3,FALSE) -> GG - Amortization Expense | C80: =VLOOKUP(A80,'[1]SQL DATA'!$B:$K,10,FALSE) -> 3637 | D80: =VLOOKUP(A80,'[1]SQL DATA'!$B:$J,9,FALSE) -> 22039.57 | E80: =VLOOKUP(A80,'[1]SQL DATA'!$B:$J,7,FALSE) -> 23892.9 | F80: =VLOOKUP(A80,'[1]SQL DATA'!$B:$J,6,FALSE) -> 0 | G80: 0 | H80: 0
A81: Total Amortization | C81: =SUM(C80) -> 3637 | D81: =SUM(D80) -> 22039.57 | E81: =SUM(E80) -> 23892.9 | F81: =SUM(F80) -> 0 | G81: =SUM(G80) -> 0 | H81: =SUM(H80) -> 0
A83: Interest & Loan Repayments:
A84: 510-290-100 | B84: =VLOOKUP(A84,'[1]SQL DATA'!$B:$J,3,FALSE) -> GG - Cont. - Bank Charges & Interest | C84: =VLOOKUP(A84,'[1]SQL DATA'!$B:$K,10,FALSE) -> 3271.23 | D84: =VLOOKUP(A84,'[1]SQL DATA'!$B:$J,9,FALSE) -> 2974.81 | E84: =VLOOKUP(A84,'[1]SQL DATA'!$B:$J,7,FALSE) -> 2351.77 | F84: =VLOOKUP(A84,'[1]SQL DATA'!$B:$J,6,FALSE) -> 417.92 | G84: 3500 | H84: 3000
A85: Total Interest & Loan Repayments | C85: =SUM(C84) -> 3271.23 | D85: =SUM(D84) -> 2974.81 | E85: =SUM(E84) -> 2351.77 | F85: =SUM(F84) -> 417.92 | G85: =SUM(G84) -> 3500 | H85: =SUM(H84) -> 3000
A87: Other:
A88: 510-210-175 | B88: =VLOOKUP(A88,'[1]SQL DATA'!$B:$J,3,FALSE) -> GG - Travel & Related Expenses | C88: =VLOOKUP(A88,'[1]SQL DATA'!$B:$K,10,FALSE) -> 455.6 | D88: =VLOOKUP(A88,'[1]SQL DATA'!$B:$J,9,FALSE) -> 135 | E88: =VLOOKUP(A88,'[1]SQL DATA'!$B:$J,7,FALSE) -> 435.38 | F88: =VLOOKUP(A88,'[1]SQL DATA'!$B:$J,6,FALSE) -> 193 | G88: 2000 | H88: 2000
A89: 550-540-100 | B89: =VLOOKUP(A89,'[1]SQL DATA'!$B:$J,3,FALSE) -> H&W - Housing Authority Deficits | C89: =VLOOKUP(A89,'[1]SQL DATA'!$B:$K,10,FALSE) -> 0 | D89: =VLOOKUP(A89,'[1]SQL DATA'!$B:$J,9,FALSE) -> 2229.62 | E89: =VLOOKUP(A89,'[1]SQL DATA'!$B:$J,7,FALSE) -> 13201.08 | F89: =VLOOKUP(A89,'[1]SQL DATA'!$B:$J,6,FALSE) -> 0 | G89: 300 | H89: 5000
A90: Total Other | C90: =SUM(C88:C89) -> 455.6 | D90: =SUM(D88:D89) -> 2364.62 | E90: =SUM(E88:E89) -> 13636.46 | F90: =SUM(F88:F89) -> 193 | G90: =SUM(G88:G89) -> 2300 | H90: =SUM(H88:H89) -> 7000
A92: Capital Purchases
A93: 510-600-110 | B93: =VLOOKUP(A93,'[1]SQL DATA'!$B:$J,3,FALSE) -> GG - Purchase of Cap Assets - Land | C93: =VLOOKUP(A93,'[1]SQL DATA'!$B:$K,10,FALSE) -> 0 | D93: =VLOOKUP(A93,'[1]SQL DATA'!$B:$J,9,FALSE) -> 0 | E93: =VLOOKUP(A93,'[1]SQL DATA'!$B:$J,7,FALSE) -> 0 | F93: =VLOOKUP(A93,'[1]SQL DATA'!$B:$J,6,FALSE) -> 0 | G93: 0 | H93: 0
A94: 510-600-120 | B94: =VLOOKUP(A94,'[1]SQL DATA'!$B:$J,3,FALSE) -> GG - Purchase of Cap Assets - Building | C94: =VLOOKUP(A94,'[1]SQL DATA'!$B:$K,10,FALSE) -> 0 | D94: =VLOOKUP(A94,'[1]SQL DATA'!$B:$J,9,FALSE) -> 0 | E94: =VLOOKUP(A94,'[1]SQL DATA'!$B:$J,7,FALSE) -> 0 | F94: =VLOOKUP(A94,'[1]SQL DATA'!$B:$J,6,FALSE) -> 0 | G94: 0 | H94: 0
A95: 510-600-140 | B95: =VLOOKUP(A95,'[1]SQL DATA'!$B:$J,3,FALSE) -> GG - Purchase of Cap Assets - Equipment | C95: =VLOOKUP(A95,'[1]SQL DATA'!$B:$K,10,FALSE) -> 0 | D95: =VLOOKUP(A95,'[1]SQL DATA'!$B:$J,9,FALSE) -> 0 | E95: =VLOOKUP(A95,'[1]SQL DATA'!$B:$J,7,FALSE) -> 0 | F95: =VLOOKUP(A95,'[1]SQL DATA'!$B:$J,6,FALSE) -> 0 | G95: 0 | H95: 0
A96: Total Capital Purchases | C96: =SUM(C93:C95) -> 0 | D96: =SUM(D93:D95) -> 0 | E96: =SUM(E93:E95) -> 0 | F96: =SUM(F93:F95) -> 0 | G96: =SUM(G93:G95) -> 0 | H96: =SUM(H93:H95) -> 0
A98: Reserves
A99: 590-110-100 | B99: =VLOOKUP(A99,'[1]SQL DATA'!$B:$J,3,FALSE) -> Transfer to Reserves - GG | C99: =VLOOKUP(A99,'[1]SQL DATA'!$B:$K,10,FALSE) -> 1458.8 | D99: =VLOOKUP(A99,'[1]SQL DATA'!$B:$J,9,FALSE) -> 35178.37 | E99: =VLOOKUP(A99,'[1]SQL DATA'!$B:$J,7,FALSE) -> 344.7 | F99: =VLOOKUP(A99,'[1]SQL DATA'!$B:$J,6,FALSE) -> 0 | G99: 0
A101: Total Expenses | C101: =C43+C52+C59+C73+C77+C81+C85+C90+C96+C99 -> 370309.96 | D101: =D43+D52+D59+D73+D77+D81+D85+D90+D95+D99 -> 420073.46 | E101: =E43+E52+E59+E73+E77+E81+E85+E90+E95+E99 -> 442917.21 | F101: =F43+F52+F59+F73+F77+F81+F85+F90+F95+F99 -> 325856.6 | G101: =G43+G52+G59+G73+G77+G81+G85+G90+G95+G99 -> 440220 | H101: =H43+H52+H59+H73+H77+H81+H85+H90+H95+H99 -> 533479.94
A103: Surplus (Deficit) by Cost Centre | C103: =(C33)-C101 -> 1737621.9 | D103: =(D33)-D101 -> 1749127.5 | E103: =(E33)-E101 -> 1681912.9 | F103: =(F33)-F101 -> 1372816.9 | G103: =(G33)-G101 -> 1638310 | H103: =(H33)-H101 -> 1616780.1
C105: *used average of 3 years where it made sense to do so.
C106: * all wages have been calculated per wage grid

Sheet Council
C1: =+[1]Master!C3 -> 2019 | D1: =+[1]Master!D3 -> 2020 | E1: =+[1]Master!E3 -> 2021 | F1: =+[1]Master!F3 -> 2022 | G1: =+[1]Master!G3 -> 2021 | H1: =+[1]Master!H3 -> 2022
C2: =+[1]Master!C4 -> YTD | D2: =+[1]Master!D4 -> YTD | E2: =+[1]Master!E4 -> YTD | F2: =+[1]Master!F4 -> YTD | G2: =+[1]Master!G4 -> Budget | H2: =+[1]Master!H4 -> Budget
A3: Revenues
C4: 0 | D4: 0 | E4: 0 | F4: 0 | G4: 0 | H4: 0
A5: Total Revenues | C5: =SUM(C4) -> 0 | D5: =SUM(D4) -> 0 | E5: =SUM(E4) -> 0 | F5: =SUM(F4) -> 0 | G5: =SUM(G4) -> 0 | H5: =SUM(H4) -> 0
A7: Expenses
A9: Wages and Benefits:
A10: 510-110-110 | B10: =VLOOKUP(A10,'[1]SQL DATA'!$B:$J,3,FALSE) -> GG - Council - Indemnity | C10: =VLOOKUP(A10,'[1]SQL DATA'!$B:$K,10,FALSE) -> 32310 | D10: =VLOOKUP(A10,'[1]SQL DATA'!$B:$J,9,FALSE) -> 25248.92 | E10: =VLOOKUP(A10,'[1]SQL DATA'!$B:$J,7,FALSE) -> 44564 | F10: =VLOOKUP(A10,'[1]SQL DATA'!$B:$J,6,FALSE) -> 17220 | G10: 38000 | H10: 44600
A11: 510-120-110 | B11: =VLOOKUP(A11,'[1]SQL DATA'!$B:$J,3,FALSE) -> GG - Council - Benefits - CPP | C11: =VLOOKUP(A11,'[1]SQL DATA'!$B:$K,10,FALSE) -> 504.24 | D11: =VLOOKUP(A11,'[1]SQL DATA'!$B:$J,9,FALSE) -> 397.11 | E11: =VLOOKUP(A11,'[1]SQL DATA'!$B:$J,7,FALSE) -> 839.63 | F11: =VLOOKUP(A11,'[1]SQL DATA'!$B:$J,6,FALSE) -> 415.83 | G11: 810 | H11: 800
A12: 510-120-115 | B12: =VLOOKUP(A12,'[1]SQL DATA'!$B:$J,3,FALSE) -> GG - Council - Benefits - Group | C12: =VLOOKUP(A12,'[1]SQL DATA'!$B:$K,10,FALSE) -> 3193.87 | D12: =VLOOKUP(A12,'[1]SQL DATA'!$B:$J,9,FALSE) -> 4226.55 | E12: =VLOOKUP(A12,'[1]SQL DATA'!$B:$J,7,FALSE) -> 4682.94 | F12: =VLOOKUP(A12,'[1]SQL DATA'!$B:$J,6,FALSE) -> 3092.94 | G12: 8400 | H12: 8400
A13: Total Wages and Benefits | C13: =SUM(C10:C12) -> 36008.11 | D13: =SUM(D10:D12) -> 29872.58 | E13: =SUM(E10:E12) -> 50086.57 | F13: =SUM(F10:F12) -> 20728.77 | G13: =SUM(G10:G12) -> 47210 | H13: =SUM(H10:H12) -> 53800
A15: Maintenance, Materials, and Supplies:
A16: 510-210-160 | B16: =VLOOKUP(A16,'[1]SQL DATA'!$B:$J,3,FALSE) -> GG - Council Discretionary Fund | C16: =VLOOKUP(A16,'[1]SQL DATA'!$B:$K,10,FALSE) -> 6961.57 | D16: =VLOOKUP(A16,'[1]SQL DATA'!$B:$J,9,FALSE) -> 3227.27 | E16: =VLOOKUP(A16,'[1]SQL DATA'!$B:$J,7,FALSE) -> 6732.33 | F16: =VLOOKUP(A16,'[1]SQL DATA'!$B:$J,6,FALSE) -> 975.96 | G16: 7500 | H16: 7500
A17: Total Maintenance, Materials, and Supplies | C17: =SUM(C16:C16) -> 6961.57 | D17: =SUM(D16:D16) -> 3227.27 | E17: =SUM(E16:E16) -> 6732.33 | F17: =SUM(F16:F16) -> 975.96 | G17: =SUM(G16:G16) -> 7500 | H17: =SUM(H16:H16) -> 7500
B19: Special Events Expenses | C19: 0 | D19: 0 | E19: 0 | F19: 0 | G19: 0 | H19: 0
A21: Other:
A22: 510-210-110 | B22: =VLOOKUP(A22,'[1]SQL DATA'!$B:$J,3,FALSE) -> GG - Council Travel & Meals | C22: =VLOOKUP(A22,'[1]SQL DATA'!$B:$K,10,FALSE) -> 1330 | D22: =VLOOKUP(A22,'[1]SQL DATA'!$B:$J,9,FALSE) -> 2025 | E22: =VLOOKUP(A22,'[1]SQL DATA'!$B:$J,7,FALSE) -> 1699.5 | F22: =VLOOKUP(A22,'[1]SQL DATA'!$B:$J,6,FALSE) -> 1225 | G22: 5000 | H22: 5000
A23: 510-210-140 | B23: =VLOOKUP(A23,'[1]SQL DATA'!$B:$J,3,FALSE) -> GG - Council - Conferences/Travel/Meals | C23: =VLOOKUP(A23,'[1]SQL DATA'!$B:$K,10,FALSE) -> 0 | D23: =VLOOKUP(A23,'[1]SQL DATA'!$B:$J,9,FALSE) -> 869.5 | E23: =VLOOKUP(A23,'[1]SQL DATA'!$B:$J,7,FALSE) -> 160 | F23: =VLOOKUP(A23,'[1]SQL DATA'!$B:$J,6,FALSE) -> 1927.08 | G23: 3000 | H23: 3000
A24: 510-210-150 | B24: =VLOOKUP(A24,'[1]SQL DATA'!$B:$J,3,FALSE) -> GG - Council - Convention/Travel/Meals | C24: =VLOOKUP(A24,'[1]SQL DATA'!$B:$K,10,FALSE) -> 5604.02 | D24: =VLOOKUP(A24,'[1]SQL DATA'!$B:$J,9,FALSE) -> 1935 | E24: =VLOOKUP(A24,'[1]SQL DATA'!$B:$J,7,FALSE) -> 0 | F24: =VLOOKUP(A24,'[1]SQL DATA'!$B:$J,6,FALSE) -> 3102.73 | G24: 4500 | H24: 4500
A25: Total Other | C25: =SUM(C22:C24) -> 6934.02 | D25: =SUM(D22:D24) -> 4829.5 | E25: =SUM(E22:E24) -> 1859.5 | F25: =SUM(F22:F24) -> 6254.81 | G25: =SUM(G22:G24) -> 12500 | H25: =SUM(H19:H24) -> 12500
A27: Total Expenses | C27: =C13+C17+C19+C25 -> 49903.7 | D27: =D13+D17+D19+D25 -> 37929.35 | E27: =E13+E17+E19+E25 -> 58678.4 | F27: =F13+F17+F19+F25 -> 27959.54 | G27: =G13+G17+G19+G25 -> 67210 | H27: =H13+H17+H19+H25 -> 73800
A29: Surplus (Deficit) by Cost Centre | C29: =(C5)-C27 -> -49903.7 | D29: =(D5)-D27 -> -37929.35 | E29: =(E5)-E27 -> -58678.4 | F29: =(F5)-F27 -> -27959.54 | G29: =(G5)-G27 -> -67210 | H29: =(H5)-H27 -> -73800

Sheet Fire Dept
C1: 2019 | D1: 2020 | E1: 2021 | F1: 2022 | G1: 2021 | H1: 2022
C2: YTD | D2: YTD | E2: YTD | F2: YTD | G2: Budget | H2: Budget
A3: Revenues
A4: Reserves
A5: 490-100-105 | B5: =VLOOKUP(A5,'[1]SQL DATA'!$B:$J,3,FALSE) -> Transfer from Reserves - Fire | C5: =VLOOKUP(A5,'[1]SQL DATA'!$B:$K,10,FALSE) -> 0 | D5: =VLOOKUP(A5,'[1]SQL DATA'!$B:$J,9,FALSE) -> 0 | E5: =VLOOKUP(A5,'[1]SQL DATA'!$B:$J,7,FALSE) -> 20212.5 | F5: =VLOOKUP(A5,'[1]SQL DATA'!$B:$J,6,FALSE) -> 0 | G5: 0 | H5: 0
A6: Total Transfers from Reserves | C6: =+C5 -> 0 | D6: =+D5 -> 0 | E6: =+E5 -> 20212.5 | F6: =+F5 -> 0 | G6: =+G5 -> 0 | H6: =+H5 -> 0
A8: Fees and Charges:
A9: 420-400-300 | B9: =VLOOKUP(A9,'[1]SQL DATA'!$B:$J,3,FALSE) -> F&C - Fire Fees | C9: =VLOOKUP(A9,'[1]SQL DATA'!$B:$K,10,FALSE) -> 11304.89 | D9: =VLOOKUP(A9,'[1]SQL DATA'!$B:$J,9,FALSE) -> 1150 | E9: =VLOOKUP(A9,'[1]SQL DATA'!$B:$J,7,FALSE) -> 118.75 | F9: =VLOOKUP(A9,'[1]SQL DATA'!$B:$J,6,FALSE) -> 0 | G9: 1000 | H9: 1000
A10: 420-400-305 | B10: =VLOOKUP(A10,'[1]SQL DATA'!$B:$J,3,FALSE) -> F&C - Fire Fees recovered by RM | C10: =VLOOKUP(A10,'[1]SQL DATA'!$B:$K,10,FALSE) -> 42410.59 | D10: =VLOOKUP(A10,'[1]SQL DATA'!$B:$J,9,FALSE) -> 40893.39 | E10: =VLOOKUP(A10,'[1]SQL DATA'!$B:$J,7,FALSE) -> 43210.84 | F10: =VLOOKUP(A10,'[1]SQL DATA'!$B:$J,6,FALSE) -> 15497.49 | G10: 25000 | H10: 42170
A11: Total Fees and Charges | C11: =SUM(C9:C10) -> 53715.48 | D11: =SUM(D9:D10) -> 42043.39 | E11: =SUM(E9:E10) -> 43329.59 | F11: =SUM(F9:F10) -> 15497.49 | G11: =SUM(G9:G10) -> 26000 | H11: =SUM(H9:H10) -> 43170
A13: Total Revenues | C13: =+C11+C6 -> 53715.48 | D13: =+D11+D6 -> 42043.39 | E13: =+E11+E6 -> 63542.09 | F13: =+F11+F6 -> 15497.49 | G13: =+G11+G6 -> 26000 | H13: =+H11+H6 -> 43170
A15: Expenses
A16: Wages and Benefits:
A17: 525-110-120 | B17: =VLOOKUP(A17,'[1]SQL DATA'!$B:$J,3,FALSE) -> PS - Fire - Salaries | C17: =VLOOKUP(A17,'[1]SQL DATA'!$B:$K,10,FALSE) -> 12479.9 | D17: =VLOOKUP(A17,'[1]SQL DATA'!$B:$J,9,FALSE) -> 9922.54 | E17: =VLOOKUP(A17,'[1]SQL DATA'!$B:$J,7,FALSE) -> 10072.08 | F17: =VLOOKUP(A17,'[1]SQL DATA'!$B:$J,6,FALSE) -> 1319.36 | G17: 7160 | H17: =7500-80-670 -> 6750
A18: 525-120-114 | B18: =VLOOKUP(A18,'[1]SQL DATA'!$B:$J,3,FALSE) -> PS - Fire - Benefits - WCB | C18: =VLOOKUP(A18,'[1]SQL DATA'!$B:$K,10,FALSE) -> 42.08 | D18: =VLOOKUP(A18,'[1]SQL DATA'!$B:$J,9,FALSE) -> 49.15 | E18: =VLOOKUP(A18,'[1]SQL DATA'!$B:$J,7,FALSE) -> 83.72 | F18: =VLOOKUP(A18,'[1]SQL DATA'!$B:$J,6,FALSE) -> 60.39 | G18: 40 | H18: 80
A19: 525-120-115 | B19: =VLOOKUP(A19,'[1]SQL DATA'!$B:$J,3,FALSE) -> PS - Fire - Benefits - Group | C19: =VLOOKUP(A19,'[1]SQL DATA'!$B:$K,10,FALSE) -> 295.08 | D19: =VLOOKUP(A19,'[1]SQL DATA'!$B:$J,9,FALSE) -> 669.9 | E19: =VLOOKUP(A19,'[1]SQL DATA'!$B:$J,7,FALSE) -> 673.52 | F19: =VLOOKUP(A19,'[1]SQL DATA'!$B:$J,6,FALSE) -> 704 | G19: 300 | H19: 670
A20: Total Wages and Benefits | C20: =SUM(C17:C19) -> 12817.06 | D20: =SUM(D17:D19) -> 10641.59 | E20: =SUM(E17:E19) -> 10829.32 | F20: =SUM(F17:F19) -> 2083.75 | G20: =SUM(G17:G19) -> 7500 | H20: =SUM(H17:H19) -> 7500
A22: Professional/Contractual Services:
A23: 525-210-110 | B23: =VLOOKUP(A23,'[1]SQL DATA'!$B:$J,3,FALSE) -> PS - Fire - Contracted Services | C23: =VLOOKUP(A23,'[1]SQL DATA'!$B:$K,10,FALSE) -> 1106.25 | D23: =VLOOKUP(A23,'[1]SQL DATA'!$B:$J,9,FALSE) -> 1518.75 | E23: =VLOOKUP(A23,'[1]SQL DATA'!$B:$J,7,FALSE) -> 1398.08 | F23: =VLOOKUP(A23,'[1]SQL DATA'!$B:$J,6,FALSE) -> 600 | G23: 3400 | H23: 4500
A24: Total Professional/Contractual Services | C24: =SUM(C23) -> 1106.25 | D24: =SUM(D23) -> 1518.75 | E24: =SUM(E23) -> 1398.08 | F24: =SUM(F23) -> 600 | G24: =SUM(G23) -> 3400 | H24: =SUM(H23) -> 4500
A26: Utilities:
A27: 525-300-140 | B27: =VLOOKUP(A27,'[1]SQL DATA'!$B:$J,3,FALSE) -> PS - Fire - Utility - Telephone | C27: =VLOOKUP(A27,'[1]SQL DATA'!$B:$K,10,FALSE) -> 4354.26 | D27: =VLOOKUP(A27,'[1]SQL DATA'!$B:$J,9,FALSE) -> 4683.79 | E27: =VLOOKUP(A27,'[1]SQL DATA'!$B:$J,7,FALSE) -> 5234.14 | F27: =VLOOKUP(A27,'[1]SQL DATA'!$B:$J,6,FALSE) -> 1752.36 | G27: 4700 | H27: 3250
A28: Total Utilities | C28: =+C27 -> 4354.26 | D28: =+D27 -> 4683.79 | E28: =+E27 -> 5234.14 | F28: =+F27 -> 1752.36 | G28: =+G27 -> 4700 | H28: =+H27 -> 3250
A30: Maintenance, Materials, and Supplies:
A31: 525-210-170 | B31: =VLOOKUP(A31,'[1]SQL DATA'!$B:$J,3,FALSE) -> PS - Fire - Training | C31: =VLOOKUP(A31,'[1]SQL DATA'!$B:$K,10,FALSE) -> 373.68 | D31: =VLOOKUP(A31,'[1]SQL DATA'!$B:$J,9,FALSE) -> 0 | E31: =VLOOKUP(A31,'[1]SQL DATA'!$B:$J,7,FALSE) -> 0 | F31: =VLOOKUP(A31,'[1]SQL DATA'!$B:$J,6,FALSE) -> 412.5 | G31: 2500 | H31: 3750
A32: 525-230-100 | B32: =VLOOKUP(A32,'[1]SQL DATA'!$B:$J,3,FALSE) -> PS - Fire - Insurance | C32: =VLOOKUP(A32,'[1]SQL DATA'!$B:$K,10,FALSE) -> 397.01 | D32: =VLOOKUP(A32,'[1]SQL DATA'!$B:$J,9,FALSE) -> 378.95 | E32: =VLOOKUP(A32,'[1]SQL DATA'!$B:$J,7,FALSE) -> 437.25 | F32: =VLOOKUP(A32,'[1]SQL DATA'!$B:$J,6,FALSE) -> 437.25 | G32: 440 | H32: 1750
A33: 525-240-100 | B33: =VLOOKUP(A33,'[1]SQL DATA'!$B:$J,3,FALSE) -> PS - Fire - Memberships/Subscriptions | C33: =VLOOKUP(A33,'[1]SQL DATA'!$B:$K,10,FALSE) -> 1846 | D33: =VLOOKUP(A33,'[1]SQL DATA'!$B:$J,9,FALSE) -> 1221.85 | E33: =VLOOKUP(A33,'[1]SQL DATA'!$B:$J,7,FALSE) -> 277.43 | F33: =VLOOKUP(A33,'[1]SQL DATA'!$B:$J,6,FALSE) -> 2336.35 | G33: 1000 | H33: 500
A34: 525-430-100 | B34: =VLOOKUP(A34,'[1]SQL DATA'!$B:$J,3,FALSE) -> PS - Fire Vehi/Equip. Repair/Parts/Tools | C34: =VLOOKUP(A34,'[1]SQL DATA'!$B:$K,10,FALSE) -> 189.9 | D34: =VLOOKUP(A34,'[1]SQL DATA'!$B:$J,9,FALSE) -> 0 | E34: =VLOOKUP(A34,'[1]SQL DATA'!$B:$J,7,FALSE) -> 963.05 | F34: =VLOOKUP(A34,'[1]SQL DATA'!$B:$J,6,FALSE) -> 4101.77 | G34: 1750 | H34: 5000
A35: 525-430-110 | B35: =VLOOKUP(A35,'[1]SQL DATA'!$B:$J,3,FALSE) -> PS - Fire - Oil & Gas | C35: =VLOOKUP(A35,'[1]SQL DATA'!$B:$K,10,FALSE) -> 1656.29 | D35: =VLOOKUP(A35,'[1]SQL DATA'!$B:$J,9,FALSE) -> 1184.97 | E35: =VLOOKUP(A35,'[1]SQL DATA'!$B:$J,7,FALSE) -> 2191.04 | F35: =VLOOKUP(A35,'[1]SQL DATA'!$B:$J,6,FALSE) -> 1287.52 | G35: 1750 | H35: 1750
A36: 525-440-100 | B36: =VLOOKUP(A36,'[1]SQL DATA'!$B:$J,3,FALSE) -> PS - Fire - Small Tools/Equipment | C36: =VLOOKUP(A36,'[1]SQL DATA'!$B:$K,10,FALSE) -> 35.06 | D36: =VLOOKUP(A36,'[1]SQL DATA'!$B:$J,9,FALSE) -> 5032.34 | E36: =VLOOKUP(A36,'[1]SQL DATA'!$B:$J,7,FALSE) -> 18525.89 | F36: =VLOOKUP(A36,'[1]SQL DATA'!$B:$J,6,FALSE) -> 1227.72 | G36: 8500 | H36: 10000
A37: 525-450-100 | B37: =VLOOKUP(A37,'[1]SQL DATA'!$B:$J,3,FALSE) -> PS - Fire - Material & Supplies | C37: =VLOOKUP(A37,'[1]SQL DATA'!$B:$K,10,FALSE) -> 6116.25 | D37: =VLOOKUP(A37,'[1]SQL DATA'!$B:$J,9,FALSE) -> 5300.03 | E37: =VLOOKUP(A37,'[1]SQL DATA'!$B:$J,7,FALSE) -> 1006 | F37: =VLOOKUP(A37,'[1]SQL DATA'!$B:$J,6,FALSE) -> 1258.85 | G37: 20500 | H37: =7500 -> 7500
A38: Total Maintenance, Materials, and Supplies | C38: =SUM(C31:C37) -> 10614.19 | D38: =SUM(D31:D37) -> 13118.14 | E38: =SUM(E31:E37) -> 23400.66 | F38: =SUM(F31:F37) -> 11061.96 | G38: =SUM(G31:G37) -> 36440 | H38: =SUM(H31:H37) -> 30250
A40: Amortization:
A41: 525-600-590 | B41: =VLOOKUP(A41,'[1]SQL DATA'!$B:$J,3,FALSE) -> PS - Fire - Amortization Expense | C41: =VLOOKUP(A41,'[1]SQL DATA'!$B:$K,10,FALSE) -> 5109 | D41: =VLOOKUP(A41,'[1]SQL DATA'!$B:$J,9,FALSE) -> 7671.3 | E41: =VLOOKUP(A41,'[1]SQL DATA'!$B:$J,7,FALSE) -> 8399.47 | F41: =VLOOKUP(A41,'[1]SQL DATA'!$B:$J,6,FALSE) -> 0 | G41: 0 | H41: 0
A42: Total Amortization | C42: =SUM(C41) -> 5109 | D42: =SUM(D41) -> 7671.3 | E42: =SUM(E41) -> 8399.47 | F42: =SUM(F41) -> 0 | G42: =SUM(G41) -> 0 | H42: =SUM(H41) -> 0
A44: Other:
A45: 525-220-100 | B45: =VLOOKUP(A45,'[1]SQL DATA'!$B:$J,3,FALSE) -> PS - Fire - Travel, Meals & Subsistence | C45: =VLOOKUP(A45,'[1]SQL DATA'!$B:$K,10,FALSE) -> 0 | D45: =VLOOKUP(A45,'[1]SQL DATA'!$B:$J,9,FALSE) -> 0 | E45: =VLOOKUP(A45,'[1]SQL DATA'!$B:$J,7,FALSE) -> 0 | F45: =VLOOKUP(A45,'[1]SQL DATA'!$B:$J,6,FALSE) -> 0 | G45: 500 | H45: 380
A46: Total Other | C46: =+C45 -> 0 | D46: =+D45 -> 0 | E46: =+E45 -> 0 | F46: =+F45 -> 0 | G46: =+G45 -> 500 | H46: =+H45 -> 380
A48: 525-600-140 | B48: =VLOOKUP(A48,'[1]SQL DATA'!$B:$J,3,FALSE) -> PS - Fire - Pur of Cap Assets - Equip | C48: =VLOOKUP(A48,'[1]SQL DATA'!$B:$K,10,FALSE) -> 0 | D48: =VLOOKUP(A48,'[1]SQL DATA'!$B:$J,9,FALSE) -> 0 | E48: =VLOOKUP(A48,'[1]SQL DATA'!$B:$J,7,FALSE) -> 0 | F48: =VLOOKUP(A48,'[1]SQL DATA'!$B:$J,6,FALSE) -> 1007.62 | G48: 0 | H48: 0
A49: 590-110-110 | B49: =VLOOKUP(A49,'[1]SQL DATA'!$B:$J,3,FALSE) -> Transfer to Reserves - Fire/EMO | C49: =VLOOKUP(A49,'[1]SQL DATA'!$B:$K,10,FALSE) -> 13000 | D49: =VLOOKUP(A49,'[1]SQL DATA'!$B:$J,9,FALSE) -> 13000 | E49: =VLOOKUP(A49,'[1]SQL DATA'!$B:$J,7,FALSE) -> 8000 | F49: =VLOOKUP(A49,'[1]SQL DATA'!$B:$J,6,FALSE) -> 0 | G49: 8000 | H49: 15000
B50: SubTotal | C50: =SUM(C48:C49) -> 13000 | D50: =SUM(D48:D49) -> 13000 | E50: =SUM(E48:E49) -> 8000 | F50: =SUM(F48:F49) -> 1007.62 | G50: =SUM(G48:G49) -> 8000 | H50: =SUM(H48:H49) -> 15000
A52: Total Expenses | C52: =+C50+C46+C42+C38+C28+C24+C20 -> 47000.76 | D52: =+D50+D46+D42+D38+D28+D24+D20 -> 50633.57 | E52: =+E50+E46+E42+E38+E28+E24+E20 -> 57261.67 | F52: =+F50+F46+F42+F38+F28+F24+F20 -> 16505.69 | G52: =+G50+G46+G42+G38+G28+G24+G20 -> 60540 | H52: =+H50+H46+H42+H38+H28+H24+H20 -> 60880
A53: Surplus (Deficit) by Cost Centre | C53: =(+C13)-C52 -> 6714.72 | D53: =(+D13)-D52 -> -8590.18 | E53: =(+E13)-E52 -> 6280.42 | F53: =(+F13)-F52 -> -1008.2 | G53: =(+G13)-G52 -> -34540 | H53: =(+H13)-H52 -> -17710
B54: 50% of budget provided by FD
B55: Reserves per policy

Sheet Building Inspection
C1: 2019 | D1: 2020 | E1: 2021 | F1: 2022 | G1: 2021 | H1: 2022
C2: YTD | D2: YTD | E2: YTD | F2: YTD | G2: Budget | H2: Budget
A3: Revenues
A4: Fees and Charges:
A5: 420-710-100 | B5: =VLOOKUP(A5,'[1]SQL DATA'!$B:$J,3,FALSE) -> F&C - Building Permit Fee | C5: =VLOOKUP(A5,'[1]SQL DATA'!$B:$K,10,FALSE) -> 5234.6 | D5: =VLOOKUP(A5,'[1]SQL DATA'!$B:$J,9,FALSE) -> 6429.76 | E5: =VLOOKUP(A5,'[1]SQL DATA'!$B:$J,7,FALSE) -> 10918.71 | F5: =VLOOKUP(A5,'[1]SQL DATA'!$B:$J,6,FALSE) -> 18694.82 | G5: 10000 | H5: 7530
A6: 420-710-105 | B6: =VLOOKUP(A6,'[1]SQL DATA'!$B:$J,3,FALSE) -> F&C - Development &/or Discretionary Use | C6: =VLOOKUP(A6,'[1]SQL DATA'!$B:$K,10,FALSE) -> 600 | D6: =VLOOKUP(A6,'[1]SQL DATA'!$B:$J,9,FALSE) -> 500 | E6: =VLOOKUP(A6,'[1]SQL DATA'!$B:$J,7,FALSE) -> 4883.7 | F6: =VLOOKUP(A6,'[1]SQL DATA'!$B:$J,6,FALSE) -> 605.07 | G6: 1000 | H6: 1990
A7: Total Fees and Charges | C7: =SUM(C5:C6) -> 5834.6 | D7: =SUM(D5:D6) -> 6929.76 | E7: =SUM(E5:E6) -> 15802.41 | F7: =SUM(F5:F6) -> 19299.89 | G7: =SUM(G5:G6) -> 11000 | H7: =SUM(H5:H6) -> 9520
A9: Total Revenues | C9: =+C7 -> 5834.6 | D9: =+D7 -> 6929.76 | E9: =+E7 -> 15802.41 | F9: =+F7 -> 19299.89 | G9: =+G7 -> 11000 | H9: =+H7 -> 9520
A11: Expenses
A12: Professional/Contractual Services:
A13: 520-210-110 | B13: =VLOOKUP(A13,'[1]SQL DATA'!$B:$J,3,FALSE) -> PS - Building Inspections | C13: =VLOOKUP(A13,'[1]SQL DATA'!$B:$K,10,FALSE) -> 4177.25 | D13: =VLOOKUP(A13,'[1]SQL DATA'!$B:$J,9,FALSE) -> 6632.14 | E13: =VLOOKUP(A13,'[1]SQL DATA'!$B:$J,7,FALSE) -> 12326.4 | F13: =VLOOKUP(A13,'[1]SQL DATA'!$B:$J,6,FALSE) -> 19698.33 | G13: 7500 | H13: 8050
A14: Total Professional/Contractual Services | C14: =+C13 -> 4177.25 | D14: =+D13 -> 6632.14 | E14: =+E13 -> 12326.4 | F14: =+F13 -> 19698.33 | G14: =+G13 -> 7500 | H14: =+H13 -> 8050
A16: Total Expenses | C16: =+C14 -> 4177.25 | D16: =+D14 -> 6632.14 | E16: =+E14 -> 12326.4 | F16: =+F14 -> 19698.33 | G16: =+G14 -> 7500 | H16: =+H14 -> 8050
A18: Surplus (Deficit) by Cost Centre | C18: =(+C9)-C16 -> 1657.35 | D18: =(+D9)-D16 -> 297.62 | E18: =(+E9)-E16 -> 3476.01 | F18: =(+F9)-F16 -> -398.44 | G18: =(+G9)-G16 -> 3500 | H18: =(+H9)-H16 -> 1470
B20: Averaged revenue & expenses over 3 years

Sheet Bylaw Enforcement
C1: 2019 | D1: 2020 | E1: 2021 | F1: 2022 | G1: 2021 | H1: 2022
C2: YTD | D2: YTD | E2: YTD | F2: YTD | G2: Budget | H2: Budget
A3: Revenues
A4: Reserves:
B5: Transfer from Reserves | C5: 0 | D5: 0 | E5: 0 | F5: 0 | G5: 0 | H5: 0
A6: Total Transfers from Reserves | C6: =SUM(C5) -> 0 | D6: =SUM(D5) -> 0 | E6: =SUM(E5) -> 0 | F6: =SUM(F5) -> 0 | G6: =SUM(G5) -> 0 | H6: =SUM(H5) -> 0
A8: Fees and Charges:
A9: 420-700-200 | B9: =VLOOKUP(A9,'[1]SQL DATA'!$B:$J,3,FALSE) -> F&C - Licenses - Business | C9: =VLOOKUP(A9,'[1]SQL DATA'!$B:$K,10,FALSE) -> 5110 | D9: =VLOOKUP(A9,'[1]SQL DATA'!$B:$J,9,FALSE) -> 5255.55 | E9: =VLOOKUP(A9,'[1]SQL DATA'!$B:$J,7,FALSE) -> 2489.68 | F9: =VLOOKUP(A9,'[1]SQL DATA'!$B:$J,6,FALSE) -> 2155 | G9: 5250 | H9: 4280
A10: 420-700-205 | B10: =VLOOKUP(A10,'[1]SQL DATA'!$B:$J,3,FALSE) -> F&C - Licenses - Intermunicipal Business | C10: =VLOOKUP(A10,'[1]SQL DATA'!$B:$K,10,FALSE) -> 250 | D10: =VLOOKUP(A10,'[1]SQL DATA'!$B:$J,9,FALSE) -> 0 | E10: =VLOOKUP(A10,'[1]SQL DATA'!$B:$J,7,FALSE) -> 1208.33 | F10: =VLOOKUP(A10,'[1]SQL DATA'!$B:$J,6,FALSE) -> 1441.66 | G10: 500 | H10: 610
A11: 420-700-210 | B11: =VLOOKUP(A11,'[1]SQL DATA'!$B:$J,3,FALSE) -> F&C - Licenses - Pets | C11: =VLOOKUP(A11,'[1]SQL DATA'!$B:$K,10,FALSE) -> 2715 | D11: =VLOOKUP(A11,'[1]SQL DATA'!$B:$J,9,FALSE) -> 1325 | E11: =VLOOKUP(A11,'[1]SQL DATA'!$B:$J,7,FALSE) -> 1530 | F11: =VLOOKUP(A11,'[1]SQL DATA'!$B:$J,6,FALSE) -> 1200 | G11: 1300 | H11: 1860
A12: Total Fees and Charges | C12: =SUM(C9:C11) -> 8075 | D12: =SUM(D9:D11) -> 6580.55 | E12: =SUM(E9:E11) -> 5228.01 | F12: =SUM(F9:F11) -> 4796.66 | G12: =SUM(G9:G11) -> 7050 | H12: =SUM(H9:H11) -> 6750
A14: Total Revenues | C14: =C6+C12 -> 8075 | D14: =D6+D12 -> 6580.55 | E14: =E6+E12 -> 5228.01 | F14: =F6+F12 -> 4796.66 | G14: =G6+G12 -> 7050 | H14: =H6+H12 -> 6750
A16: Expenses
A17: Wages and Benefits:
A18: 520-110-110 | B18: =VLOOKUP(A18,'[1]SQL DATA'!$B:$J,3,FALSE) -> PS - Bylaw Enforcement - Salaries | C18: =VLOOKUP(A18,'[1]SQL DATA'!$B:$K,10,FALSE) -> 0 | D18: =VLOOKUP(A18,'[1]SQL DATA'!$B:$J,9,FALSE) -> 23.16 | E18: =VLOOKUP(A18,'[1]SQL DATA'!$B:$J,7,FALSE) -> 4350 | F18: =VLOOKUP(A18,'[1]SQL DATA'!$B:$J,6,FALSE) -> 0 | G18: 4350 | H18: 0
A19: 520-120-110 | B19: =VLOOKUP(A19,'[1]SQL DATA'!$B:$J,3,FALSE) -> PS - Bylaw Enforcement - Benefits | C19: =VLOOKUP(A19,'[1]SQL DATA'!$B:$K,10,FALSE) -> 0 | D19: =VLOOKUP(A19,'[1]SQL DATA'!$B:$J,9,FALSE) -> 5.29 | E19: =VLOOKUP(A19,'[1]SQL DATA'!$B:$J,7,FALSE) -> 560 | F19: =VLOOKUP(A19,'[1]SQL DATA'!$B:$J,6,FALSE) -> 0 | G19: 560 | H19: 0
A20: Total Wages and Benefits | C20: =SUM(C18:C19) -> 0 | D20: =SUM(D18:D19) -> 28.45 | E20: =SUM(E18:E19) -> 4910 | F20: =SUM(F18:F19) -> 0 | G20: =SUM(G18:G19) -> 4910 | H20: =SUM(H18:H19) -> 0
A22: Professional/Contractual Services:
A23: 520-210-120 | B23: =VLOOKUP(A23,'[1]SQL DATA'!$B:$J,3,FALSE) -> PS - Bylaw Contracted Services | C23: =VLOOKUP(A23,'[1]SQL DATA'!$B:$K,10,FALSE) -> 10400 | D23: =VLOOKUP(A23,'[1]SQL DATA'!$B:$J,9,FALSE) -> 20700 | E23: =VLOOKUP(A23,'[1]SQL DATA'!$B:$J,7,FALSE) -> 7050 | F23: =VLOOKUP(A23,'[1]SQL DATA'!$B:$J,6,FALSE) -> 641 | G23: 6000 | H23: 0
A24: 520-210-125 | B24: =VLOOKUP(A24,'[1]SQL DATA'!$B:$J,3,FALSE) -> PS - Bylaw Enforcement - Other | C24: =VLOOKUP(A24,'[1]SQL DATA'!$B:$K,10,FALSE) -> 1453.55 | D24: =VLOOKUP(A24,'[1]SQL DATA'!$B:$J,9,FALSE) -> 1894.61 | E24: =VLOOKUP(A24,'[1]SQL DATA'!$B:$J,7,FALSE) -> 3538.44 | F24: =VLOOKUP(A24,'[1]SQL DATA'!$B:$J,6,FALSE) -> 250.84 | G24: 2000 | H24: 0
A25: Total Professional/Contractual Services | C25: =SUM(C23:C24) -> 11853.55 | D25: =SUM(D23:D24) -> 22594.61 | E25: =SUM(E23:E24) -> 10588.44 | F25: =SUM(F23:F24) -> 891.84 | G25: =SUM(G23:G24) -> 8000 | H25: =SUM(H23:H24) -> 0
A27: Maintenance, Materials, and Supplies:
A28: 520-420-100 | B28: =VLOOKUP(A28,'[1]SQL DATA'!$B:$J,3,FALSE) -> PS - Materials & Supplies | C28: =VLOOKUP(A28,'[1]SQL DATA'!$B:$K,10,FALSE) -> 102.85 | D28: =VLOOKUP(A28,'[1]SQL DATA'!$B:$J,9,FALSE) -> 89.72 | E28: =VLOOKUP(A28,'[1]SQL DATA'!$B:$J,7,FALSE) -> 0 | F28: =VLOOKUP(A28,'[1]SQL DATA'!$B:$J,6,FALSE) -> 97.64 | G28: 1100 | H28: 0
A29: Total Maintenance, Materials, and Supplies | C29: =+C28 -> 102.85 | D29: =+D28 -> 89.72 | E29: =+E28 -> 0 | F29: =+F28 -> 97.64 | G29: =+G28 -> 1100 | H29: =+H28 -> 0
A31: Total Expenses | C31: =+C29+C25+C20 -> 11956.4 | D31: =+D29+D25+D20 -> 22712.78 | E31: =+E29+E25+E20 -> 15498.44 | F31: =+F29+F25+F20 -> 989.48 | G31: =+G29+G25+G20 -> 14010 | H31: =+H29+H25+H20 -> 0
A33: Surplus (Deficit) by Cost Centre | C33: =(+C14)-C31 -> -3881.4 | D33: =(+D14)-D31 -> -16132.23 | E33: =(+E14)-E31 -> -10270.43 | F33: =(+F14)-F31 -> 3807.18 | G33: =(+G14)-G31 -> -6960 | H33: =(+H14)-H31 -> 6750
B35: Averaged revenue & expenses over 3 years

Sheet Protective Services
C1: 2019 | D1: 2020 | E1: 2021 | F1: 2022 | G1: 2021 | H1: 2022
C2: YTD | D2: YTD | E2: YTD | F2: YTD | G2: Budget | H2: Budget
A3: Revenues
A4: Reserves:
A5: 490-100-195 | B5: =VLOOKUP(A5,'[1]SQL DATA'!$B:$J,3,FALSE) -> Transfer from Reserves - PS | C5: 0 | D5: 0 | E5: 0 | F5: 0 | G5: 0 | H5: 0
A6: Total Transfers from Reserves | C6: =SUM(C5) -> 0 | D6: =SUM(D5) -> 0 | E6: =SUM(E5) -> 0 | F6: =SUM(F5) -> 0 | G6: =SUM(G5) -> 0 | H6: =SUM(H5) -> 0
A8: Revenues
A9: Fees and Charges:
A10: 420-400-100 | B10: =VLOOKUP(A10,'[1]SQL DATA'!$B:$J,3,FALSE) -> F&C - Criminal Record Check Fees | C10: =VLOOKUP(A10,'[1]SQL DATA'!$B:$K,10,FALSE) -> 2320 | D10: =VLOOKUP(A10,'[1]SQL DATA'!$B:$J,9,FALSE) -> 540 | E10: =VLOOKUP(A10,'[1]SQL DATA'!$B:$J,7,FALSE) -> 0 | F10: =VLOOKUP(A10,'[1]SQL DATA'!$B:$J,6,FALSE) -> 0 | G10: 0 | H10: 0
A11: 420-400-110 | B11: =VLOOKUP(A11,'[1]SQL DATA'!$B:$J,3,FALSE) -> F&C - Policing Fees - Fines | C11: =VLOOKUP(A11,'[1]SQL DATA'!$B:$K,10,FALSE) -> 9513.54 | D11: =VLOOKUP(A11,'[1]SQL DATA'!$B:$J,9,FALSE) -> 11342.41 | E11: =VLOOKUP(A11,'[1]SQL DATA'!$B:$J,7,FALSE) -> 9107.56 | F11: =VLOOKUP(A11,'[1]SQL DATA'!$B:$J,6,FALSE) -> 5198.22 | G11: 10000 | H11: 10000
A12: 420-400-710 | B12: =VLOOKUP(A12,'[1]SQL DATA'!$B:$J,3,FALSE) -> F&C CSO Fees Recoverable | C12: =VLOOKUP(A12,'[1]SQL DATA'!$B:$K,10,FALSE) -> 0 | D12: =VLOOKUP(A12,'[1]SQL DATA'!$B:$J,9,FALSE) -> 0 | F12: =VLOOKUP(A12,'[1]SQL DATA'!$B:$J,6,FALSE) -> 0 | G12: 0 | H12: =2000+26000 -> 28000
A13: 420-400-700 | B13: =VLOOKUP(A13,'[1]SQL DATA'!$B:$J,3,FALSE) -> F&C - Bylaw Enforcement Fees | C13: =VLOOKUP(A13,'[1]SQL DATA'!$B:$K,10,FALSE) -> 905 | D13: =VLOOKUP(A13,'[1]SQL DATA'!$B:$J,9,FALSE) -> 4858.2 | F13: =VLOOKUP(A13,'[1]SQL DATA'!$B:$J,6,FALSE) -> 6641 | G13: 1000 | H13: 2330
A14: Total Fees and Charges | C14: =SUM(C10:C13) -> 12738.54 | D14: =SUM(D10:D13) -> 16740.61 | E14: =SUM(E10:E13) -> 9107.56 | F14: =SUM(F10:F13) -> 11839.22 | G14: =SUM(G10:G13) -> 11000 | H14: =SUM(H10:H13) -> 40330
A16: Total Revenues | C16: =C6+C14 -> 12738.54 | D16: =D6+D14 -> 16740.61 | E16: =E6+E14 -> 9107.56 | F16: =F6+F14 -> 11839.22 | G16: =G6+G14 -> 11000 | H16: =H6+H14 -> 40330
A18: Expenses
A19: Wages and Benefits:
A20: 520-110-115 | B20: =VLOOKUP(A20,'[1]SQL DATA'!$B:$J,3,FALSE) -> PS - CSO - Salaries | C20: 0 | D20: 0 | E20: 0 | F20: 0 | G20: 0 | H20: =10000+4350+20000 -> 34350
A21: 520-120-115 | B21: =VLOOKUP(A21,'[1]SQL DATA'!$B:$J,3,FALSE) -> PS - CSO - Benefits | C21: 0 | D21: 0 | E21: 0 | F21: 0 | G21: 0 | H21: =600+560+4400 -> 5560
A22: Total Wages and Benefits | C22: =SUM(C20:C21) -> 0 | D22: =SUM(D20:D21) -> 0 | E22: =SUM(E20:E21) -> 0 | F22: =SUM(F20:F21) -> 0 | G22: =SUM(G20:G21) -> 0 | H22: =SUM(H20:H21) -> 39910
A24: Professional/Contractual Services:
A25: 520-450-100 | B25: =VLOOKUP(A25,'[1]SQL DATA'!$B:$J,3,FALSE) -> PS - Police - Other | C25: =VLOOKUP(A25,'[1]SQL DATA'!$B:$K,10,FALSE) -> 108520.69 | D25: =VLOOKUP(A25,'[1]SQL DATA'!$B:$J,9,FALSE) -> 112428.05 | E25: =VLOOKUP(A25,'[1]SQL DATA'!$B:$J,7,FALSE) -> 115445.33 | F25: =VLOOKUP(A25,'[1]SQL DATA'!$B:$J,6,FALSE) -> 129794.6 | G25: 113500 | H25: 120000
A26: Total Professional/Contractual Services | C26: =+C25 -> 108520.69 | D26: =+D25 -> 112428.05 | E26: =+E25 -> 115445.33 | F26: =+F25 -> 129794.6 | G26: =+G25 -> 113500 | H26: =+H25 -> 120000
A28: Utilities:
A29: 520-300-140 | B29: =VLOOKUP(A29,'[1]SQL DATA'!$B:$J,3,FALSE) -> PS - Utility - Telephone | C29: 0 | D29: 0 | E29: 0 | F29: 0 | G29: 0 | H29: 500
A30: Total Utilities | C30: =SUM(C29) -> 0 | D30: =SUM(D29) -> 0 | E30: =SUM(E29) -> 0 | F30: =SUM(F29) -> 0 | G30: =SUM(G29) -> 0 | H30: =SUM(H29) -> 500
A32: Maintenance, Materials, and Supplies:
A33: 520-420-100 | B33: =VLOOKUP(A33,'[1]SQL DATA'!$B:$J,3,FALSE) -> PS - Materials & Supplies | C33: 0 | D33: 0 | E33: 0 | F33: 0 | G33: 0 | H33: =28600+2800 -> 31400
A34: 520-420-170 | B34: =VLOOKUP(A34,'[1]SQL DATA'!$B:$J,3,FALSE) -> PS - Training | C34: 0 | D34: 0 | E34: 0 | F34: 0 | G34: 0 | H34: 10000
A35: Total Maintenance, Materials, and Supplies | C35: =SUM(C33:C34) -> 0 | D35: =SUM(D33:D34) -> 0 | E35: =SUM(E33:E34) -> 0 | F35: =SUM(F33:F34) -> 0 | G35: =SUM(G33:G34) -> 0 | H35: =SUM(H33:H34) -> 41400
A37: Amortization:
A38: 520-700-590 | B38: =VLOOKUP(A38,'[1]SQL DATA'!$B:$J,3,FALSE) -> PS - Amortization Expense | C38: 0 | D38: 0 | E38: 0 | F38: 0 | G38: 0 | H38: 0
A39: Total Amortization | C39: =SUM(C38) -> 0 | D39: =SUM(D38) -> 0 | E39: =SUM(E38) -> 0 | F39: =SUM(F38) -> 0 | G39: =SUM(G38) -> 0 | H39: =SUM(H38) -> 0
A41: Capital Purchases
A42: 520-600-120 | B42: =VLOOKUP(A42,'[1]SQL DATA'!$B:$J,3,FALSE) -> PS - Purchase of Capital Assets - Equip | C42: 0 | D42: 0 | E42: 0 | F42: 0 | G42: 0 | H42: 62000
A43: Total Capital Purchases | C43: =SUM(C42) -> 0 | D43: =SUM(D42) -> 0 | E43: =SUM(E42) -> 0 | F43: =SUM(F42) -> 0 | G43: =SUM(G42) -> 0 | H43: =SUM(H42) -> 62000
A45: Reserves
A46: 590-110-115 | B46: =VLOOKUP(A46,'[1]SQL DATA'!$B:$J,3,FALSE) -> Transfer to Reserves - PS | C46: 0 | D46: 0 | E46: 0 | F46: 0 | G46: 0 | H46: 0
A48: Total Expenses | C48: =C22+C35+C26+C39+C43+C46 -> 108520.69 | D48: =D22+D35+D26+D39+D43+D46 -> 112428.05 | E48: =E22+E35+E26+E39+E43+E46 -> 115445.33 | F48: =F22+F35+F26+F39+F43+F46 -> 129794.6 | G48: =G22+G35+G26+G39+G43+G46 -> 113500 | H48: =H22+H35+H26+H30+H39+H43+H46 -> 263810
A50: Surplus (Deficit) by Cost Centre | C50: =(+C16)-C48 -> -95782.15 | D50: =(+D16)-D48 -> -95687.44 | E50: =(+E16)-E48 -> -106337.77 | F50: =(+F16)-F48 -> -117955.38 | G50: =(+G16)-G48 -> -102500 | H50: =(+H16)-H48 -> -223480
B52: Averaged revenue over 3 years

Sheet Recreation
B1: 2019 | C1: 2020 | D1: 2021 | E1: 2022 | F1: 2021 | G1: 2022
B2: YTD | C2: YTD | D2: YTD | E2: YTD | F2: Budget | G2: Budget
A3: Revenues
A4: Transfer from Reserves | B4: =SUM('Rec Director'!C5+'Rec Centre'!C5+Pool!C5+'Parks, Campground, SG, etc'!C5) -> 20000 | C4: =SUM('Rec Director'!D5+'Rec Centre'!D5+Pool!D5+'Parks, Campground, SG, etc'!D5) -> 50000 | D4: =SUM('Rec Director'!E5+'Rec Centre'!E5+Pool!E5+'Parks, Campground, SG, etc'!E5) -> 70448.27 | E4: =SUM('Rec Director'!F5+'Rec Centre'!F5+Pool!F5+'Parks, Campground, SG, etc'!F5) -> 0 | F4: =SUM('Rec Director'!G5+'Rec Centre'!G5+Pool!G5+'Parks, Campground, SG, etc'!G5) -> 66250 | G4: =SUM('Rec Director'!H5+'Rec Centre'!H5+Pool!H5+'Parks, Campground, SG, etc'!H5) -> 104860
A5: Fees and Charges | B5: =SUM('Rec Director'!C9+'Rec Centre'!C19+Pool!C15+'Parks, Campground, SG, etc'!C13+'Playground Program'!C6) -> 410222.02 | C5: =SUM('Rec Director'!D9+'Rec Centre'!D19+Pool!D15+'Parks, Campground, SG, etc'!D13+'Playground Program'!D6) -> 474956.9 | D5: =SUM('Rec Director'!E9+'Rec Centre'!E19+Pool!E15+'Parks, Campground, SG, etc'!E13+'Playground Program'!E6) -> 397210.61 | E5: =SUM('Rec Director'!F9+'Rec Centre'!F19+Pool!F15+'Parks, Campground, SG, etc'!F13+'Playground Program'!F6) -> 214234.48 | F5: =SUM('Rec Director'!G9+'Rec Centre'!G19+Pool!G15+'Parks, Campground, SG, etc'!G13+'Playground Program'!G6) -> 396750 | G5: =SUM('Rec Director'!H9+'Rec Centre'!H19+Pool!H15+'Parks, Campground, SG, etc'!H13+'Playground Program'!H6) -> 366590
A6: Grants | B6: =SUM('Rec Director'!C19+'Rec Centre'!C22+Pool!C22+'Parks, Campground, SG, etc'!C17+'Playground Program'!C13) -> 26576.36 | C6: =SUM('Rec Director'!D19+'Rec Centre'!D22+Pool!D22+'Parks, Campground, SG, etc'!D17+'Playground Program'!D13) -> 31525.36 | D6: =SUM('Rec Director'!E19+'Rec Centre'!E22+Pool!E22+'Parks, Campground, SG, etc'!E17+'Playground Program'!E13) -> 35363.14 | E6: =SUM('Rec Director'!F19+'Rec Centre'!F22+Pool!F22+'Parks, Campground, SG, etc'!F17+'Playground Program'!F13) -> 24994.43 | F6: =SUM('Rec Director'!G19+'Rec Centre'!G22+Pool!G22+'Parks, Campground, SG, etc'!G17+'Playground Program'!G13) -> 26380 | G6: =SUM('Rec Director'!H19+'Rec Centre'!H22+Pool!H22+'Parks, Campground, SG, etc'!H17+'Playground Program'!H13) -> 21480
A7: Total Revenues | B7: =SUM(B4:B6) -> 456798.38 | C7: =SUM(C4:C6) -> 556482.26 | D7: =SUM(D4:D6) -> 503022.02 | E7: =SUM(E4:E6) -> 239228.91 | F7: =SUM(F4:F6) -> 489380 | G7: =SUM(G4:G6) -> 492930
A9: Expenses
A10: Wages and Benefits | B10: =SUM('Rec Director'!C27+'Rec Centre'!C34+Pool!C30+'Parks, Campground, SG, etc'!C29+'Playground Program'!C21)-1 -> 186228.92 | C10: =SUM('Rec Director'!D27+'Rec Centre'!D34+Pool!D30+'Parks, Campground, SG, etc'!D29+'Playground Program'!D21)-1 -> 295310.34 | D10: =SUM('Rec Director'!E27+'Rec Centre'!E34+Pool!E30+'Parks, Campground, SG, etc'!E29+'Playground Program'!E21)-1 -> 310733.91 | E10: =SUM('Rec Director'!F27+'Rec Centre'!F34+Pool!F30+'Parks, Campground, SG, etc'!F29+'Playground Program'!F21)-1 -> 219167.37 | F10: =SUM('Rec Director'!G27+'Rec Centre'!G34+Pool!G30+'Parks, Campground, SG, etc'!G29+'Playground Program'!G21)-1 -> 348939 | G10: =SUM('Rec Director'!H27+'Rec Centre'!H34+Pool!H30+'Parks, Campground, SG, etc'!H29+'Playground Program'!H21)-1 -> 271209.64
A11: Professional/Contractual Services | B11: =SUM('Rec Centre'!C49+Pool!C41+'Parks, Campground, SG, etc'!C33) -> 34472.22 | C11: =SUM('Rec Centre'!D49+Pool!D41+'Parks, Campground, SG, etc'!D33) -> 10858.21 | D11: =SUM('Rec Centre'!E49+Pool!E41+'Parks, Campground, SG, etc'!E33) -> 7195.41 | E11: =SUM('Rec Centre'!F49+Pool!F41+'Parks, Campground, SG, etc'!F33) -> 2045.89 | F11: =SUM('Rec Centre'!G49+Pool!G41+'Parks, Campground, SG, etc'!G33) -> 17720 | G11: =SUM('Rec Centre'!H49+Pool!H41+'Parks, Campground, SG, etc'!H33) -> 47920
A12: Utilities | B12: =SUM('Rec Director'!C31+'Rec Centre'!C42+Pool!C37+'Parks, Campground, SG, etc'!C40) -> 49551.18 | C12: =SUM('Rec Director'!D31+'Rec Centre'!D42+Pool!D37+'Parks, Campground, SG, etc'!D40) -> 76750.94 | D12: =SUM('Rec Director'!E31+'Rec Centre'!E42+Pool!E37+'Parks, Campground, SG, etc'!E40) -> 59407.13 | E12: =SUM('Rec Director'!F31+'Rec Centre'!F42+Pool!F37+'Parks, Campground, SG, etc'!F40) -> 47485.58 | F12: =SUM('Rec Director'!G31+'Rec Centre'!G42+Pool!G37+'Parks, Campground, SG, etc'!G40) -> 67880 | G12: =SUM('Rec Director'!H31+'Rec Centre'!H42+Pool!H37+'Parks, Campground, SG, etc'!H40) -> 68400
A13: Maintenance, Materials, and Supplies | B13: =SUM('Rec Director'!C41+'Rec Centre'!C66+Pool!C52+'Parks, Campground, SG, etc'!C51+'Playground Program'!C25) -> 151818.71 | C13: =SUM('Rec Director'!D41+'Rec Centre'!D66+Pool!D52+'Parks, Campground, SG, etc'!D51+'Playground Program'!D25) -> 154366.07 | D13: =SUM('Rec Director'!E41+'Rec Centre'!E66+Pool!E52+'Parks, Campground, SG, etc'!E51+'Playground Program'!E25) -> 163437.32 | E13: =SUM('Rec Director'!F41+'Rec Centre'!F66+Pool!F52+'Parks, Campground, SG, etc'!F51+'Playground Program'!F25) -> 115370.26 | F13: =SUM('Rec Director'!G41+'Rec Centre'!G66+Pool!G52+'Parks, Campground, SG, etc'!G51+'Playground Program'!G25) -> 182310 | G13: =SUM('Rec Director'!H41+'Rec Centre'!H66+Pool!H52+'Parks, Campground, SG, etc'!H51+'Playground Program'!H25) -> 222380
A14: Grants and Contributions | B14: ='Rec Director'!C45+'Rec Centre'!C70 -> 104299.44 | C14: ='Rec Director'!D45+'Rec Centre'!D70 -> 122398.48 | D14: ='Rec Director'!E45+'Rec Centre'!E70 -> 38881.15 | E14: ='Rec Director'!F45+'Rec Centre'!F70 -> 2400 | F14: ='Rec Director'!G45+'Rec Centre'!G70 -> 23890 | G14: ='Rec Director'!H45+'Rec Centre'!H70 -> 23890
A15: Amortization | B15: ='Rec Director'!C48 -> 15533 | C15: ='Rec Director'!D48 -> 0 | D15: ='Rec Director'!E48 -> 28527.36 | E15: ='Rec Director'!F48 -> 0 | F15: ='Rec Director'!G48 -> 0 | G15: ='Rec Director'!H48 -> 0
A16: Interest & Bank Charges | B16: =SUM('Rec Centre'!C74+Pool!C56) -> 685.89 | C16: =SUM('Rec Centre'!D74+Pool!D56) -> 557.52 | D16: =SUM('Rec Centre'!E74+Pool!E56) -> 671.12 | E16: =SUM('Rec Centre'!F74+Pool!F56) -> 797.16 | F16: =SUM('Rec Centre'!G74+Pool!G56) -> 600 | G16: =SUM('Rec Centre'!H74+Pool!H56) -> 600
A17: Other | B17: =SUM('Rec Director'!C53) -> 809.15 | C17: =SUM('Rec Director'!D53) -> 1746 | D17: =SUM('Rec Director'!E53) -> 1330 | E17: =SUM('Rec Director'!F53) -> 1279 | F17: =SUM('Rec Director'!G53) -> 2500 | G17: =SUM('Rec Director'!H53) -> 2500
A18: Capital | B18: =SUM('Rec Centre'!C77+Pool!C59+'Parks, Campground, SG, etc'!C53) -> 0 | C18: =SUM('Rec Centre'!D77+Pool!D59+'Parks, Campground, SG, etc'!D53) -> 0 | D18: =SUM('Rec Centre'!E77+Pool!E59+'Parks, Campground, SG, etc'!E53) -> 0.06 | E18: =SUM('Rec Centre'!F77+Pool!F59+'Parks, Campground, SG, etc'!F53) -> 31049.5 | F18: =SUM('Rec Centre'!G77+Pool!G59+'Parks, Campground, SG, etc'!G53) -> 114710 | G18: =SUM('Rec Centre'!H77+Pool!H59+'Parks, Campground, SG, etc'!H53) -> 79000
A19: Transfer to Reserves | B19: =SUM('Rec Director'!C55+'Rec Centre'!C78+Pool!C60+'Parks, Campground, SG, etc'!C54) -> 70000 | C19: =SUM('Rec Director'!D55+'Rec Centre'!D78+Pool!D60+'Parks, Campground, SG, etc'!D54) -> 164710.62 | D19: =SUM('Rec Director'!E55+'Rec Centre'!E78+Pool!E60+'Parks, Campground, SG, etc'!E54) -> 235015.86 | E19: =SUM('Rec Director'!F55+'Rec Centre'!F78+Pool!F60+'Parks, Campground, SG, etc'!F54) -> 0 | F19: =SUM('Rec Director'!G55+'Rec Centre'!G78+Pool!G60+'Parks, Campground, SG, etc'!G54) -> 26170 | G19: =SUM('Rec Director'!H55+'Rec Centre'!H78+Pool!H60+'Parks, Campground, SG, etc'!H54) -> 35000
A20: Total Expenses | B20: =SUM(B10:B19) -> 613398.51 | C20: =SUM(C10:C19) -> 826698.18 | D20: =SUM(D10:D19) -> 845199.32 | E20: =SUM(E10:E19) -> 419594.76 | F20: =SUM(F10:F19) -> 784719 | G20: =SUM(G10:G19) -> 750899.64
A22: Surplus (Deficit) by Cost Centre | B22: =B7-B20 -> -156600.13 | C22: =C7-C20 -> -270215.92 | D22: =D7-D20 -> -342177.3 | E22: =E7-E20 -> -180365.85 | F22: =F7-F20 -> -295339 | G22: =G7-G20 -> -257969.64
B24: =(B22/'GG -Admin'!C9)*-1 -> 0.10253804 | C24: Based on Taxes | E24: =(G22/'GG -Admin'!H9)*-1 -> 0.16049375 | F24: Based on Taxes
B25: =(B22/'SUMMARY-F'!B5)*-1 -> 0.053283191 | C25: Based on fees & charges | E25: =(G22/'SUMMARY-F'!G5)*-1 -> 0.085562068 | F25: Based on fees & charges
A27: Approved on ___________________________________
A31: Amund Otterson, Mayor

Sheet Rec Director
C1: 2019 | D1: 2020 | E1: 2021 | F1: 2022 | G1: 2021 | H1: 2022
A2: Revenues | C2: YTD | D2: YTD | E2: YTD | F2: YTD | G2: Budget | H2: Budget
A3: Reserves:
A4: 490-100-145 | B4: =VLOOKUP(A4,'[1]SQL DATA'!$B:$J,3,FALSE) -> Transfer from Reserves - Rec Director | C4: =VLOOKUP(A4,'[1]SQL DATA'!$B:$K,10,FALSE) -> 0 | D4: =VLOOKUP(A4,'[1]SQL DATA'!$B:$J,9,FALSE) -> 0 | E4: =VLOOKUP(A4,'[1]SQL DATA'!$B:$J,7,FALSE) -> 3689 | F4: =VLOOKUP(A4,'[1]SQL DATA'!$B:$J,6,FALSE) -> 0 | G4: 3660 | H4: 3660
A5: Total Transfers from Reserves | C5: =+C4 -> 0 | D5: =+D4 -> 0 | E5: =+E4 -> 3689 | F5: =+F4 -> 0 | G5: =+G4 -> 3660 | H5: =+H4 -> 3660
A7: Fees and Charges:
A8: 490-900-100 | B8: =VLOOKUP(A8,'[1]SQL DATA'!$B:$J,3,FALSE) -> Other | C8: =VLOOKUP(A8,'[1]SQL DATA'!$B:$K,10,FALSE) -> 0 | D8: =VLOOKUP(A8,'[1]SQL DATA'!$B:$J,9,FALSE) -> 0 | E8: =VLOOKUP(A8,'[1]SQL DATA'!$B:$J,7,FALSE) -> 0 | F8: =VLOOKUP(A8,'[1]SQL DATA'!$B:$J,6,FALSE) -> 0 | G8: 0 | H8: 0
A9: Total Fees and Charges | C9: =SUM(C8) -> 0 | D9: =+D8 -> 0 | E9: =+E8 -> 0 | F9: =+F8 -> 0 | G9: =+G8 -> 0 | H9: =+H8 -> 0
A11: Grants - Local:
A12: 450-115-100 | B12: =VLOOKUP(A12,'[1]SQL DATA'!$B:$J,3,FALSE) -> Unconditional Local Grants - Lotteries | C12: =VLOOKUP(A12,'[1]SQL DATA'!$B:$K,10,FALSE) -> 15915 | D12: =VLOOKUP(A12,'[1]SQL DATA'!$B:$J,9,FALSE) -> 15725 | E12: =VLOOKUP(A12,'[1]SQL DATA'!$B:$J,7,FALSE) -> 14556 | F12: =VLOOKUP(A12,'[1]SQL DATA'!$B:$J,6,FALSE) -> 13559 | G12: 15730 | H12: 15730
A13: Total Grants - Local | C13: =SUM(C12:C12) -> 15915 | D13: =SUM(D12:D12) -> 15725 | E13: =SUM(E12:E12) -> 14556 | F13: =SUM(F12:F12) -> 13559 | G13: =SUM(G12:G12) -> 15730 | H13: =SUM(H12:H12) -> 15730
A15: Grants - Conditional:
A16: 450-230-100 | B16: =VLOOKUP(A16,'[1]SQL DATA'!$B:$J,3,FALSE) -> Conditional - Federal - Student Emp | C16: =VLOOKUP(A16,'[1]SQL DATA'!$B:$K,10,FALSE) -> 0 | D16: =VLOOKUP(A16,'[1]SQL DATA'!$B:$J,9,FALSE) -> 0 | E16: =VLOOKUP(A16,'[1]SQL DATA'!$B:$J,7,FALSE) -> 0 | F16: =VLOOKUP(A16,'[1]SQL DATA'!$B:$J,6,FALSE) -> 0 | G16: 0 | H16: 0
A17: 450-315-100 | B17: =VLOOKUP(A17,'[1]SQL DATA'!$B:$J,3,FALSE) -> Conditional - Prov - Student Employ | C17: =VLOOKUP(A17,'[1]SQL DATA'!$B:$K,10,FALSE) -> 0 | D17: =VLOOKUP(A17,'[1]SQL DATA'!$B:$J,9,FALSE) -> 0 | E17: =VLOOKUP(A17,'[1]SQL DATA'!$B:$J,7,FALSE) -> 0 | F17: =VLOOKUP(A17,'[1]SQL DATA'!$B:$J,6,FALSE) -> 0 | G17: 0 | H17: 0
A18: Total Grants - Conditional | C18: =SUM(C16:C17) -> 0 | D18: =SUM(D16:D17) -> 0 | E18: =SUM(E16:E17) -> 0 | F18: =SUM(F16:F17) -> 0 | G18: =SUM(G16:G17) -> 0 | H18: =SUM(H16:H17) -> 0
A19: Total Grants | C19: =C13+C18 -> 15915 | D19: =D13+D18 -> 15725 | E19: =E13+E18 -> 14556 | F19: =F13+F18 -> 13559 | G19: =G13+G18 -> 15730 | H19: =H13+H18 -> 15730
A21: Total Revenues | C21: =C5+C9+C19 -> 15915 | D21: =D5+D9+D19 -> 15725 | E21: =E5+E9+E19 -> 18245 | F21: =F5+F9+F19 -> 13559 | G21: =G5+G9+G19 -> 19390 | H21: =H5+H9+H19 -> 19390
A23: Expenses
A24: Wages and Benefits:
A25: 570-110-110 | B25: =VLOOKUP(A25,'[1]SQL DATA'!$B:$J,3,FALSE) -> R&C - Wages | C25: =VLOOKUP(A25,'[1]SQL DATA'!$B:$K,10,FALSE) -> 37478.88 | D25: =VLOOKUP(A25,'[1]SQL DATA'!$B:$J,9,FALSE) -> 36326.74 | E25: =VLOOKUP(A25,'[1]SQL DATA'!$B:$J,7,FALSE) -> 44164.83 | F25: =VLOOKUP(A25,'[1]SQL DATA'!$B:$J,6,FALSE) -> 35158.41 | G25: 46000 | H25: 49890
A26: 570-120-110 | B26: =VLOOKUP(A26,'[1]SQL DATA'!$B:$J,3,FALSE) -> R&C - Benefits | C26: =VLOOKUP(A26,'[1]SQL DATA'!$B:$K,10,FALSE) -> 7560.27 | D26: =VLOOKUP(A26,'[1]SQL DATA'!$B:$J,9,FALSE) -> 5588.4 | E26: =VLOOKUP(A26,'[1]SQL DATA'!$B:$J,7,FALSE) -> 14658.11 | F26: =VLOOKUP(A26,'[1]SQL DATA'!$B:$J,6,FALSE) -> 5233.87 | G26: 9930 | H26: 10980
A27: Total Wages and Benefits | C27: =SUM(C25:C26) -> 45039.15 | D27: =SUM(D25:D26) -> 41915.14 | E27: =SUM(E25:E26) -> 58822.94 | F27: =SUM(F25:F26) -> 40392.28 | G27: =SUM(G25:G26) -> 55930 | H27: =SUM(H25:H26) -> 60870
A29: Utilities:
A30: 570-260-100 | B30: =VLOOKUP(A30,'[1]SQL DATA'!$B:$J,3,FALSE) -> R&C - Cont. - Phone - RD/FM | C30: =VLOOKUP(A30,'[1]SQL DATA'!$B:$K,10,FALSE) -> 1768.46 | D30: =VLOOKUP(A30,'[1]SQL DATA'!$B:$J,9,FALSE) -> 1856.87 | E30: =VLOOKUP(A30,'[1]SQL DATA'!$B:$J,7,FALSE) -> 2316.96 | F30: =VLOOKUP(A30,'[1]SQL DATA'!$B:$J,6,FALSE) -> 1364.99 | G30: 2200 | H30: 2300
A31: Total Utilities | C31: =+C30 -> 1768.46 | D31: =+D30 -> 1856.87 | E31: =+E30 -> 2316.96 | F31: =+F30 -> 1364.99 | G31: =+G30 -> 2200 | H31: =+H30 -> 2300
A33: Maintenance, Materials, and Supplies:
A34: 570-200-110 | B34: =VLOOKUP(A34,'[1]SQL DATA'!$B:$J,3,FALSE) -> R&C - Cont. - Advertising | C34: =VLOOKUP(A34,'[1]SQL DATA'!$B:$K,10,FALSE) -> 280.5 | D34: =VLOOKUP(A34,'[1]SQL DATA'!$B:$J,9,FALSE) -> 0 | E34: =VLOOKUP(A34,'[1]SQL DATA'!$B:$J,7,FALSE) -> 409.88 | F34: =VLOOKUP(A34,'[1]SQL DATA'!$B:$J,6,FALSE) -> 400.87 | G34: 1500 | H34: 1500
A35: 570-240-100 | B35: =VLOOKUP(A35,'[1]SQL DATA'!$B:$J,3,FALSE) -> R&C - Cont. - Memberships/Subscript - RD | C35: =VLOOKUP(A35,'[1]SQL DATA'!$B:$K,10,FALSE) -> 115 | D35: =VLOOKUP(A35,'[1]SQL DATA'!$B:$J,9,FALSE) -> 115 | E35: =VLOOKUP(A35,'[1]SQL DATA'!$B:$J,7,FALSE) -> 8396.29 | F35: =VLOOKUP(A35,'[1]SQL DATA'!$B:$J,6,FALSE) -> 3374.74 | G35: 9220 | H35: 5500
A36: 570-250-100 | B36: =VLOOKUP(A36,'[1]SQL DATA'!$B:$J,3,FALSE) -> R&C - Cont. - Conference Fees/Train - RD | C36: =VLOOKUP(A36,'[1]SQL DATA'!$B:$K,10,FALSE) -> 1792.21 | D36: =VLOOKUP(A36,'[1]SQL DATA'!$B:$J,9,FALSE) -> 157.5 | E36: =VLOOKUP(A36,'[1]SQL DATA'!$B:$J,7,FALSE) -> 530 | F36: =VLOOKUP(A36,'[1]SQL DATA'!$B:$J,6,FALSE) -> 1217.39 | G36: 2000 | H36: 2000
A37: 570-410-100 | B37: =VLOOKUP(A37,'[1]SQL DATA'!$B:$J,3,FALSE) -> R&C - Office Supplies | C37: =VLOOKUP(A37,'[1]SQL DATA'!$B:$K,10,FALSE) -> 3374 | D37: =VLOOKUP(A37,'[1]SQL DATA'!$B:$J,9,FALSE) -> 3610.71 | E37: =VLOOKUP(A37,'[1]SQL DATA'!$B:$J,7,FALSE) -> 3500 | F37: =VLOOKUP(A37,'[1]SQL DATA'!$B:$J,6,FALSE) -> 2041.62 | G37: 3500 | H37: 3500
A38: 570-410-160 | B38: =VLOOKUP(A38,'[1]SQL DATA'!$B:$J,3,FALSE) -> R&C - Discretionary Fund | C38: =VLOOKUP(A38,'[1]SQL DATA'!$B:$K,10,FALSE) -> 0 | D38: =VLOOKUP(A38,'[1]SQL DATA'!$B:$J,9,FALSE) -> 0 | E38: =VLOOKUP(A38,'[1]SQL DATA'!$B:$J,7,FALSE) -> 1765.49 | F38: =VLOOKUP(A38,'[1]SQL DATA'!$B:$J,6,FALSE) -> 223.49 | G38: 3000 | H38: 3000
A39: 570-420-190 | B39: =VLOOKUP(A39,'[1]SQL DATA'!$B:$J,3,FALSE) -> R&C - Program Supplies - Rec Director | C39: =VLOOKUP(A39,'[1]SQL DATA'!$B:$K,10,FALSE) -> 514.22 | D39: =VLOOKUP(A39,'[1]SQL DATA'!$B:$J,9,FALSE) -> 209.79 | E39: =VLOOKUP(A39,'[1]SQL DATA'!$B:$J,7,FALSE) -> 453.69 | F39: =VLOOKUP(A39,'[1]SQL DATA'!$B:$J,6,FALSE) -> 0 | G39: 500 | H39: 500
A40: 570-900-110 | B40: =VLOOKUP(A40,'[1]SQL DATA'!$B:$J,3,FALSE) -> R&C - Other | C40: =VLOOKUP(A40,'[1]SQL DATA'!$B:$K,10,FALSE) -> 0 | D40: =VLOOKUP(A40,'[1]SQL DATA'!$B:$J,9,FALSE) -> 0 | E40: =VLOOKUP(A40,'[1]SQL DATA'!$B:$J,7,FALSE) -> 0 | F40: =VLOOKUP(A40,'[1]SQL DATA'!$B:$J,6,FALSE) -> 0 | G40: 0 | H40: 0
A41: Total Maintenance, Materials, and Supplies | C41: =SUM(C34:C40) -> 6075.93 | D41: =SUM(D34:D40) -> 4093 | E41: =SUM(E34:E40) -> 15055.35 | F41: =SUM(F34:F40) -> 7258.11 | G41: =SUM(G34:G40) -> 19720 | H41: =SUM(H34:H40) -> 16000
A43: Grants and Contributions:
A44: 570-500-110 | B44: =VLOOKUP(A44,'[1]SQL DATA'!$B:$J,3,FALSE) -> R&C - Grants and Contributions - Lottery | C44: =VLOOKUP(A44,'[1]SQL DATA'!$B:$K,10,FALSE) -> 12797.86 | D44: =VLOOKUP(A44,'[1]SQL DATA'!$B:$J,9,FALSE) -> 10000 | E44: =VLOOKUP(A44,'[1]SQL DATA'!$B:$J,7,FALSE) -> 18245 | F44: =VLOOKUP(A44,'[1]SQL DATA'!$B:$J,6,FALSE) -> 2400 | G44: 19390 | H44: 19390
A45: Total Grants and Contributions | C45: =SUM(C44) -> 12797.86 | D45: =SUM(D44) -> 10000 | E45: =SUM(E44) -> 18245 | F45: =SUM(F44) -> 2400 | G45: =SUM(G44) -> 19390 | H45: =SUM(H44) -> 19390
A47: Amortization:
A48: 570-600-585 | B48: =VLOOKUP(A48,'[1]SQL DATA'!$B:$J,3,FALSE) -> R&C - Amortization Expense - RD | C48: =VLOOKUP(A48,'[1]SQL DATA'!$B:$K,10,FALSE) -> 15533 | D48: =VLOOKUP(A48,'[1]SQL DATA'!$B:$J,9,FALSE) -> 0 | E48: =VLOOKUP(A48,'[1]SQL DATA'!$B:$J,7,FALSE) -> 28527.36 | F48: =VLOOKUP(A48,'[1]SQL DATA'!$B:$J,6,FALSE) -> 0 | G48: 0 | H48: 0
A49: Total Amortization | C49: =+C48 -> 15533 | D49: =+D48 -> 0 | E49: =+E48 -> 28527.36 | F49: =+F48 -> 0 | G49: =+G48 -> 0 | H49: =+H48 -> 0
A51: Other:
A52: 570-220-100 | B52: =VLOOKUP(A52,'[1]SQL DATA'!$B:$J,3,FALSE) -> R&C - Cont. - Travel, Meal & Subsistence | C52: =VLOOKUP(A52,'[1]SQL DATA'!$B:$K,10,FALSE) -> 809.15 | D52: =VLOOKUP(A52,'[1]SQL DATA'!$B:$J,9,FALSE) -> 1746 | E52: =VLOOKUP(A52,'[1]SQL DATA'!$B:$J,7,FALSE) -> 1330 | F52: =VLOOKUP(A52,'[1]SQL DATA'!$B:$J,6,FALSE) -> 1279 | G52: 2500 | H52: 2500
A53: Total Other | C53: =SUM(C52) -> 809.15 | D53: =SUM(D52) -> 1746 | E53: =SUM(E52) -> 1330 | F53: =SUM(F52) -> 1279 | G53: =SUM(G52) -> 2500 | H53: =SUM(H52) -> 2500
A55: 570-110-205 | B55: =VLOOKUP(A55,'[1]SQL DATA'!$B:$J,3,FALSE) -> Transfer to Reserves - Rec Director | C55: =VLOOKUP(A55,'[1]SQL DATA'!$B:$K,10,FALSE) -> 0 | D55: =VLOOKUP(A55,'[1]SQL DATA'!$B:$J,9,FALSE) -> 0 | E55: =VLOOKUP(A55,'[1]SQL DATA'!$B:$J,7,FALSE) -> 0 | F55: =VLOOKUP(A55,'[1]SQL DATA'!$B:$J,6,FALSE) -> 0 | G55: 0 | H55: 0
A57: Total Expenses | C57: =C27+C31+C41+C45+C49+C53+C55 -> 82023.55 | D57: =D27+D31+D41+D45+D49+D53+D55 -> 59611.01 | E57: =E27+E31+E41+E45+E49+E53+E55 -> 124297.61 | F57: =F27+F31+F41+F45+F49+F53+F55 -> 52694.38 | G57: =G27+G31+G41+G45+G49+G53+G55 -> 99740 | H57: =H27+H31+H41+H45+H53+H55 -> 101060
A59: Surplus (Deficit) by Cost Centre | C59: =(+C21)-C57 -> -66108.55 | D59: =(+D21)-D57 -> -43886.01 | E59: =(+E21)-E57 -> -106052.61 | F59: =(+F21)-F57 -> -39135.38 | G59: =(+G21)-G57 -> -80350 | H59: =(+H21)-H57 -> -81670

Sheet Rec Centre
C1: 2019 | D1: 2020 | E1: 2021 | F1: 2022 | G1: 2021 | H1: 2022
C2: YTD | D2: YTD | E2: YTD | F2: YTD | G2: Budget | H2: Budget
A3: Revenues
A4: 490-100-110 | B4: =VLOOKUP(A4,'[1]SQL DATA'!$B:$J,3,FALSE) -> Transfer from Reserves - Rec Centre | C4: =VLOOKUP(A4,'[1]SQL DATA'!$B:$K,10,FALSE) -> 20000 | D4: =VLOOKUP(A4,'[1]SQL DATA'!$B:$J,9,FALSE) -> 50000 | E4: =VLOOKUP(A4,'[1]SQL DATA'!$B:$J,7,FALSE) -> 66759.27 | F4: =VLOOKUP(A4,'[1]SQL DATA'!$B:$J,6,FALSE) -> 0 | G4: 62590 | H4: 49000
A5: Total Transfers from Reserves | C5: =+C4 -> 20000 | D5: =+D4 -> 50000 | E5: =+E4 -> 66759.27 | F5: =+F4 -> 0 | G5: =+G4 -> 62590 | H5: =+H4 -> 49000
A7: Fees & Charges
A8: 420-200-500 | B8: =VLOOKUP(A8,'[1]SQL DATA'!$B:$J,3,FALSE) -> F&C - Sale of Supplies & Equip - Rink | C8: =VLOOKUP(A8,'[1]SQL DATA'!$B:$K,10,FALSE) -> 5000 | D8: =VLOOKUP(A8,'[1]SQL DATA'!$B:$J,9,FALSE) -> 20.8 | E8: =VLOOKUP(A8,'[1]SQL DATA'!$B:$J,7,FALSE) -> 37.5 | F8: =VLOOKUP(A8,'[1]SQL DATA'!$B:$J,6,FALSE) -> 0 | G8: 0 | H8: 0
A9: 420-500-400 | B9: =VLOOKUP(A9,'[1]SQL DATA'!$B:$J,3,FALSE) -> F&C - Rec Centre Fees - Canteen Lease | C9: =VLOOKUP(A9,'[1]SQL DATA'!$B:$K,10,FALSE) -> 0 | D9: =VLOOKUP(A9,'[1]SQL DATA'!$B:$J,9,FALSE) -> 0 | E9: =VLOOKUP(A9,'[1]SQL DATA'!$B:$J,7,FALSE) -> 1950 | F9: =VLOOKUP(A9,'[1]SQL DATA'!$B:$J,6,FALSE) -> 1950 | G9: 0 | H9: =(650*3)+(650*4) -> 4550
A10: 420-520-100 | B10: =VLOOKUP(A10,'[1]SQL DATA'!$B:$J,3,FALSE) -> F&C - Rec Program Fees - Ice Rental | C10: =VLOOKUP(A10,'[1]SQL DATA'!$B:$K,10,FALSE) -> 40703.74 | D10: =VLOOKUP(A10,'[1]SQL DATA'!$B:$J,9,FALSE) -> 93421.19 | E10: =VLOOKUP(A10,'[1]SQL DATA'!$B:$J,7,FALSE) -> 101931.3 | F10: =VLOOKUP(A10,'[1]SQL DATA'!$B:$J,6,FALSE) -> 56541.49 | G10: 105000 | H10: =2100+105000 -> 107100
A11: 420-520-105 | B11: =VLOOKUP(A11,'[1]SQL DATA'!$B:$J,3,FALSE) -> F&C - Rec Program Fees - Other | C11: =VLOOKUP(A11,'[1]SQL DATA'!$B:$K,10,FALSE) -> 210838.12 | D11: =VLOOKUP(A11,'[1]SQL DATA'!$B:$J,9,FALSE) -> 351.44 | E11: =VLOOKUP(A11,'[1]SQL DATA'!$B:$J,7,FALSE) -> 0 | F11: =VLOOKUP(A11,'[1]SQL DATA'!$B:$J,6,FALSE) -> 100 | G11: 0 | H11: 0
A12: 420-520-200 | B12: =VLOOKUP(A12,'[1]SQL DATA'!$B:$J,3,FALSE) -> F&C - Rec Program Fees - Curling Rink | C12: =VLOOKUP(A12,'[1]SQL DATA'!$B:$K,10,FALSE) -> 15890 | D12: =VLOOKUP(A12,'[1]SQL DATA'!$B:$J,9,FALSE) -> 23131.43 | E12: =VLOOKUP(A12,'[1]SQL DATA'!$B:$J,7,FALSE) -> 16156.8 | F12: =VLOOKUP(A12,'[1]SQL DATA'!$B:$J,6,FALSE) -> 16456.8 | G12: 34920 | H12: =700+34920 -> 35620
A13: 420-520-290 | B13: =VLOOKUP(A13,'[1]SQL DATA'!$B:$J,3,FALSE) -> F&C - Rec Program - Sign Advertising | C13: =VLOOKUP(A13,'[1]SQL DATA'!$B:$K,10,FALSE) -> 37409.9 | D13: =VLOOKUP(A13,'[1]SQL DATA'!$B:$J,9,FALSE) -> 38575 | E13: =VLOOKUP(A13,'[1]SQL DATA'!$B:$J,7,FALSE) -> 33775 | F13: =VLOOKUP(A13,'[1]SQL DATA'!$B:$J,6,FALSE) -> 177.12 | G13: 38570 | H13: 38570
A14: 420-520-700 | B14: =VLOOKUP(A14,'[1]SQL DATA'!$B:$J,3,FALSE) -> F&C - Rec Program Fees - Lounge Revenue | C14: =VLOOKUP(A14,'[1]SQL DATA'!$B:$K,10,FALSE) -> 17996.77 | D14: =VLOOKUP(A14,'[1]SQL DATA'!$B:$J,9,FALSE) -> 31190.62 | E14: =VLOOKUP(A14,'[1]SQL DATA'!$B:$J,7,FALSE) -> 12456.67 | F14: =VLOOKUP(A14,'[1]SQL DATA'!$B:$J,6,FALSE) -> 46812.89 | G14: 45000 | H14: 45000
A15: 420-520-800 | B15: =VLOOKUP(A15,'[1]SQL DATA'!$B:$J,3,FALSE) -> F&C - Rec Program Fees - Canteen Revenue | C15: =VLOOKUP(A15,'[1]SQL DATA'!$B:$K,10,FALSE) -> 27755.58 | D15: =VLOOKUP(A15,'[1]SQL DATA'!$B:$J,9,FALSE) -> 31744.22 | E15: =VLOOKUP(A15,'[1]SQL DATA'!$B:$J,7,FALSE) -> 0 | F15: =VLOOKUP(A15,'[1]SQL DATA'!$B:$J,6,FALSE) -> 0 | G15: 59500 | H15: 0
A16: 420-520-900 | B16: =VLOOKUP(A16,'[1]SQL DATA'!$B:$J,3,FALSE) -> F&C - Rec Fees - Membership/Public Skate | C16: =VLOOKUP(A16,'[1]SQL DATA'!$B:$K,10,FALSE) -> 295.1 | D16: =VLOOKUP(A16,'[1]SQL DATA'!$B:$J,9,FALSE) -> 4194 | E16: =VLOOKUP(A16,'[1]SQL DATA'!$B:$J,7,FALSE) -> 3720 | F16: =VLOOKUP(A16,'[1]SQL DATA'!$B:$J,6,FALSE) -> 4275 | G16: 4500 | H16: 4500
A17: 480-150-140 | B17: =VLOOKUP(A17,'[1]SQL DATA'!$B:$J,3,FALSE) -> F&C - Donations - Rink | C17: =VLOOKUP(A17,'[1]SQL DATA'!$B:$K,10,FALSE) -> 0 | D17: =VLOOKUP(A17,'[1]SQL DATA'!$B:$J,9,FALSE) -> 11987.61 | E17: =VLOOKUP(A17,'[1]SQL DATA'!$B:$J,7,FALSE) -> 59868.01 | F17: =VLOOKUP(A17,'[1]SQL DATA'!$B:$J,6,FALSE) -> 2385 | G17: 0 | H17: 0
A18: 480-170-105 | B18: =VLOOKUP(A18,'[1]SQL DATA'!$B:$J,3,FALSE) -> F&C - Fundraising & Misc - Rink | C18: =VLOOKUP(A18,'[1]SQL DATA'!$B:$K,10,FALSE) -> 0 | D18: =VLOOKUP(A18,'[1]SQL DATA'!$B:$J,9,FALSE) -> 117871.04 | E18: =VLOOKUP(A18,'[1]SQL DATA'!$B:$J,7,FALSE) -> 64094.08 | F18: =VLOOKUP(A18,'[1]SQL DATA'!$B:$J,6,FALSE) -> 463.48 | G18: 40000 | H18: 40000
C19: =SUM(C8:C18) -> 355889.21 | D19: =SUM(D8:D18) -> 352487.35 | E19: =SUM(E8:E18) -> 293989.36 | F19: =SUM(F8:F18) -> 129161.78 | G19: =SUM(G8:G18) -> 327490 | H19: =SUM(H8:H18) -> 275340
A20: Grants - Local:
A21: 480-100-100 | B21: =VLOOKUP(A21,'[1]SQL DATA'!$B:$J,3,FALSE) -> Sask Lotteries | C21: =VLOOKUP(A21,'[1]SQL DATA'!$B:$K,10,FALSE) -> 0 | D21: =VLOOKUP(A21,'[1]SQL DATA'!$B:$J,9,FALSE) -> 0 | E21: =VLOOKUP(A21,'[1]SQL DATA'!$B:$J,7,FALSE) -> 1250 | F21: =VLOOKUP(A21,'[1]SQL DATA'!$B:$J,6,FALSE) -> 0 | G21: 1250 | H21: 1250
A22: Total Grants - Local | C22: =SUM(C21) -> 0 | D22: =SUM(D21) -> 0 | E22: =SUM(E21) -> 1250 | F22: =SUM(F21) -> 0 | G22: =SUM(G21) -> 1250 | H22: =SUM(H21) -> 1250
A24: Total Revenue | C24: =C5+C19+C22 -> 375889.21 | D24: =D5+D19+D22 -> 402487.35 | E24: =E5+E19+E22 -> 361998.63 | F24: =F5+F19+F22 -> 129161.78 | G24: =G5+G19+G22 -> 391330 | H24: =H5+H19+H22 -> 325590
A26: Expenses
A27: Wages and Benefits:
A28: 570-110-120 | B28: =VLOOKUP(A28,'[1]SQL DATA'!$B:$J,3,FALSE) -> R&C - Salaries - Recreation Centre | C28: =VLOOKUP(A28,'[1]SQL DATA'!$B:$K,10,FALSE) -> 64122.98 | D28: =VLOOKUP(A28,'[1]SQL DATA'!$B:$J,9,FALSE) -> 109966.88 | E28: =VLOOKUP(A28,'[1]SQL DATA'!$B:$J,7,FALSE) -> 69784.2 | F28: =VLOOKUP(A28,'[1]SQL DATA'!$B:$J,6,FALSE) -> 58371.15 | G28: 140500 | H28: 79500
A29: 570-120-121 | B29: =VLOOKUP(A29,'[1]SQL DATA'!$B:$J,3,FALSE) -> R&C - Benefits - Rec Centre - CPP | C29: =VLOOKUP(A29,'[1]SQL DATA'!$B:$K,10,FALSE) -> 2860.97 | D29: =VLOOKUP(A29,'[1]SQL DATA'!$B:$J,9,FALSE) -> 5536.02 | E29: =VLOOKUP(A29,'[1]SQL DATA'!$B:$J,7,FALSE) -> 3579.9 | F29: =VLOOKUP(A29,'[1]SQL DATA'!$B:$J,6,FALSE) -> 938.85 | G29: 6000 | H29: =H28*0.0495-5 -> 3930.25
A30: 570-120-122 | B30: =VLOOKUP(A30,'[1]SQL DATA'!$B:$J,3,FALSE) -> R&C - Benefits - Rec Centre - EI | C30: =VLOOKUP(A30,'[1]SQL DATA'!$B:$K,10,FALSE) -> 1245.64 | D30: =VLOOKUP(A30,'[1]SQL DATA'!$B:$J,9,FALSE) -> 2890.32 | E30: =VLOOKUP(A30,'[1]SQL DATA'!$B:$J,7,FALSE) -> 1401.41 | F30: =VLOOKUP(A30,'[1]SQL DATA'!$B:$J,6,FALSE) -> 510.98 | G30: 2400 | H30: =H28*0.02443-2 -> 1940.185
A31: 570-120-123 | B31: =VLOOKUP(A31,'[1]SQL DATA'!$B:$J,3,FALSE) -> R&C - Benefits - Rec Centre - MEPP | C31: =VLOOKUP(A31,'[1]SQL DATA'!$B:$K,10,FALSE) -> 4421.35 | D31: =VLOOKUP(A31,'[1]SQL DATA'!$B:$J,9,FALSE) -> 10082.22 | E31: =VLOOKUP(A31,'[1]SQL DATA'!$B:$J,7,FALSE) -> 5916.58 | F31: =VLOOKUP(A31,'[1]SQL DATA'!$B:$J,6,FALSE) -> 5859.41 | G31: 12650 | H31: =H28*0.09+5 -> 7160
A32: 570-120-234 | B32: =VLOOKUP(A32,'[1]SQL DATA'!$B:$J,3,FALSE) -> R&C - Benefits - Rec Centre - WCB | C32: =VLOOKUP(A32,'[1]SQL DATA'!$B:$K,10,FALSE) -> 0 | D32: =VLOOKUP(A32,'[1]SQL DATA'!$B:$J,9,FALSE) -> 0 | E32: =VLOOKUP(A32,'[1]SQL DATA'!$B:$J,7,FALSE) -> 636.5 | F32: =VLOOKUP(A32,'[1]SQL DATA'!$B:$J,6,FALSE) -> 646.83 | G32: 500 | H32: 650
A33: 570-120-235 | B33: =VLOOKUP(A33,'[1]SQL DATA'!$B:$J,3,FALSE) -> R&C - Benefits - Rec Centre - Group | C33: =VLOOKUP(A33,'[1]SQL DATA'!$B:$K,10,FALSE) -> 2454.18 | D33: =VLOOKUP(A33,'[1]SQL DATA'!$B:$J,9,FALSE) -> 7466.34 | E33: =VLOOKUP(A33,'[1]SQL DATA'!$B:$J,7,FALSE) -> 2769.65 | F33: =VLOOKUP(A33,'[1]SQL DATA'!$B:$J,6,FALSE) -> 817.17 | G33: 5000 | H33: =H28*0.04 -> 3180
A34: Total Wages and Benefits | C34: =SUM(C28:C33) -> 75105.12 | D34: =SUM(D28:D33) -> 135941.78 | E34: =SUM(E28:E33) -> 84088.24 | F34: =SUM(F28:F33) -> 67144.39 | G34: =SUM(G28:G33) -> 167050 | H34: =SUM(H28:H33) -> 96360.435
A36: Utilities:
A37: 570-300-110 | B37: =VLOOKUP(A37,'[1]SQL DATA'!$B:$J,3,FALSE) -> R&C - Utility - Heat - Rec Centre | C37: =VLOOKUP(A37,'[1]SQL DATA'!$B:$K,10,FALSE) -> 3345.08 | D37: =VLOOKUP(A37,'[1]SQL DATA'!$B:$J,9,FALSE) -> 18989.03 | E37: =VLOOKUP(A37,'[1]SQL DATA'!$B:$J,7,FALSE) -> 12212.9 | F37: =VLOOKUP(A37,'[1]SQL DATA'!$B:$J,6,FALSE) -> 14443.22 | G37: 8000 | H37: 11500
A38: 570-310-110 | B38: =VLOOKUP(A38,'[1]SQL DATA'!$B:$J,3,FALSE) -> R&C - Utility - Power - Rec Centre | C38: =VLOOKUP(A38,'[1]SQL DATA'!$B:$K,10,FALSE) -> 20500.82 | D38: =VLOOKUP(A38,'[1]SQL DATA'!$B:$J,9,FALSE) -> 42631.79 | E38: =VLOOKUP(A38,'[1]SQL DATA'!$B:$J,7,FALSE) -> 23046.37 | F38: =VLOOKUP(A38,'[1]SQL DATA'!$B:$J,6,FALSE) -> 18276.16 | G38: 27000 | H38: 30000
A39: 570-320-110 | B39: =VLOOKUP(A39,'[1]SQL DATA'!$B:$J,3,FALSE) -> R&C - Utility - Water - Rec Centre | C39: =VLOOKUP(A39,'[1]SQL DATA'!$B:$K,10,FALSE) -> 3156.51 | D39: =VLOOKUP(A39,'[1]SQL DATA'!$B:$J,9,FALSE) -> 2143.27 | E39: =VLOOKUP(A39,'[1]SQL DATA'!$B:$J,7,FALSE) -> 1825.21 | F39: =VLOOKUP(A39,'[1]SQL DATA'!$B:$J,6,FALSE) -> 1239.6 | G39: 3500 | H39: 3500
A40: 570-330-110 | B40: =VLOOKUP(A40,'[1]SQL DATA'!$B:$J,3,FALSE) -> R&C - Utility - Telephone - Rec Centre | C40: =VLOOKUP(A40,'[1]SQL DATA'!$B:$K,10,FALSE) -> 1717.38 | D40: =VLOOKUP(A40,'[1]SQL DATA'!$B:$J,9,FALSE) -> 2842.37 | E40: =VLOOKUP(A40,'[1]SQL DATA'!$B:$J,7,FALSE) -> 3791.38 | F40: =VLOOKUP(A40,'[1]SQL DATA'!$B:$J,6,FALSE) -> 2748.59 | G40: 6960 | H40: 4000
A41: 570-340-120 | B41: =VLOOKUP(A41,'[1]SQL DATA'!$B:$J,3,FALSE) -> R&C - Utility - Satellite TV Rec Centre | C41: =VLOOKUP(A41,'[1]SQL DATA'!$B:$K,10,FALSE) -> 280.58 | D41: =VLOOKUP(A41,'[1]SQL DATA'!$B:$J,9,FALSE) -> 335.71 | E41: =VLOOKUP(A41,'[1]SQL DATA'!$B:$J,7,FALSE) -> 432.56 | F41: =VLOOKUP(A41,'[1]SQL DATA'!$B:$J,6,FALSE) -> 751.97 | G41: 700 | H41: 700
A42: Total Utilities | C42: =SUM(C37:C41) -> 29000.37 | D42: =SUM(D37:D41) -> 66942.17 | E42: =SUM(E37:E41) -> 41308.42 | F42: =SUM(F37:F41) -> 37459.54 | G42: =SUM(G37:G41) -> 46160 | H42: =SUM(H37:H41) -> 49700
A44: Professional/Contractual Services:
A45: 570-210-100 | B45: =VLOOKUP(A45,'[1]SQL DATA'!$B:$J,3,FALSE) -> R&C - Cont. - Audit/Accounting | C45: =VLOOKUP(A45,'[1]SQL DATA'!$B:$K,10,FALSE) -> 6103.15 | D45: =VLOOKUP(A45,'[1]SQL DATA'!$B:$J,9,FALSE) -> 0 | E45: =VLOOKUP(A45,'[1]SQL DATA'!$B:$J,7,FALSE) -> 925 | F45: =VLOOKUP(A45,'[1]SQL DATA'!$B:$J,6,FALSE) -> 0 | G45: 2000 | H45: 0
A46: 570-270-130 | B46: =VLOOKUP(A46,'[1]SQL DATA'!$B:$J,3,FALSE) -> R&C - Cont. - Contracted Maint. - Rink | C46: =VLOOKUP(A46,'[1]SQL DATA'!$B:$K,10,FALSE) -> 0 | D46: =VLOOKUP(A46,'[1]SQL DATA'!$B:$J,9,FALSE) -> 260 | E46: =VLOOKUP(A46,'[1]SQL DATA'!$B:$J,7,FALSE) -> 548.66 | F46: =VLOOKUP(A46,'[1]SQL DATA'!$B:$J,6,FALSE) -> 65 | G46: 2200 | H46: 2200
A47: 570-340-110 | B47: =VLOOKUP(A47,'[1]SQL DATA'!$B:$J,3,FALSE) -> R&C - Utility - Garbage/Recycling - Rink | C47: =VLOOKUP(A47,'[1]SQL DATA'!$B:$K,10,FALSE) -> 1552.41 | D47: =VLOOKUP(A47,'[1]SQL DATA'!$B:$J,9,FALSE) -> 1300.13 | E47: =VLOOKUP(A47,'[1]SQL DATA'!$B:$J,7,FALSE) -> 654.74 | F47: =VLOOKUP(A47,'[1]SQL DATA'!$B:$J,6,FALSE) -> 233.95 | G47: 3520 | H47: 3520
A48: 570-900-125 | B48: =VLOOKUP(A48,'[1]SQL DATA'!$B:$J,3,FALSE) -> R&C - Other Contractual Services - Rink | C48: =VLOOKUP(A48,'[1]SQL DATA'!$B:$K,10,FALSE) -> 5916 | D48: =VLOOKUP(A48,'[1]SQL DATA'!$B:$J,9,FALSE) -> 2721.43 | E48: =VLOOKUP(A48,'[1]SQL DATA'!$B:$J,7,FALSE) -> 8890.01 | F48: =VLOOKUP(A48,'[1]SQL DATA'!$B:$J,6,FALSE) -> 1344.44 | G48: 5000 | H48: 5000
A49: Total Professional/Contractual Services | C49: =SUM(C45:C48) -> 13571.56 | D49: =SUM(D45:D48) -> 4281.56 | E49: =SUM(E45:E48) -> 11018.41 | F49: =SUM(F45:F48) -> 1643.39 | G49: =SUM(G45:G48) -> 12720 | H49: =SUM(H45:H48) -> 10720
A52: Maintenance, Materials, and Supplies
A53: 570-230-100 | B53: =VLOOKUP(A53,'[1]SQL DATA'!$B:$J,3,FALSE) -> R&C - Cont. - Insurance - Rink | C53: =VLOOKUP(A53,'[1]SQL DATA'!$B:$K,10,FALSE) -> 14565.46 | D53: =VLOOKUP(A53,'[1]SQL DATA'!$B:$J,9,FALSE) -> 15378.54 | E53: =VLOOKUP(A53,'[1]SQL DATA'!$B:$J,7,FALSE) -> 14638.15 | F53: =VLOOKUP(A53,'[1]SQL DATA'!$B:$J,6,FALSE) -> 15989.64 | G53: 14640 | H53: 15990
A54: 570-240-110 | B54: =VLOOKUP(A54,'[1]SQL DATA'!$B:$J,3,FALSE) -> R&C - Cont Memberships/Subscript - Rink | C54: =VLOOKUP(A54,'[1]SQL DATA'!$B:$K,10,FALSE) -> 787.5 | D54: =VLOOKUP(A54,'[1]SQL DATA'!$B:$J,9,FALSE) -> 681 | E54: =VLOOKUP(A54,'[1]SQL DATA'!$B:$J,7,FALSE) -> 0 | F54: =VLOOKUP(A54,'[1]SQL DATA'!$B:$J,6,FALSE) -> 206 | G54: 1000 | H54: 1000
A55: 570-250-110 | B55: =VLOOKUP(A55,'[1]SQL DATA'!$B:$J,3,FALSE) -> R&C - Cont. - Conf. Fees/Training - Rink | C55: =VLOOKUP(A55,'[1]SQL DATA'!$B:$K,10,FALSE) -> 304 | D55: =VLOOKUP(A55,'[1]SQL DATA'!$B:$J,9,FALSE) -> 0 | E55: =VLOOKUP(A55,'[1]SQL DATA'!$B:$J,7,FALSE) -> 1910 | F55: =VLOOKUP(A55,'[1]SQL DATA'!$B:$J,6,FALSE) -> 0 | G55: 3000 | H55: 3000
A56: 570-400-110 | B56: =VLOOKUP(A56,'[1]SQL DATA'!$B:$J,3,FALSE) -> R&C - Postage - Rec Centre | C56: =VLOOKUP(A56,'[1]SQL DATA'!$B:$K,10,FALSE) -> 1500 | D56: =VLOOKUP(A56,'[1]SQL DATA'!$B:$J,9,FALSE) -> 3000 | E56: =VLOOKUP(A56,'[1]SQL DATA'!$B:$J,7,FALSE) -> 3000 | F56: =VLOOKUP(A56,'[1]SQL DATA'!$B:$J,6,FALSE) -> 1750 | G56: 3000 | H56: 3000
A57: 570-420-110 | B57: =VLOOKUP(A57,'[1]SQL DATA'!$B:$J,3,FALSE) -> R&C - Office Supplies - Rec Centre | C57: =VLOOKUP(A57,'[1]SQL DATA'!$B:$K,10,FALSE) -> 1520 | D57: =VLOOKUP(A57,'[1]SQL DATA'!$B:$J,9,FALSE) -> 3110.13 | E57: =VLOOKUP(A57,'[1]SQL DATA'!$B:$J,7,FALSE) -> 3000 | F57: =VLOOKUP(A57,'[1]SQL DATA'!$B:$J,6,FALSE) -> 1949.64 | G57: 3000 | H57: 3000
A58: 570-420-120 | B58: =VLOOKUP(A58,'[1]SQL DATA'!$B:$J,3,FALSE) -> R&C - Supplies - Alcohol/Mix/Confectnry | C58: =VLOOKUP(A58,'[1]SQL DATA'!$B:$K,10,FALSE) -> 6659.17 | D58: =VLOOKUP(A58,'[1]SQL DATA'!$B:$J,9,FALSE) -> 11393.53 | E58: =VLOOKUP(A58,'[1]SQL DATA'!$B:$J,7,FALSE) -> 5839.65 | F58: =VLOOKUP(A58,'[1]SQL DATA'!$B:$J,6,FALSE) -> 12715.58 | G58: 15000 | H58: 15000
A59: 570-420-125 | B59: =VLOOKUP(A59,'[1]SQL DATA'!$B:$J,3,FALSE) -> R&C - Supplies (includes fuel) - Rink | C59: =VLOOKUP(A59,'[1]SQL DATA'!$B:$K,10,FALSE) -> 1960.53 | D59: =VLOOKUP(A59,'[1]SQL DATA'!$B:$J,9,FALSE) -> 918.61 | E59: =VLOOKUP(A59,'[1]SQL DATA'!$B:$J,7,FALSE) -> 113.37 | F59: =VLOOKUP(A59,'[1]SQL DATA'!$B:$J,6,FALSE) -> 182.54 | G59: 1000 | H59: 1000
A60: 570-420-135 | B60: =VLOOKUP(A60,'[1]SQL DATA'!$B:$J,3,FALSE) -> R&C - Supplies - Canteen Exp | C60: =VLOOKUP(A60,'[1]SQL DATA'!$B:$K,10,FALSE) -> 21600.62 | D60: =VLOOKUP(A60,'[1]SQL DATA'!$B:$J,9,FALSE) -> 12290.08 | E60: =VLOOKUP(A60,'[1]SQL DATA'!$B:$J,7,FALSE) -> 0 | F60: =VLOOKUP(A60,'[1]SQL DATA'!$B:$J,6,FALSE) -> 0 | G60: 30000 | H60: 0
A61: 570-420-137 | B61: =VLOOKUP(A61,'[1]SQL DATA'!$B:$J,3,FALSE) -> R&C - Over/Short | C61: =VLOOKUP(A61,'[1]SQL DATA'!$B:$K,10,FALSE) -> 416.74 | D61: =VLOOKUP(A61,'[1]SQL DATA'!$B:$J,9,FALSE) -> -39.93 | E61: =VLOOKUP(A61,'[1]SQL DATA'!$B:$J,7,FALSE) -> -33.47 | F61: =VLOOKUP(A61,'[1]SQL DATA'!$B:$J,6,FALSE) -> 0 | G61: 0 | H61: 0
A62: 570-420-155 | B62: =VLOOKUP(A62,'[1]SQL DATA'!$B:$J,3,FALSE) -> R&C - Supplies - Rink - Signs for advert | C62: =VLOOKUP(A62,'[1]SQL DATA'!$B:$K,10,FALSE) -> 255.73 | D62: =VLOOKUP(A62,'[1]SQL DATA'!$B:$J,9,FALSE) -> 1775.51 | E62: =VLOOKUP(A62,'[1]SQL DATA'!$B:$J,7,FALSE) -> 0 | F62: =VLOOKUP(A62,'[1]SQL DATA'!$B:$J,6,FALSE) -> 0 | G62: 2000 | H62: 2000
A63: 570-420-160 | B63: =VLOOKUP(A63,'[1]SQL DATA'!$B:$J,3,FALSE) -> R&C - Supplies - Field of Dreams Inputs | C63: =VLOOKUP(A63,'[1]SQL DATA'!$B:$K,10,FALSE) -> 0 | D63: =VLOOKUP(A63,'[1]SQL DATA'!$B:$J,9,FALSE) -> 11180.71 | E63: =VLOOKUP(A63,'[1]SQL DATA'!$B:$J,7,FALSE) -> 14580.58 | F63: =VLOOKUP(A63,'[1]SQL DATA'!$B:$J,6,FALSE) -> 20928.99 | G63: 11200 | H63: 14600
A64: 570-430-110 | B64: =VLOOKUP(A64,'[1]SQL DATA'!$B:$J,3,FALSE) -> R&C - Bldg Maint/Supply - Rec Centre | C64: =VLOOKUP(A64,'[1]SQL DATA'!$B:$K,10,FALSE) -> 53963.58 | D64: =VLOOKUP(A64,'[1]SQL DATA'!$B:$J,9,FALSE) -> 55655.08 | E64: =VLOOKUP(A64,'[1]SQL DATA'!$B:$J,7,FALSE) -> 28450.08 | F64: =VLOOKUP(A64,'[1]SQL DATA'!$B:$J,6,FALSE) -> 11672.55 | G64: 17500 | H64: =12000+55500+7000 -> 74500
A65: 570-430-190 | B65: =VLOOKUP(A65,'[1]SQL DATA'!$B:$J,3,FALSE) -> R&C - Small Tools & Equipment - Rink | C65: =VLOOKUP(A65,'[1]SQL DATA'!$B:$K,10,FALSE) -> 343.17 | D65: =VLOOKUP(A65,'[1]SQL DATA'!$B:$J,9,FALSE) -> 3984.27 | E65: =VLOOKUP(A65,'[1]SQL DATA'!$B:$J,7,FALSE) -> 5959.25 | F65: =VLOOKUP(A65,'[1]SQL DATA'!$B:$J,6,FALSE) -> 1087.77 | G65: 2000 | H65: 5500
A66: Total Maintenance, Materials & Supplies | C66: =SUM(C53:C65) -> 103876.5 | D66: =SUM(D53:D65) -> 119327.53 | E66: =SUM(E53:E65) -> 77457.61 | F66: =SUM(F53:F65) -> 66482.71 | G66: =SUM(G53:G65) -> 103340 | H66: =SUM(H53:H65) -> 138590
A68: Grants and Contributions:
A69: 570-500-125 | B69: =VLOOKUP(A69,'[1]SQL DATA'!$B:$J,3,FALSE) -> R&C - Grants & Contributions - Rec Cent | C69: =VLOOKUP(A69,'[1]SQL DATA'!$B:$K,10,FALSE) -> 91501.58 | D69: =VLOOKUP(A69,'[1]SQL DATA'!$B:$J,9,FALSE) -> 112398.48 | E69: =VLOOKUP(A69,'[1]SQL DATA'!$B:$J,7,FALSE) -> 20636.15 | F69: =VLOOKUP(A69,'[1]SQL DATA'!$B:$J,6,FALSE) -> 0 | G69: 4500 | H69: 4500
A70: Total Grants and Contributions | C70: =SUM(C69) -> 91501.58 | D70: =SUM(D69) -> 112398.48 | E70: =SUM(E69) -> 20636.15 | F70: =SUM(F69) -> 0 | G70: =SUM(G69) -> 4500 | H70: =SUM(H69) -> 4500
A72: Interest & Loan Repayments:
A73: 570-700-110 | B73: =VLOOKUP(A73,'[1]SQL DATA'!$B:$J,3,FALSE) -> R&C - Interest & Bank Charges - Rink | C73: =VLOOKUP(A73,'[1]SQL DATA'!$B:$K,10,FALSE) -> 583.12 | D73: =VLOOKUP(A73,'[1]SQL DATA'!$B:$J,9,FALSE) -> 266.56 | E73: =VLOOKUP(A73,'[1]SQL DATA'!$B:$J,7,FALSE) -> 282.71 | F73: =VLOOKUP(A73,'[1]SQL DATA'!$B:$J,6,FALSE) -> 432.11 | G73: 300 | H73: 300
A74: Total Interest & Loan Repayments | C74: =SUM(C73) -> 583.12 | D74: =SUM(D73) -> 266.56 | E74: =SUM(E73) -> 282.71 | F74: =SUM(F73) -> 432.11 | G74: =SUM(G73) -> 300 | H74: =SUM(H73) -> 300
A76: Reserves & Capital Purchases
A77: 570-600-110 | B77: =VLOOKUP(A77,'[1]SQL DATA'!$B:$J,3,FALSE) -> R&C - Purchase of Cap Assets - Rec Cnrt | C77: =VLOOKUP(A77,'[1]SQL DATA'!$B:$K,10,FALSE) -> 0 | D77: =VLOOKUP(A77,'[1]SQL DATA'!$B:$J,9,FALSE) -> 0 | E77: =VLOOKUP(A77,'[1]SQL DATA'!$B:$J,7,FALSE) -> 0.06 | F77: =VLOOKUP(A77,'[1]SQL DATA'!$B:$J,6,FALSE) -> 200 | G77: 114710 | H77: 49000
A78: 590-110-130 | B78: =VLOOKUP(A78,'[1]SQL DATA'!$B:$J,3,FALSE) -> Transfer to Reserves - Rec Centre | C78: =VLOOKUP(A78,'[1]SQL DATA'!$B:$K,10,FALSE) -> 60000 | D78: =VLOOKUP(A78,'[1]SQL DATA'!$B:$J,9,FALSE) -> 72018.99 | E78: =VLOOKUP(A78,'[1]SQL DATA'!$B:$J,7,FALSE) -> 202370.86 | F78: =VLOOKUP(A78,'[1]SQL DATA'!$B:$J,6,FALSE) -> 0 | G78: 6170 | H78: 10000
A80: Total Expenses | C80: =SUM(C34+C42+C49+C66+C70+C74+C77+C78) -> 373638.25 | D80: =SUM(D34+D42+D49+D66+D70+D74+D77+D78) -> 511177.07 | E80: =SUM(E34+E42+E49+E66+E70+E74+E77+E78) -> 437162.46 | F80: =SUM(F34+F42+F49+F66+F70+F74+F77+F78) -> 173362.14 | G80: =SUM(G34+G42+G49+G66+G70+G74+G77+G78) -> 454950 | H80: =SUM(H34+H42+H49+H66+H70+H74+H77+H78) -> 359170.43
A82: Surplus (Deficit) by Cost Centre | C82: =C24-C80 -> 2250.96 | D82: =D24-D80 -> -108689.72 | E82: =E24-E80 -> -75163.83 | F82: =F24-F80 -> -44200.36 | G82: =G24-G80 -> -63620 | H82: =H24-H80 -> -33580.435

Sheet Pool
C1: 2019 | D1: 2020 | E1: 2021 | F1: 2022 | G1: 2021 | H1: 2022
C2: YTD | D2: YTD | E2: YTD | F2: YTD | G2: Budget | H2: Budget
A3: Revenue
A4: Reserves:
A5: 490-100-120 | B5: =VLOOKUP(A5,'[1]SQL DATA'!$B:$J,3,FALSE) -> Transfer from Reserves - Pool | C5: =VLOOKUP(A5,'[1]SQL DATA'!$B:$K,10,FALSE) -> 0 | D5: =VLOOKUP(A5,'[1]SQL DATA'!$B:$J,9,FALSE) -> 0 | E5: =VLOOKUP(A5,'[1]SQL DATA'!$B:$J,7,FALSE) -> 0 | F5: =VLOOKUP(A5,'[1]SQL DATA'!$B:$J,6,FALSE) -> 0 | G5: 0 | H5: =20000+10000+22200 -> 52200
C6: =SUM(C5) -> 0 | D6: =SUM(D5) -> 0 | E6: =SUM(E5) -> 0 | F6: =SUM(F5) -> 0 | H6: =H5 -> 52200
A7: Fees and Charges:
A8: 420-520-300 | B8: =VLOOKUP(A8,'[1]SQL DATA'!$B:$J,3,FALSE) -> F&C - Rec Program Fees - Public Swim | C8: =VLOOKUP(A8,'[1]SQL DATA'!$B:$K,10,FALSE) -> 14866.15 | D8: =VLOOKUP(A8,'[1]SQL DATA'!$B:$J,9,FALSE) -> 1023.5 | E8: =VLOOKUP(A8,'[1]SQL DATA'!$B:$J,7,FALSE) -> 1956 | F8: =VLOOKUP(A8,'[1]SQL DATA'!$B:$J,6,FALSE) -> 9617.7 | G8: 2000 | H8: 2000
A9: 420-520-305 | B9: =VLOOKUP(A9,'[1]SQL DATA'!$B:$J,3,FALSE) -> F&C - Rec Program Fees - Punch Cards | C9: =VLOOKUP(A9,'[1]SQL DATA'!$B:$K,10,FALSE) -> 0 | D9: =VLOOKUP(A9,'[1]SQL DATA'!$B:$J,9,FALSE) -> 0 | E9: =VLOOKUP(A9,'[1]SQL DATA'!$B:$J,7,FALSE) -> 0 | F9: =VLOOKUP(A9,'[1]SQL DATA'!$B:$J,6,FALSE) -> 1562.83 | G9: 0 | H9: 15000
A10: 420-520-310 | B10: =VLOOKUP(A10,'[1]SQL DATA'!$B:$J,3,FALSE) -> F&C - Rec Program Fees - Swim Lessons | C10: =VLOOKUP(A10,'[1]SQL DATA'!$B:$K,10,FALSE) -> 29320 | D10: =VLOOKUP(A10,'[1]SQL DATA'!$B:$J,9,FALSE) -> 20923.5 | E10: =VLOOKUP(A10,'[1]SQL DATA'!$B:$J,7,FALSE) -> 31616 | F10: =VLOOKUP(A10,'[1]SQL DATA'!$B:$J,6,FALSE) -> 38624.5 | G10: 21000 | H10: 31000
A11: 420-520-320 | B11: =VLOOKUP(A11,'[1]SQL DATA'!$B:$J,3,FALSE) -> F&C - Rec Program Fees - Rentals | C11: =VLOOKUP(A11,'[1]SQL DATA'!$B:$K,10,FALSE) -> 3733.65 | D11: =VLOOKUP(A11,'[1]SQL DATA'!$B:$J,9,FALSE) -> 2247.01 | E11: =VLOOKUP(A11,'[1]SQL DATA'!$B:$J,7,FALSE) -> 7844.81 | F11: =VLOOKUP(A11,'[1]SQL DATA'!$B:$J,6,FALSE) -> 2388 | G11: 2250 | H11: 7800
A12: 420-520-325 | B12: =VLOOKUP(A12,'[1]SQL DATA'!$B:$J,3,FALSE) -> F&C - Rec Program Fees -Pool Memberships | C12: =VLOOKUP(A12,'[1]SQL DATA'!$B:$K,10,FALSE) -> 0 | D12: =VLOOKUP(A12,'[1]SQL DATA'!$B:$J,9,FALSE) -> 8748.91 | E12: =VLOOKUP(A12,'[1]SQL DATA'!$B:$J,7,FALSE) -> 17078.84 | F12: =VLOOKUP(A12,'[1]SQL DATA'!$B:$J,6,FALSE) -> 4148.92 | G12: 9000 | H12: 2000
A13: 420-520-330 | B13: =VLOOKUP(A13,'[1]SQL DATA'!$B:$J,3,FALSE) -> F&C - Rec Program Fees - Ice Cream Sales | C13: =VLOOKUP(A13,'[1]SQL DATA'!$B:$K,10,FALSE) -> 3407.81 | D13: =VLOOKUP(A13,'[1]SQL DATA'!$B:$J,9,FALSE) -> 0 | E13: =VLOOKUP(A13,'[1]SQL DATA'!$B:$J,7,FALSE) -> 0 | F13: =VLOOKUP(A13,'[1]SQL DATA'!$B:$J,6,FALSE) -> 824.83 | G13: 3650 | H13: 3400
A14: 480-150-100 | B14: =VLOOKUP(A14,'[1]SQL DATA'!$B:$J,3,FALSE) -> F&C - Donations - Pool | C14: =VLOOKUP(A14,'[1]SQL DATA'!$B:$K,10,FALSE) -> 50 | D14: =VLOOKUP(A14,'[1]SQL DATA'!$B:$J,9,FALSE) -> 76510.36 | E14: =VLOOKUP(A14,'[1]SQL DATA'!$B:$J,7,FALSE) -> 12645.9 | F14: =VLOOKUP(A14,'[1]SQL DATA'!$B:$J,6,FALSE) -> 239.52 | G14: 0 | H14: 0
A15: Total Fees and Charges | C15: =SUM(C8:C14) -> 51377.61 | D15: =SUM(D8:D14) -> 109453.28 | E15: =SUM(E8:E14) -> 71141.55 | F15: =SUM(F8:F14) -> 57406.3 | G15: =SUM(G8:G14) -> 37900 | H15: =SUM(H8:H14) -> 61200
A17: Grants - Conditional:
A18: 450-105-100 | B18: =VLOOKUP(A18,'[1]SQL DATA'!$B:$J,3,FALSE) -> Unconditional Provincial Grants (MAPP) | C18: =VLOOKUP(A18,'[1]SQL DATA'!$B:$K,10,FALSE) -> 450 | D18: =VLOOKUP(A18,'[1]SQL DATA'!$B:$J,9,FALSE) -> 0 | E18: =VLOOKUP(A18,'[1]SQL DATA'!$B:$J,7,FALSE) -> 0 | F18: =VLOOKUP(A18,'[1]SQL DATA'!$B:$J,6,FALSE) -> 0 | G18: 0 | H18: 0
A19: 450-115-110 | B19: =VLOOKUP(A19,'[1]SQL DATA'!$B:$J,3,FALSE) -> Unconditional - Local Grants - Pool | C19: =VLOOKUP(A19,'[1]SQL DATA'!$B:$K,10,FALSE) -> 1825.18 | D19: =VLOOKUP(A19,'[1]SQL DATA'!$B:$J,9,FALSE) -> 825.18 | E19: =VLOOKUP(A19,'[1]SQL DATA'!$B:$J,7,FALSE) -> 4765.7 | F19: =VLOOKUP(A19,'[1]SQL DATA'!$B:$J,6,FALSE) -> 341.43 | G19: 2000 | H19: 0
A20: 450-230-105 | B20: =VLOOKUP(A20,'[1]SQL DATA'!$B:$J,3,FALSE) -> Conditional - Federal - Student Emp | C20: =VLOOKUP(A20,'[1]SQL DATA'!$B:$K,10,FALSE) -> 3561 | D20: =VLOOKUP(A20,'[1]SQL DATA'!$B:$J,9,FALSE) -> 8150 | E20: =VLOOKUP(A20,'[1]SQL DATA'!$B:$J,7,FALSE) -> 7494 | F20: =VLOOKUP(A20,'[1]SQL DATA'!$B:$J,6,FALSE) -> 7494 | G20: 0 | H20: 0
A21: 450-320-105 | B21: =VLOOKUP(A21,'[1]SQL DATA'!$B:$J,3,FALSE) -> Conditional - Prov - Student Emp | C21: =VLOOKUP(A21,'[1]SQL DATA'!$B:$K,10,FALSE) -> 0 | D21: =VLOOKUP(A21,'[1]SQL DATA'!$B:$J,9,FALSE) -> 0 | E21: =VLOOKUP(A21,'[1]SQL DATA'!$B:$J,7,FALSE) -> 0 | F21: =VLOOKUP(A21,'[1]SQL DATA'!$B:$J,6,FALSE) -> 0 | G21: 0 | H21: 0
A22: Total Grants - Conditional | C22: =SUM(C18:C21) -> 5836.18 | D22: =SUM(D18:D21) -> 8975.18 | E22: =SUM(E18:E21) -> 12259.7 | F22: =SUM(F18:F21) -> 7835.43 | G22: =SUM(G18:G21) -> 2000 | H22: =SUM(H18:H21) -> 0
A24: Total Revenue | C24: =C6+C15+C22 -> 57213.79 | D24: =D6+D15+D22 -> 118428.46 | E24: =E6+E15+E22 -> 83401.25 | F24: =F6+F15+F22 -> 65241.73 | G24: =G6+G15+G22 -> 39900 | H24: =H6+H15+H22 -> 113400
A26: Expenses
A27: Wages and Benefits:
A28: 570-110-140 | B28: =VLOOKUP(A28,'[1]SQL DATA'!$B:$J,3,FALSE) -> R&C - Salaries - Swimming Pool | C28: =VLOOKUP(A28,'[1]SQL DATA'!$B:$K,10,FALSE) -> 44599.86 | D28: =VLOOKUP(A28,'[1]SQL DATA'!$B:$J,9,FALSE) -> 43289.3 | E28: =VLOOKUP(A28,'[1]SQL DATA'!$B:$J,7,FALSE) -> 67134.2 | F28: =VLOOKUP(A28,'[1]SQL DATA'!$B:$J,6,FALSE) -> 48249.3 | G28: 48000 | H28: =50000+13110 -> 63110
A29: 570-120-140 | B29: =VLOOKUP(A29,'[1]SQL DATA'!$B:$J,3,FALSE) -> R&C - Benefits - Swimming Pool | C29: =VLOOKUP(A29,'[1]SQL DATA'!$B:$K,10,FALSE) -> 3901.54 | D29: =VLOOKUP(A29,'[1]SQL DATA'!$B:$J,9,FALSE) -> 4583.62 | E29: =VLOOKUP(A29,'[1]SQL DATA'!$B:$J,7,FALSE) -> 5896.1 | F29: =VLOOKUP(A29,'[1]SQL DATA'!$B:$J,6,FALSE) -> 3930.74 | G29: 4800 | H29: =(H28*0.12)-3 -> 7570.2
A30: Total Wages and Benefits | C30: =SUM(C28:C29) -> 48501.4 | D30: =SUM(D28:D29) -> 47872.92 | E30: =SUM(E28:E29) -> 73030.3 | F30: =SUM(F28:F29) -> 52180.04 | G30: =SUM(G28:G29) -> 52800 | H30: =SUM(H28:H29) -> 70680.2
A32: Utilities:
A33: 570-300-130 | B33: =VLOOKUP(A33,'[1]SQL DATA'!$B:$J,3,FALSE) -> R&C - Utility - Heat - Swimming Pool | C33: =VLOOKUP(A33,'[1]SQL DATA'!$B:$K,10,FALSE) -> 4852.77 | D33: =VLOOKUP(A33,'[1]SQL DATA'!$B:$J,9,FALSE) -> 3200.63 | E33: =VLOOKUP(A33,'[1]SQL DATA'!$B:$J,7,FALSE) -> 6174.73 | F33: =VLOOKUP(A33,'[1]SQL DATA'!$B:$J,6,FALSE) -> 1413.84 | G33: 5000 | H33: 5000
A34: 570-310-130 | B34: =VLOOKUP(A34,'[1]SQL DATA'!$B:$J,3,FALSE) -> R&C - Utility - Power - Swimming Pool | C34: =VLOOKUP(A34,'[1]SQL DATA'!$B:$K,10,FALSE) -> 3876.76 | D34: =VLOOKUP(A34,'[1]SQL DATA'!$B:$J,9,FALSE) -> 1941.64 | E34: =VLOOKUP(A34,'[1]SQL DATA'!$B:$J,7,FALSE) -> 2461.11 | F34: =VLOOKUP(A34,'[1]SQL DATA'!$B:$J,6,FALSE) -> 1947.67 | G34: 4000 | H34: 4000
A35: 570-320-130 | B35: =VLOOKUP(A35,'[1]SQL DATA'!$B:$J,3,FALSE) -> R&C - Utility - Water - Swimming Pool | C35: =VLOOKUP(A35,'[1]SQL DATA'!$B:$K,10,FALSE) -> 609.62 | D35: =VLOOKUP(A35,'[1]SQL DATA'!$B:$J,9,FALSE) -> 1021.39 | E35: =VLOOKUP(A35,'[1]SQL DATA'!$B:$J,7,FALSE) -> 1060.33 | F35: =VLOOKUP(A35,'[1]SQL DATA'!$B:$J,6,FALSE) -> 619.8 | G35: 1000 | H35: 1000
A36: 570-330-130 | B36: =VLOOKUP(A36,'[1]SQL DATA'!$B:$J,3,FALSE) -> R&C - Utility - Telephone - Swim Pool | C36: =VLOOKUP(A36,'[1]SQL DATA'!$B:$K,10,FALSE) -> 447.66 | D36: =VLOOKUP(A36,'[1]SQL DATA'!$B:$J,9,FALSE) -> 337.93 | E36: =VLOOKUP(A36,'[1]SQL DATA'!$B:$J,7,FALSE) -> 592.69 | F36: =VLOOKUP(A36,'[1]SQL DATA'!$B:$J,6,FALSE) -> 457.74 | G36: 500 | H36: 500
A37: Total Utilities | C37: =SUM(C33:C36) -> 9786.81 | D37: =SUM(D33:D36) -> 6501.59 | E37: =SUM(E33:E36) -> 10288.86 | F37: =SUM(F33:F36) -> 4439.05 | G37: =SUM(G33:G36) -> 10500 | H37: =SUM(H33:H36) -> 10500
A39: Professional/Contractual Services:
A40: 570-900-135 | B40: =VLOOKUP(A40,'[1]SQL DATA'!$B:$J,3,FALSE) -> R&C Other Contractual Services - Pool | C40: 0 | D40: 0 | E40: 0 | F40: 0 | G40: 0 | H40: 32200
A41: Total Professional/Contractual Services | C41: =SUM(C40) -> 0 | D41: =SUM(D40) -> 0 | E41: =SUM(E40) -> 0 | F41: =SUM(F40) -> 0 | G41: =SUM(G40) -> 0 | H41: =SUM(H40) -> 32200
A44: Maintenance, Materials, and Supplies:
A45: 570-230-130 | B45: =VLOOKUP(A45,'[1]SQL DATA'!$B:$J,3,FALSE) -> R&C - Cont. - Insurance - Pool | C45: =VLOOKUP(A45,'[1]SQL DATA'!$B:$K,10,FALSE) -> 1056.82 | D45: =VLOOKUP(A45,'[1]SQL DATA'!$B:$J,9,FALSE) -> 840.64 | E45: =VLOOKUP(A45,'[1]SQL DATA'!$B:$J,7,FALSE) -> 1443.27 | F45: =VLOOKUP(A45,'[1]SQL DATA'!$B:$J,6,FALSE) -> 1551.38 | G45: 1440 | H45: 1550
A46: 570-250-120 | B46: =VLOOKUP(A46,'[1]SQL DATA'!$B:$J,3,FALSE) -> R&C - Cont. - Conf. Fees/Training - Pool | C46: =VLOOKUP(A46,'[1]SQL DATA'!$B:$K,10,FALSE) -> 673 | D46: =VLOOKUP(A46,'[1]SQL DATA'!$B:$J,9,FALSE) -> 0 | E46: =VLOOKUP(A46,'[1]SQL DATA'!$B:$J,7,FALSE) -> 0 | F46: =VLOOKUP(A46,'[1]SQL DATA'!$B:$J,6,FALSE) -> 1050 | G46: 1000 | H46: 1000
A47: 570-250-140 | B47: =VLOOKUP(A47,'[1]SQL DATA'!$B:$J,3,FALSE) -> R&C - Cont. - Memberships/Subscrip -Pool | C47: =VLOOKUP(A47,'[1]SQL DATA'!$B:$K,10,FALSE) -> 362.22 | D47: =VLOOKUP(A47,'[1]SQL DATA'!$B:$J,9,FALSE) -> 550.21 | E47: =VLOOKUP(A47,'[1]SQL DATA'!$B:$J,7,FALSE) -> 480.21 | F47: =VLOOKUP(A47,'[1]SQL DATA'!$B:$J,6,FALSE) -> 605.21 | G47: 600 | H47: 600
A48: 570-420-115 | B48: =VLOOKUP(A48,'[1]SQL DATA'!$B:$J,3,FALSE) -> R&C - Office Supplies - Pool | C48: =VLOOKUP(A48,'[1]SQL DATA'!$B:$K,10,FALSE) -> 1506 | D48: =VLOOKUP(A48,'[1]SQL DATA'!$B:$J,9,FALSE) -> 1013.55 | E48: =VLOOKUP(A48,'[1]SQL DATA'!$B:$J,7,FALSE) -> 1455.19 | F48: =VLOOKUP(A48,'[1]SQL DATA'!$B:$J,6,FALSE) -> 963.27 | G48: 1500 | H48: 1500
A49: 570-420-130 | B49: =VLOOKUP(A49,'[1]SQL DATA'!$B:$J,3,FALSE) -> R&C - Supplies - Swimming Pool | C49: =VLOOKUP(A49,'[1]SQL DATA'!$B:$K,10,FALSE) -> 3995.6 | D49: =VLOOKUP(A49,'[1]SQL DATA'!$B:$J,9,FALSE) -> 3943.6 | E49: =VLOOKUP(A49,'[1]SQL DATA'!$B:$J,7,FALSE) -> 7029.03 | F49: =VLOOKUP(A49,'[1]SQL DATA'!$B:$J,6,FALSE) -> 3964.83 | G49: 4000 | H49: 4000
A50: 570-420-132 | B50: =VLOOKUP(A50,'[1]SQL DATA'!$B:$J,3,FALSE) -> R&C - Supplies - Chemicals - Pool | C50: =VLOOKUP(A50,'[1]SQL DATA'!$B:$K,10,FALSE) -> 0 | D50: =VLOOKUP(A50,'[1]SQL DATA'!$B:$J,9,FALSE) -> 0 | E50: =VLOOKUP(A50,'[1]SQL DATA'!$B:$J,7,FALSE) -> 5353.88 | F50: =VLOOKUP(A50,'[1]SQL DATA'!$B:$J,6,FALSE) -> 4559.53 | G50: 6000 | H50: 6000
A51: 570-430-130 | B51: =VLOOKUP(A51,'[1]SQL DATA'!$B:$J,3,FALSE) -> R&C - Bldg Mat/Supply - Swimming Pool | C51: =VLOOKUP(A51,'[1]SQL DATA'!$B:$K,10,FALSE) -> 15823.48 | D51: =VLOOKUP(A51,'[1]SQL DATA'!$B:$J,9,FALSE) -> 12670.78 | E51: =VLOOKUP(A51,'[1]SQL DATA'!$B:$J,7,FALSE) -> 5330.76 | F51: =VLOOKUP(A51,'[1]SQL DATA'!$B:$J,6,FALSE) -> 6870.58 | G51: 5000 | H51: =10000+6500+22200+3000-32200 -> 9500
A52: Total Maintenance, Materials, and Supplies | C52: =SUM(C45:C51) -> 23417.12 | D52: =SUM(D45:D51) -> 19018.78 | E52: =SUM(E45:E51) -> 21092.34 | F52: =SUM(F45:F51) -> 19564.8 | G52: =SUM(G45:G51) -> 19540 | H52: =SUM(H45:H51) -> 24150
A54: Interest & Loan Repayments:
A55: 570-700-130 | B55: =VLOOKUP(A55,'[1]SQL DATA'!$B:$J,3,FALSE) -> R&C - Interest & Bank Charges - Pool | C55: =VLOOKUP(A55,'[1]SQL DATA'!$B:$K,10,FALSE) -> 102.77 | D55: =VLOOKUP(A55,'[1]SQL DATA'!$B:$J,9,FALSE) -> 290.96 | E55: =VLOOKUP(A55,'[1]SQL DATA'!$B:$J,7,FALSE) -> 388.41 | F55: =VLOOKUP(A55,'[1]SQL DATA'!$B:$J,6,FALSE) -> 365.05 | G55: 300 | H55: 300
A56: Total Interest & Loan Repayments | C56: =SUM(C55) -> 102.77 | D56: =SUM(D55) -> 290.96 | E56: =SUM(E55) -> 388.41 | F56: =SUM(F55) -> 365.05 | G56: =SUM(G55) -> 300 | H56: =SUM(H55) -> 300
A58: Reserves & Capital Purchases
A59: 570-600-120 | B59: =VLOOKUP(A59,'[1]SQL DATA'!$B:$J,3,FALSE) -> R&C - Purchase of Cap Assets - Pool | C59: =VLOOKUP(A59,'[1]SQL DATA'!$B:$K,10,FALSE) -> 0 | D59: =VLOOKUP(A59,'[1]SQL DATA'!$B:$J,9,FALSE) -> 0 | E59: =VLOOKUP(A59,'[1]SQL DATA'!$B:$J,7,FALSE) -> 0 | F59: =VLOOKUP(A59,'[1]SQL DATA'!$B:$J,6,FALSE) -> 30849.5 | G59: 0 | H59: =10000+20000 -> 30000
A60: 590-110-140 | B60: =VLOOKUP(A60,'[1]SQL DATA'!$B:$J,3,FALSE) -> Transfer to Reserves - Pool | C60: =VLOOKUP(A60,'[1]SQL DATA'!$B:$K,10,FALSE) -> 10000 | D60: =VLOOKUP(A60,'[1]SQL DATA'!$B:$J,9,FALSE) -> 86510.36 | E60: =VLOOKUP(A60,'[1]SQL DATA'!$B:$J,7,FALSE) -> 32645 | F60: =VLOOKUP(A60,'[1]SQL DATA'!$B:$J,6,FALSE) -> 0 | G60: 20000 | H60: 15000
A63: Total Expenses | C63: =C30+C37+C41+C52+C56+C59+C60 -> 91808.1 | D63: =D30+D37+D41+D52+D56+D59+D60 -> 160194.61 | E63: =E30+E37+E41+E52+E56+E59+E60 -> 137444.91 | F63: =F30+F37+F41+F52+F56+F59+F60 -> 107398.44 | G63: =G30+G37+G41+G52+G56+G59+G60 -> 103140 | H63: =H30+H37+H41+H52+H56+H59+H60 -> 182830.2
A65: Surplus (Deficit) by Cost Centre | C65: =(C24)-C63 -> -34594.31 | D65: =(D24)-D63 -> -41766.15 | E65: =(E24)-E63 -> -54043.66 | F65: =(F24)-F63 -> -42156.71 | G65: =(G24)-G63 -> -63240 | H65: =(H24)-H63 -> -69430.2
B67: Total are not coming over

Sheet Parks, Campground, SG, etc
C1: 2019 | D1: 2020 | E1: 2021 | F1: 2022 | G1: 2021 | H1: 2022
C2: YTD | D2: YTD | E2: YTD | F2: YTD | G2: Budget | H2: Budget
A3: Revenue
A4: 490-100-125 | B4: =VLOOKUP(A4,'[1]SQL DATA'!$B:$J,3,FALSE) -> Transfer from Reserves - Park, CG & SG | C4: =VLOOKUP(A4,'[1]SQL DATA'!$B:$K,10,FALSE) -> 0 | D4: =VLOOKUP(A4,'[1]SQL DATA'!$B:$J,9,FALSE) -> 0 | E4: =VLOOKUP(A4,'[1]SQL DATA'!$B:$J,7,FALSE) -> 0 | F4: =VLOOKUP(A4,'[1]SQL DATA'!$B:$J,6,FALSE) -> 0 | G4: 0 | H4: 0
A5: Total Transfers from Reserves | C5: =C4 -> 0 | D5: =D4 -> 0 | E5: =E4 -> 0 | F5: =F4 -> 0 | G5: =G4 -> 0 | H5: =H4 -> 0
A7: Fees and Charges:
A8: 420-500-800 | B8: =VLOOKUP(A8,'[1]SQL DATA'!$B:$J,3,FALSE) -> F&C - Rec Fees - Trailer Park/Campground | C8: =VLOOKUP(A8,'[1]SQL DATA'!$B:$K,10,FALSE) -> 17934.35 | D8: =VLOOKUP(A8,'[1]SQL DATA'!$B:$J,9,FALSE) -> 0 | E8: =VLOOKUP(A8,'[1]SQL DATA'!$B:$J,7,FALSE) -> 18245.65 | F8: =VLOOKUP(A8,'[1]SQL DATA'!$B:$J,6,FALSE) -> 14185.81 | G8: 24400 | H8: 18250
A9: 420-500-850 | B9: =VLOOKUP(A9,'[1]SQL DATA'!$B:$J,3,FALSE) -> F&C Rec Fees - SG Private Rentals | C9: =VLOOKUP(A9,'[1]SQL DATA'!$B:$K,10,FALSE) -> 0 | D9: =VLOOKUP(A9,'[1]SQL DATA'!$B:$J,9,FALSE) -> 0 | E9: =VLOOKUP(A9,'[1]SQL DATA'!$B:$J,7,FALSE) -> 0 | F9: =VLOOKUP(A9,'[1]SQL DATA'!$B:$J,6,FALSE) -> 670.57 | G9: 0 | H9: 2000
A10: 420-500-900 | B10: =VLOOKUP(A10,'[1]SQL DATA'!$B:$J,3,FALSE) -> F&C - Rec Fees - Sportsgrounds | C10: =VLOOKUP(A10,'[1]SQL DATA'!$B:$K,10,FALSE) -> 1240 | D10: =VLOOKUP(A10,'[1]SQL DATA'!$B:$J,9,FALSE) -> 825 | E10: =VLOOKUP(A10,'[1]SQL DATA'!$B:$J,7,FALSE) -> 2595 | F10: =VLOOKUP(A10,'[1]SQL DATA'!$B:$J,6,FALSE) -> 3470 | G10: 1200 | H10: 1800
A11: 420-520-296 | B11: =VLOOKUP(A11,'[1]SQL DATA'!$B:$J,3,FALSE) -> F&C - Rec Program - Wage Recovery BID | C11: =VLOOKUP(A11,'[1]SQL DATA'!$B:$K,10,FALSE) -> 4000 | D11: =VLOOKUP(A11,'[1]SQL DATA'!$B:$J,9,FALSE) -> 4000 | E11: =VLOOKUP(A11,'[1]SQL DATA'!$B:$J,7,FALSE) -> 4000 | F11: =VLOOKUP(A11,'[1]SQL DATA'!$B:$J,6,FALSE) -> 4000 | G11: 4000 | H11: 4000
A12: 480-150-110 | B12: =VLOOKUP(A12,'[1]SQL DATA'!$B:$J,3,FALSE) -> F&C - Donations - CG/SG & Parks | C12: =VLOOKUP(A12,'[1]SQL DATA'!$B:$K,10,FALSE) -> 1700 | D12: =VLOOKUP(A12,'[1]SQL DATA'!$B:$J,9,FALSE) -> 6431.27 | E12: =VLOOKUP(A12,'[1]SQL DATA'!$B:$J,7,FALSE) -> 4100 | F12: =VLOOKUP(A12,'[1]SQL DATA'!$B:$J,6,FALSE) -> 0.02 | G12: 0 | H12: 0
A13: Total Fees and Charges | C13: =C12 -> 1700 | D13: =SUM(D8:D12) -> 11256.27 | E13: =SUM(E8:E12) -> 28940.65 | F13: =SUM(F8:F12) -> 22326.4 | G13: =SUM(G8:G12) -> 29600 | H13: =SUM(H8:H12) -> 26050
A15: Grants - Conditional:
A16: 450-400-050 | B16: SPRA Grant | C16: =VLOOKUP(A16,'[1]SQL DATA'!$B:$K,10,FALSE) -> 0 | D16: =VLOOKUP(A16,'[1]SQL DATA'!$B:$J,9,FALSE) -> 0 | E16: =VLOOKUP(A16,'[1]SQL DATA'!$B:$J,7,FALSE) -> 1200 | F16: =VLOOKUP(A16,'[1]SQL DATA'!$B:$J,6,FALSE) -> 400 | G16: 1600 | H16: 0
A17: Total Grants - Conditional | C17: =+C16 -> 0 | D17: =+D16 -> 0 | E17: =+E16 -> 1200 | F17: =+F16 -> 400 | G17: =+G16 -> 1600 | H17: =+H16 -> 0
A19: Total Revenues | C19: =+C5+C17+C13+C5 -> 1700 | D19: =+D17+D13+D5 -> 11256.27 | E19: =+E17+E13+E5 -> 30140.65 | F19: =+F17+F13+F5 -> 22726.4 | G19: =+G17+G13+G5 -> 31200 | H19: =+H17+H13+H5 -> 26050
A21: Expenses
A22: Wages and Benefits:
A23: 570-110-160 | B23: =VLOOKUP(A23,'[1]SQL DATA'!$B:$J,3,FALSE) -> R&C - Salaries - Parks | C23: =VLOOKUP(A23,'[1]SQL DATA'!$B:$K,10,FALSE) -> 0 | D23: =VLOOKUP(A23,'[1]SQL DATA'!$B:$J,9,FALSE) -> 50227.08 | E23: =VLOOKUP(A23,'[1]SQL DATA'!$B:$J,7,FALSE) -> 69546.05 | F23: =VLOOKUP(A23,'[1]SQL DATA'!$B:$J,6,FALSE) -> 42637.19 | G23: 53000 | H23: 25000
A24: 570-120-170 | B24: =VLOOKUP(A24,'[1]SQL DATA'!$B:$J,3,FALSE) -> R&C - Benefits - Parks - CPP | C24: =VLOOKUP(A24,'[1]SQL DATA'!$B:$K,10,FALSE) -> 1673.23 | D24: =VLOOKUP(A24,'[1]SQL DATA'!$B:$J,9,FALSE) -> 2469.65 | E24: =VLOOKUP(A24,'[1]SQL DATA'!$B:$J,7,FALSE) -> 3153.92 | F24: =VLOOKUP(A24,'[1]SQL DATA'!$B:$J,6,FALSE) -> 2964.04 | G24: 2620 | H24: 1000
A25: 570-120-172 | B25: =VLOOKUP(A25,'[1]SQL DATA'!$B:$J,3,FALSE) -> R&C - Benefits - Parks - EI | C25: =VLOOKUP(A25,'[1]SQL DATA'!$B:$K,10,FALSE) -> 1391.52 | D25: =VLOOKUP(A25,'[1]SQL DATA'!$B:$J,9,FALSE) -> 1016.79 | E25: =VLOOKUP(A25,'[1]SQL DATA'!$B:$J,7,FALSE) -> 1583.01 | F25: =VLOOKUP(A25,'[1]SQL DATA'!$B:$J,6,FALSE) -> 1197.78 | G25: 1350 | H25: 400
A26: 570-120-173 | B26: =VLOOKUP(A26,'[1]SQL DATA'!$B:$J,3,FALSE) -> R&C - Benefits - Parks - MEPP | C26: =VLOOKUP(A26,'[1]SQL DATA'!$B:$K,10,FALSE) -> 3342.2 | D26: =VLOOKUP(A26,'[1]SQL DATA'!$B:$J,9,FALSE) -> 4519.66 | E26: =VLOOKUP(A26,'[1]SQL DATA'!$B:$J,7,FALSE) -> 5826.7 | F26: =VLOOKUP(A26,'[1]SQL DATA'!$B:$J,6,FALSE) -> 3473.94 | G26: 4770 | H26: =(H23*0.095)+5 -> 2380
A27: 570-120-174 | B27: =VLOOKUP(A27,'[1]SQL DATA'!$B:$J,3,FALSE) -> R&C - Benefits - Parks - WCB | C27: =VLOOKUP(A27,'[1]SQL DATA'!$B:$K,10,FALSE) -> 633.59 | D27: =VLOOKUP(A27,'[1]SQL DATA'!$B:$J,9,FALSE) -> 625.4 | E27: =VLOOKUP(A27,'[1]SQL DATA'!$B:$J,7,FALSE) -> 644.04 | F27: =VLOOKUP(A27,'[1]SQL DATA'!$B:$J,6,FALSE) -> 654.49 | G27: 650 | H27: 650
A28: 570-120-175 | B28: =VLOOKUP(A28,'[1]SQL DATA'!$B:$J,3,FALSE) -> R&C - Benefits - Parks - Group | C28: =VLOOKUP(A28,'[1]SQL DATA'!$B:$K,10,FALSE) -> 2366.09 | D28: =VLOOKUP(A28,'[1]SQL DATA'!$B:$J,9,FALSE) -> 3957.49 | E28: =VLOOKUP(A28,'[1]SQL DATA'!$B:$J,7,FALSE) -> 5599.52 | F28: =VLOOKUP(A28,'[1]SQL DATA'!$B:$J,6,FALSE) -> 3308.17 | G28: 4000 | H28: =310*5 -> 1550
A29: Total Wages and Benefits | C29: =SUM(C23:C28) -> 9406.63 | D29: =SUM(D23:D28) -> 62816.07 | E29: =SUM(E23:E28) -> 86353.24 | F29: =SUM(F23:F28) -> 54235.61 | G29: =SUM(G23:G28) -> 66390 | H29: =SUM(H23:H28) -> 30980
A31: Professional/Contractual Services:
A32: 570-270-100 | B32: =VLOOKUP(A32,'[1]SQL DATA'!$B:$J,3,FALSE) -> R&C - Cont. - Contracted Maint. - Parks | C32: =VLOOKUP(A32,'[1]SQL DATA'!$B:$K,10,FALSE) -> 20900.66 | D32: =VLOOKUP(A32,'[1]SQL DATA'!$B:$J,9,FALSE) -> 6576.65 | E32: =VLOOKUP(A32,'[1]SQL DATA'!$B:$J,7,FALSE) -> -3823 | F32: =VLOOKUP(A32,'[1]SQL DATA'!$B:$J,6,FALSE) -> 402.5 | G32: 5000 | H32: 5000
A33: Total Professional/Contractual Services | C33: =SUM(C32) -> 20900.66 | D33: =SUM(D32) -> 6576.65 | E33: =SUM(E32) -> -3823 | F33: =SUM(F32) -> 402.5 | G33: =SUM(G32) -> 5000 | H33: =SUM(H32) -> 5000
A35: Utilities:
A36: 570-300-160 | B36: =VLOOKUP(A36,'[1]SQL DATA'!$B:$J,3,FALSE) -> R&C - Utility - Heat - Parks, CG & SG | C36: =VLOOKUP(A36,'[1]SQL DATA'!$B:$K,10,FALSE) -> 601.97 | D36: =VLOOKUP(A36,'[1]SQL DATA'!$B:$J,9,FALSE) -> 77.57 | E36: =VLOOKUP(A36,'[1]SQL DATA'!$B:$J,7,FALSE) -> 552.04 | F36: =VLOOKUP(A36,'[1]SQL DATA'!$B:$J,6,FALSE) -> 252.31 | G36: 600 | H36: 600
A37: 570-310-160 | B37: =VLOOKUP(A37,'[1]SQL DATA'!$B:$J,3,FALSE) -> R&C - Utility - Power - Parks, CG & SG | C37: =VLOOKUP(A37,'[1]SQL DATA'!$B:$K,10,FALSE) -> 7217.12 | D37: =VLOOKUP(A37,'[1]SQL DATA'!$B:$J,9,FALSE) -> 1046.8 | E37: =VLOOKUP(A37,'[1]SQL DATA'!$B:$J,7,FALSE) -> 3793.66 | F37: =VLOOKUP(A37,'[1]SQL DATA'!$B:$J,6,FALSE) -> 3065.16 | G37: 7220 | H37: 4100
A38: 570-320-170 | B38: =VLOOKUP(A38,'[1]SQL DATA'!$B:$J,3,FALSE) -> R&C - Utility - Water - Parks, CG & SG | C38: =VLOOKUP(A38,'[1]SQL DATA'!$B:$K,10,FALSE) -> 0 | D38: =VLOOKUP(A38,'[1]SQL DATA'!$B:$J,9,FALSE) -> 0 | E38: =VLOOKUP(A38,'[1]SQL DATA'!$B:$J,7,FALSE) -> 0 | F38: =VLOOKUP(A38,'[1]SQL DATA'!$B:$J,6,FALSE) -> 0 | G38: 0 | H38: 0
A39: 570-330-160 | B39: =VLOOKUP(A39,'[1]SQL DATA'!$B:$J,3,FALSE) -> R&C - Utility - Telephone -Tourist Booth | C39: =VLOOKUP(A39,'[1]SQL DATA'!$B:$K,10,FALSE) -> 1176.45 | D39: =VLOOKUP(A39,'[1]SQL DATA'!$B:$J,9,FALSE) -> 325.94 | E39: =VLOOKUP(A39,'[1]SQL DATA'!$B:$J,7,FALSE) -> 1147.19 | F39: =VLOOKUP(A39,'[1]SQL DATA'!$B:$J,6,FALSE) -> 904.53 | G39: 1200 | H39: 1200
A40: Total Utilities | C40: =SUM(C36:C39) -> 8995.54 | D40: =SUM(D36:D39) -> 1450.31 | E40: =SUM(E36:E39) -> 5492.89 | F40: =SUM(F36:F39) -> 4222 | G40: =SUM(G36:G39) -> 9020 | H40: =SUM(H36:H39) -> 5900
A43: Maintenance, Materials, and Supplies:
A44: 570-230-135 | B44: =VLOOKUP(A44,'[1]SQL DATA'!$B:$J,3,FALSE) -> R&C - Cont. - Insurance - Parks, CG & SG | C44: =VLOOKUP(A44,'[1]SQL DATA'!$B:$K,10,FALSE) -> 1790.34 | D44: =VLOOKUP(A44,'[1]SQL DATA'!$B:$J,9,FALSE) -> 1331.48 | E44: =VLOOKUP(A44,'[1]SQL DATA'!$B:$J,7,FALSE) -> 2864.79 | F44: =VLOOKUP(A44,'[1]SQL DATA'!$B:$J,6,FALSE) -> 2954.36 | G44: 2750 | H44: 2750
A45: 570-250-115 | B45: =VLOOKUP(A45,'[1]SQL DATA'!$B:$J,3,FALSE) -> R&C - Cont. - Conf. Fees/Train - Parks | C45: =VLOOKUP(A45,'[1]SQL DATA'!$B:$K,10,FALSE) -> 1224.18 | D45: =VLOOKUP(A45,'[1]SQL DATA'!$B:$J,9,FALSE) -> 600 | E45: =VLOOKUP(A45,'[1]SQL DATA'!$B:$J,7,FALSE) -> 2039.5 | F45: =VLOOKUP(A45,'[1]SQL DATA'!$B:$J,6,FALSE) -> 302.54 | G45: 1200 | H45: 1200
A46: 570-280-100 | B46: =VLOOKUP(A46,'[1]SQL DATA'!$B:$J,3,FALSE) -> R&C - Cont. - Contract Equip. Rprs Parks | C46: =VLOOKUP(A46,'[1]SQL DATA'!$B:$K,10,FALSE) -> 327.4 | D46: =VLOOKUP(A46,'[1]SQL DATA'!$B:$J,9,FALSE) -> 86.67 | E46: =VLOOKUP(A46,'[1]SQL DATA'!$B:$J,7,FALSE) -> 500 | F46: =VLOOKUP(A46,'[1]SQL DATA'!$B:$J,6,FALSE) -> 0 | G46: 500 | H46: 500
A47: 570-285-135 | B47: =VLOOKUP(A47,'[1]SQL DATA'!$B:$J,3,FALSE) -> R&C - Cont. - Building Maintenance Parks | C47: =VLOOKUP(A47,'[1]SQL DATA'!$B:$K,10,FALSE) -> 5240.86 | D47: =VLOOKUP(A47,'[1]SQL DATA'!$B:$J,9,FALSE) -> 1371.51 | E47: =VLOOKUP(A47,'[1]SQL DATA'!$B:$J,7,FALSE) -> 27352.02 | F47: =VLOOKUP(A47,'[1]SQL DATA'!$B:$J,6,FALSE) -> 7768.54 | G47: 16820 | H47: =6000+16820+3000+4500-3000-9000 -> 18320
A48: 570-420-145 | B48: =VLOOKUP(A48,'[1]SQL DATA'!$B:$J,3,FALSE) -> R&C - Supplies (includes fuel/oil) Parks | C48: =VLOOKUP(A48,'[1]SQL DATA'!$B:$K,10,FALSE) -> 5533.2 | D48: =VLOOKUP(A48,'[1]SQL DATA'!$B:$J,9,FALSE) -> 4221.91 | E48: =VLOOKUP(A48,'[1]SQL DATA'!$B:$J,7,FALSE) -> 8283.69 | F48: =VLOOKUP(A48,'[1]SQL DATA'!$B:$J,6,FALSE) -> 2505.45 | G48: 6000 | H48: 8300
A49: 570-430-135 | B49: =VLOOKUP(A49,'[1]SQL DATA'!$B:$J,3,FALSE) -> R&C - Small Tools & Equip. - Parks/CG/SG | C49: =VLOOKUP(A49,'[1]SQL DATA'!$B:$K,10,FALSE) -> 300.06 | D49: =VLOOKUP(A49,'[1]SQL DATA'!$B:$J,9,FALSE) -> 627.18 | E49: =VLOOKUP(A49,'[1]SQL DATA'!$B:$J,7,FALSE) -> 7909.96 | F49: =VLOOKUP(A49,'[1]SQL DATA'!$B:$J,6,FALSE) -> 4659.61 | G49: 7870 | H49: 8000
A50: 570-430-170 | B50: =VLOOKUP(A50,'[1]SQL DATA'!$B:$J,3,FALSE) -> R&C - Bldg Mat/Supply - Parks/CG/SG | C50: =VLOOKUP(A50,'[1]SQL DATA'!$B:$K,10,FALSE) -> 1019.35 | D50: =VLOOKUP(A50,'[1]SQL DATA'!$B:$J,9,FALSE) -> 321.3 | E50: =VLOOKUP(A50,'[1]SQL DATA'!$B:$J,7,FALSE) -> 39.99 | F50: =VLOOKUP(A50,'[1]SQL DATA'!$B:$J,6,FALSE) -> 3591.51 | G50: 1170 | H50: =1170 -> 1170
A51: Total Maintenance, Materials, and Supplies | C51: =SUM(C44:C50) -> 15435.39 | D51: =SUM(D44:D50) -> 8560.05 | E51: =SUM(E44:E50) -> 48989.95 | F51: =SUM(F44:F50) -> 21782.01 | G51: =SUM(G44:G50) -> 36310 | H51: =SUM(H44:H50) -> 40240
A53: 570-600-140 | B53: =VLOOKUP(A53,'[1]SQL DATA'!$B:$J,3,FALSE) -> R&C - Purchase of Cap Assets - Parks | C53: =VLOOKUP(A53,'[1]SQL DATA'!$B:$K,10,FALSE) -> 0 | D53: =VLOOKUP(A53,'[1]SQL DATA'!$B:$J,9,FALSE) -> 0 | E53: =VLOOKUP(A53,'[1]SQL DATA'!$B:$J,7,FALSE) -> 0 | F53: =VLOOKUP(A53,'[1]SQL DATA'!$B:$J,6,FALSE) -> 0 | G53: 0 | H53: 0
A54: 590-100-135 | B54: =VLOOKUP(A54,'[1]SQL DATA'!$B:$J,3,FALSE) -> Transfer to Reserves - Parks, CG & SG | C54: =VLOOKUP(A54,'[1]SQL DATA'!$B:$K,10,FALSE) -> 0 | D54: =VLOOKUP(A54,'[1]SQL DATA'!$B:$J,9,FALSE) -> 6181.27 | E54: =VLOOKUP(A54,'[1]SQL DATA'!$B:$J,7,FALSE) -> 0 | F54: =VLOOKUP(A54,'[1]SQL DATA'!$B:$J,6,FALSE) -> 0 | G54: 0 | H54: 10000
A55: Total Expenses | C55: =C29+C33+C40+C51++C53+C54 -> 54738.22 | D55: =D29+D33+D40+D51++D53+D54 -> 85584.35 | E55: =E29+E33+E40+E51++E53+E54 -> 137013.08 | F55: =F29+F33+F40+F51++F53+F54 -> 80642.12 | G55: =G29+G33+G40+G51++G53+G54 -> 116720 | H55: =H29+H33+H40+H51++H53+H54 -> 92120
A57: Surplus (Deficit) by Cost Centre | C57: =(C19)-C55 -> -53038.22 | D57: =(D19)-D55 -> -74328.08 | E57: =(E19)-E55 -> -106872.43 | F57: =(F19)-F55 -> -57915.72 | G57: =(G19)-G55 -> -85520 | H57: =(H19)-H55 -> -66070

Sheet Playground Program
C1: 2019 | D1: 2020 | E1: 2021 | F1: 2022 | G1: 2021 | H1: 2022
C2: YTD | D2: YTD | E2: YTD | F2: YTD | G2: Budget | H2: Budget
A3: Revenues
A4: Fees and Charges:
A5: 420-510-800 | B5: =VLOOKUP(A5,'[1]SQL DATA'!$B:$J,3,FALSE) -> F&C - Rec Fees - Playground Prog Fees | C5: =VLOOKUP(A5,'[1]SQL DATA'!$B:$K,10,FALSE) -> 1255.2 | D5: =VLOOKUP(A5,'[1]SQL DATA'!$B:$J,9,FALSE) -> 1760 | E5: =VLOOKUP(A5,'[1]SQL DATA'!$B:$J,7,FALSE) -> 3139.05 | F5: =VLOOKUP(A5,'[1]SQL DATA'!$B:$J,6,FALSE) -> 5340 | G5: 1760 | H5: 4000
A6: Total Fees and Charges | C6: =SUM(C5) -> 1255.2 | D6: =SUM(D5) -> 1760 | E6: =SUM(E5) -> 3139.05 | F6: =SUM(F5) -> 5340 | G6: =SUM(G5) -> 1760 | H6: =SUM(H5) -> 4000
A8: Grants - Conditional:
A9: 450-115-115 | B9: =VLOOKUP(A9,'[1]SQL DATA'!$B:$J,3,FALSE) -> Unconditional Local Grants - PG Program | C9: =VLOOKUP(A9,'[1]SQL DATA'!$B:$K,10,FALSE) -> 825.18 | D9: =VLOOKUP(A9,'[1]SQL DATA'!$B:$J,9,FALSE) -> 825.18 | E9: =VLOOKUP(A9,'[1]SQL DATA'!$B:$J,7,FALSE) -> 1097.44 | F9: =VLOOKUP(A9,'[1]SQL DATA'!$B:$J,6,FALSE) -> 0 | G9: 800 | H9: 500
A10: 450-230-115 | B10: =VLOOKUP(A10,'[1]SQL DATA'!$B:$J,3,FALSE) -> Conditional - Federal - Student Emp | C10: =VLOOKUP(A10,'[1]SQL DATA'!$B:$K,10,FALSE) -> 0 | D10: =VLOOKUP(A10,'[1]SQL DATA'!$B:$J,9,FALSE) -> 0 | E10: =VLOOKUP(A10,'[1]SQL DATA'!$B:$J,7,FALSE) -> 0 | F10: =VLOOKUP(A10,'[1]SQL DATA'!$B:$J,6,FALSE) -> 0 | G10: 0 | H10: 0
A11: 450-305-100 | B11: =VLOOKUP(A11,'[1]SQL DATA'!$B:$J,3,FALSE) -> Conditional - Prov - CIF | C11: =VLOOKUP(A11,'[1]SQL DATA'!$B:$K,10,FALSE) -> 4000 | D11: =VLOOKUP(A11,'[1]SQL DATA'!$B:$J,9,FALSE) -> 6000 | E11: =VLOOKUP(A11,'[1]SQL DATA'!$B:$J,7,FALSE) -> 5000 | F11: =VLOOKUP(A11,'[1]SQL DATA'!$B:$J,6,FALSE) -> 3200 | G11: 5000 | H11: 4000
A12: 450-320-110 | B12: =VLOOKUP(A12,'[1]SQL DATA'!$B:$J,3,FALSE) -> Conditional - Provincial - Student Emp | C12: =VLOOKUP(A12,'[1]SQL DATA'!$B:$K,10,FALSE) -> 0 | D12: =VLOOKUP(A12,'[1]SQL DATA'!$B:$J,9,FALSE) -> 0 | E12: =VLOOKUP(A12,'[1]SQL DATA'!$B:$J,7,FALSE) -> 0 | F12: =VLOOKUP(A12,'[1]SQL DATA'!$B:$J,6,FALSE) -> 0 | G12: 0 | H12: 0
A13: Total Grants - Conditional | C13: =SUM(C9:C12) -> 4825.18 | D13: =SUM(D9:D12) -> 6825.18 | E13: =SUM(E9:E12) -> 6097.44 | F13: =SUM(F9:F12) -> 3200 | G13: =SUM(G9:G12) -> 5800 | H13: =SUM(H9:H12) -> 4500
A15: Total Revenues | C15: =C6+C13 -> 6080.38 | D15: =D6+D13 -> 8585.18 | E15: =E6+E13 -> 9236.49 | F15: =F6+F13 -> 8540 | G15: =G6+G13 -> 7560 | H15: =H6+H13 -> 8500
A17: Expenses
A18: Wages and Benefits:
A19: 570-110-170 | B19: =VLOOKUP(A19,'[1]SQL DATA'!$B:$J,3,FALSE) -> R&C - Salaries - Playground Program | C19: =VLOOKUP(A19,'[1]SQL DATA'!$B:$K,10,FALSE) -> 7584.99 | D19: =VLOOKUP(A19,'[1]SQL DATA'!$B:$J,9,FALSE) -> 6237.12 | E19: =VLOOKUP(A19,'[1]SQL DATA'!$B:$J,7,FALSE) -> 7772.54 | F19: =VLOOKUP(A19,'[1]SQL DATA'!$B:$J,6,FALSE) -> 4784.31 | G19: 6240 | H19: 11520
A20: 570-120-180 | B20: =VLOOKUP(A20,'[1]SQL DATA'!$B:$J,3,FALSE) -> R&C - Benefits - Playground Program | C20: =VLOOKUP(A20,'[1]SQL DATA'!$B:$K,10,FALSE) -> 592.63 | D20: =VLOOKUP(A20,'[1]SQL DATA'!$B:$J,9,FALSE) -> 528.31 | E20: =VLOOKUP(A20,'[1]SQL DATA'!$B:$J,7,FALSE) -> 667.65 | F20: =VLOOKUP(A20,'[1]SQL DATA'!$B:$J,6,FALSE) -> 431.74 | G20: 530 | H20: 800
A21: Total Wages and Benefits | C21: =SUM(C19:C20) -> 8177.62 | D21: =SUM(D19:D20) -> 6765.43 | E21: =SUM(E19:E20) -> 8440.19 | F21: =SUM(F19:F20) -> 5216.05 | G21: =SUM(G19:G20) -> 6770 | H21: =SUM(H19:H20) -> 12320
A23: Maintenance, Materials, and Supplies:
A24: 570-420-195 | B24: =VLOOKUP(A24,'[1]SQL DATA'!$B:$J,3,FALSE) -> R&C - Program Supplies - Playground Prog | C24: =VLOOKUP(A24,'[1]SQL DATA'!$B:$K,10,FALSE) -> 3013.77 | D24: =VLOOKUP(A24,'[1]SQL DATA'!$B:$J,9,FALSE) -> 3366.71 | E24: =VLOOKUP(A24,'[1]SQL DATA'!$B:$J,7,FALSE) -> 842.07 | F24: =VLOOKUP(A24,'[1]SQL DATA'!$B:$J,6,FALSE) -> 282.63 | G24: 3400 | H24: 3400
A25: Total Maintenance, Materials, and Supplies | C25: =SUM(C24) -> 3013.77 | D25: =SUM(D24) -> 3366.71 | E25: =SUM(E24) -> 842.07 | F25: =SUM(F24) -> 282.63 | G25: =SUM(G24) -> 3400 | H25: =SUM(H24) -> 3400
A27: Total Expenses | C27: =C21+C25 -> 11191.39 | D27: =D21+D25 -> 10132.14 | E27: =E21+E25 -> 9282.26 | F27: =F21+F25 -> 5498.68 | G27: =G21+G25 -> 10170 | H27: =H21+H25 -> 15720
A29: Surplus (Deficit) by Cost Centre | C29: =(C15)-C27 -> -5111.01 | D29: =(D15)-D27 -> -1546.96 | E29: =(E15)-E27 -> -45.77 | F29: =(F15)-F27 -> 3041.32 | G29: =(G15)-G27 -> -2610 | H29: =(H15)-H27 -> -7220

Sheet Culture
B1: 2019 | C1: 2020 | D1: 2021 | E1: 2022 | F1: 2021 | G1: 2022
B2: YTD | C2: YTD | D2: YTD | E2: YTD | F2: Budget | G2: Budget
A3: Revenues
A4: Transfer from Reserves | B4: =SUM('Community Hall'!C6+Museum!C5+Cemetery!C6) -> 27669.53 | C4: =SUM('Community Hall'!D6+Museum!D5+Cemetery!D6) -> 31175 | D4: =SUM('Community Hall'!E6+Museum!E5+Cemetery!E6) -> 17281.55 | E4: =SUM('Community Hall'!F6+Museum!F5+Cemetery!F6) -> 11677.5 | F4: =SUM('Community Hall'!G6+Museum!G5+Cemetery!G6) -> 18500 | G4: =SUM(Museum!H5+Cemetery!H6) -> 0
A5: Fees and Charges | B5: =SUM('Community Hall'!C6+Theatre!C6+Museum!C10+'Other Rec Services'!C6+Cemetery!C14) -> 29529.53 | C5: =SUM('Community Hall'!D6+Theatre!D6+Museum!D10+'Other Rec Services'!D6+Cemetery!D14) -> 21325 | D5: =SUM('Community Hall'!E6+Theatre!E6+Museum!E10+'Other Rec Services'!E6+Cemetery!E14) -> 33970.17 | E5: =SUM('Community Hall'!F6+Theatre!F6+Museum!F10+'Other Rec Services'!F6+Cemetery!F14) -> 18547.7 | F5: =SUM('Community Hall'!G6+Theatre!G6+Museum!G10+'Other Rec Services'!G6+Cemetery!G14) -> 26340 | G5: =SUM('Community Hall'!H6+Theatre!H6+Museum!H10+'Other Rec Services'!H6+Cemetery!H14) -> 28310
A6: Grants | B6: =SUM('Community Hall'!C7+Theatre!C7+Museum!C11+'Other Rec Services'!C7+Cemetery!C15) -> 0 | C6: =SUM('Community Hall'!D7+Theatre!D7+Museum!D11+'Other Rec Services'!D7+Cemetery!D15) -> 0 | D6: =SUM('Community Hall'!E7+Theatre!E7+Museum!E11+'Other Rec Services'!E7+Cemetery!E15) -> 0 | E6: =SUM('Community Hall'!F7+Theatre!F7+Museum!F11+'Other Rec Services'!F7+Cemetery!F15) -> 0 | F6: =SUM('Community Hall'!G7+Theatre!G7+Museum!G11+'Other Rec Services'!G7+Cemetery!G15) -> 0 | G6: =SUM('Community Hall'!H10+'Other Rec Services'!H10) -> 0
A7: Total Revenues | B7: =SUM(B4:B6) -> 57199.06 | C7: =SUM(C4:C6) -> 52500 | D7: =SUM(D4:D6) -> 51251.72 | E7: =SUM(E4:E6) -> 30225.2 | F7: =SUM(F4:F6) -> 44840 | G7: =SUM(G4:G6) -> 28310
A9: Expenses
A10: Wages and Benefits | B10: =SUM('Community Hall'!C18+Theatre!C14+Museum!C19+'Other Rec Services'!C20+Cemetery!C22) -> 12464.44 | C10: =SUM('Community Hall'!D18+Theatre!D14+Museum!D19+'Other Rec Services'!D20+Cemetery!D22) -> 21430.78 | D10: =SUM('Community Hall'!E18+Theatre!E14+Museum!E19+'Other Rec Services'!E20+Cemetery!E22) -> 30097.57 | E10: =SUM('Community Hall'!F18+Theatre!F14+Museum!F19+'Other Rec Services'!F20+Cemetery!F22) -> 15096.5 | F10: =SUM('Community Hall'!G18+Theatre!G14+Museum!G19+'Other Rec Services'!G20+Cemetery!G22) -> 24520 | G10: =SUM('Community Hall'!H18+Theatre!H14+Museum!H19+Cemetery!H22) -> 23220
A11: Professional/Contractual Services | B11: =SUM('Community Hall'!C23+Theatre!C19+Cemetery!C26) -> 41886.86 | C11: =SUM('Community Hall'!D23+Theatre!D19+Cemetery!D26) -> 6767.5 | D11: =SUM('Community Hall'!E23+Theatre!E19+Cemetery!E26) -> 8652.79 | E11: =SUM('Community Hall'!F23+Theatre!F19+Cemetery!F26) -> 6248.74 | F11: =SUM('Community Hall'!G23+Theatre!G19+Cemetery!G26) -> 6000 | G11: =SUM('Community Hall'!H23+Theatre!H19+Cemetery!H26) -> 10000
A12: Utilities | B12: =SUM('Community Hall'!C29+Theatre!C25+Museum!C24+'Other Rec Services'!C20) -> 21647.07 | C12: =SUM('Community Hall'!D29+Theatre!D25+Museum!D24+'Other Rec Services'!D20) -> 21368.27 | D12: =SUM('Community Hall'!E29+Theatre!E25+Museum!E24+'Other Rec Services'!E20) -> 21216.58 | E12: =SUM('Community Hall'!F29+Theatre!F25+Museum!F24+'Other Rec Services'!F20) -> 15824.75 | F12: =SUM('Community Hall'!G29+Theatre!G25+Museum!G24+'Other Rec Services'!G20) -> 22200 | G12: =SUM('Community Hall'!H29+Theatre!H25+Museum!H24+'Other Rec Services'!H20) -> 18850
A13: Maintenance, Materials, and Supplies | B13: =SUM('Community Hall'!C36+Theatre!C32+Museum!C30+'Other Rec Services'!C27) -> 51155.07 | C13: =SUM('Community Hall'!D36+Theatre!D32+Museum!D30+'Other Rec Services'!D27) -> 45187.69 | D13: =SUM('Community Hall'!E36+Theatre!E32+Museum!E30+'Other Rec Services'!E27) -> 60138.67 | E13: =SUM('Community Hall'!F36+Theatre!F32+Museum!F30+'Other Rec Services'!F27) -> 38645.12 | F13: =SUM('Community Hall'!G36+Theatre!G32+Museum!G30+'Other Rec Services'!G27) -> 57630 | G13: =SUM('Community Hall'!H36+Theatre!H32+Museum!H30+'Other Rec Services'!H27) -> 66120
A14: Grants and Contributions | B14: =SUM('Other Rec Services'!C31) -> 31696.33 | C14: =SUM('Other Rec Services'!D31) -> 96238.86 | D14: =SUM('Other Rec Services'!E31) -> 34269.22 | E14: =SUM('Other Rec Services'!F31) -> 42596.27 | F14: =SUM('Other Rec Services'!G31) -> 34000 | G14: =SUM('Other Rec Services'!H31) -> 42000
A15: Amortization | B15: 0 | C15: 0 | D15: 0 | E15: 0 | F15: 0 | G15: 0
A16: Interest & Bank Charges | B16: 0 | C16: 0 | D16: 0 | E16: 0 | F16: 0 | G16: 0
A17: Other | B17: 0 | C17: 0 | D17: 0 | E17: 0 | F17: 0 | G17: 0
A18: Capital | B18: 0 | C18: 0 | D18: 0 | E18: 0 | F18: 0
A19: Transfer to Reserves | B19: =SUM(Cemetery!C28) -> 2100 | C19: =SUM(Cemetery!D28) -> 400 | D19: =SUM(Cemetery!E28) -> 7175 | E19: =SUM(Cemetery!F28) -> 0 | F19: =SUM(Cemetery!G28) -> 0 | G19: =SUM(Cemetery!H28) -> 0
A20: Total Expenses | B20: =SUM(B10:B19) -> 160949.77 | C20: =SUM(C10:C19) -> 191393.1 | D20: =SUM(D10:D19) -> 161549.83 | E20: =SUM(E10:E19) -> 118411.38 | F20: =SUM(F10:F19) -> 144350 | G20: =SUM(G10:G19) -> 160190
A22: Surplus (Deficit) by Cost Centre | B22: =B7-B20 -> -103750.71 | C22: =C7-C20 -> -138893.1 | D22: =D7-D20 -> -110298.11 | E22: =E7-E20 -> -88186.18 | F22: =F7-F20 -> -99510 | G22: =G7-G20 -> -131880
B25: 2019
B26: =(B22/'GG -Admin'!C9)*-1 -> 0.067933495 | C26: Based on taxes | E26: =(G22/'GG -Admin'!H9)*-1 -> 0.082048092 | F26: Based on taxes
B27: =(B22/'SUMMARY-F'!B5)*-1 -> 0.035301177 | C27: Based on fees & charges | E27: =(G22/'SUMMARY-F'!G5)*-1 -> 0.043741294 | F27: Based on fees & charges

Sheet Community Hall
C1: 2019 | D1: 2020 | E1: 2021 | F1: 2022 | G1: 2021 | H1: 2022
C2: YTD | D2: YTD | E2: YTD | F2: YTD | G2: Budget | H2: Budget
A3: Revenues
A4: Fees and Charges:
A5: 420-530-200 | B5: =VLOOKUP(A5,'[1]SQL DATA'!$B:$J,3,FALSE) -> F&C - Community Halls Fees | C5: =VLOOKUP(A5,'[1]SQL DATA'!$B:$K,10,FALSE) -> 16669.53 | D5: =VLOOKUP(A5,'[1]SQL DATA'!$B:$J,9,FALSE) -> 18975 | E5: =VLOOKUP(A5,'[1]SQL DATA'!$B:$J,7,FALSE) -> 15281.55 | F5: =VLOOKUP(A5,'[1]SQL DATA'!$B:$J,6,FALSE) -> 11677.5 | G5: 16500 | H5: 16500
A6: Total Fees and Charges | C6: =+C5 -> 16669.53 | D6: =+D5 -> 18975 | E6: =+E5 -> 15281.55 | F6: =+F5 -> 11677.5 | G6: =+G5 -> 16500 | H6: =+H5 -> 16500
A8: Grants - Conditional:
B9: Conditional | C9: 0
A10: Total Grants - Conditional | C10: =SUM(C9) -> 0 | D10: =SUM(D9) -> 0 | E10: =SUM(E9) -> 0 | F10: =SUM(F9) -> 0 | G10: =SUM(G9) -> 0 | H10: =SUM(H9) -> 0
A12: Total Revenues | C12: =C6+C10 -> 16669.53 | D12: =D6+D10 -> 18975 | E12: =E6+E10 -> 15281.55 | F12: =F6+F10 -> 11677.5 | G12: =G6+G10 -> 16500 | H12: =H6+H10 -> 16500
A14: Expenses
A15: Wages and Benefits:
A16: 570-110-150 | B16: =VLOOKUP(A16,'[1]SQL DATA'!$B:$J,3,FALSE) -> R&C - Salaries - Hall | C16: =VLOOKUP(A16,'[1]SQL DATA'!$B:$K,10,FALSE) -> 59.16 | D16: =VLOOKUP(A16,'[1]SQL DATA'!$B:$J,9,FALSE) -> 2156.77 | E16: =VLOOKUP(A16,'[1]SQL DATA'!$B:$J,7,FALSE) -> 4131.33 | F16: =VLOOKUP(A16,'[1]SQL DATA'!$B:$J,6,FALSE) -> 1147 | G16: 5400 | H16: 4370
A17: 570-120-150 | B17: =VLOOKUP(A17,'[1]SQL DATA'!$B:$J,3,FALSE) -> R&C - Benefits - Hall | C17: =VLOOKUP(A17,'[1]SQL DATA'!$B:$K,10,FALSE) -> 112.95 | D17: =VLOOKUP(A17,'[1]SQL DATA'!$B:$J,9,FALSE) -> 541.11 | E17: =VLOOKUP(A17,'[1]SQL DATA'!$B:$J,7,FALSE) -> 341.62 | F17: =VLOOKUP(A17,'[1]SQL DATA'!$B:$J,6,FALSE) -> 370.13 | G17: 600 | H17: 960
A18: Total Wages and Benefits | C18: =SUM(C16:C17) -> 172.11 | D18: =SUM(D16:D17) -> 2697.88 | E18: =SUM(E16:E17) -> 4472.95 | F18: =SUM(F16:F17) -> 1517.13 | G18: =SUM(G16:G17) -> 6000 | H18: =SUM(H16:H17) -> 5330
A20: Professional/Contractual Services:
A21: 570-270-110 | B21: =VLOOKUP(A21,'[1]SQL DATA'!$B:$J,3,FALSE) -> R&C - Cont. - Contracted Maint. - Hall | C21: =VLOOKUP(A21,'[1]SQL DATA'!$B:$K,10,FALSE) -> 6000 | D21: =VLOOKUP(A21,'[1]SQL DATA'!$B:$J,9,FALSE) -> 3000 | E21: =VLOOKUP(A21,'[1]SQL DATA'!$B:$J,7,FALSE) -> 0 | F21: =VLOOKUP(A21,'[1]SQL DATA'!$B:$J,6,FALSE) -> 1656.22 | G21: 0 | H21: 0
A22: 570-430-150 | B22: =VLOOKUP(A22,'[1]SQL DATA'!$B:$J,3,FALSE) -> R&C - Bldg Mat/Supply - Hall | C22: =VLOOKUP(A22,'[1]SQL DATA'!$B:$K,10,FALSE) -> 9214.45 | D22: =VLOOKUP(A22,'[1]SQL DATA'!$B:$J,9,FALSE) -> 1199.21 | E22: =VLOOKUP(A22,'[1]SQL DATA'!$B:$J,7,FALSE) -> 4365.62 | F22: =VLOOKUP(A22,'[1]SQL DATA'!$B:$J,6,FALSE) -> 3908.82 | G22: 1000 | H22: 0
A23: Total Professional/Contractual Services | C23: =SUM(C21:C22) -> 15214.45 | D23: =SUM(D21:D22) -> 4199.21 | E23: =SUM(E21:E22) -> 4365.62 | F23: =SUM(F21:F22) -> 5565.04 | G23: =SUM(G21:G22) -> 1000 | H23: =SUM(H21:H22) -> 0
A25: Utilities:
A26: 570-310-150 | B26: =VLOOKUP(A26,'[1]SQL DATA'!$B:$J,3,FALSE) -> R&C - Utility - Power - Hall | C26: =VLOOKUP(A26,'[1]SQL DATA'!$B:$K,10,FALSE) -> 3654.08 | D26: =VLOOKUP(A26,'[1]SQL DATA'!$B:$J,9,FALSE) -> 3613.49 | E26: =VLOOKUP(A26,'[1]SQL DATA'!$B:$J,7,FALSE) -> 3794.54 | F26: =VLOOKUP(A26,'[1]SQL DATA'!$B:$J,6,FALSE) -> 3248.9 | G26: 3800 | H26: 3800
A27: 570-300-150 | B27: =VLOOKUP(A27,'[1]SQL DATA'!$B:$J,3,FALSE) -> R&C - Utility - Heat - Hall | C27: =VLOOKUP(A27,'[1]SQL DATA'!$B:$K,10,FALSE) -> 2205.51 | D27: =VLOOKUP(A27,'[1]SQL DATA'!$B:$J,9,FALSE) -> 2221.02 | E27: =VLOOKUP(A27,'[1]SQL DATA'!$B:$J,7,FALSE) -> 2201.85 | F27: =VLOOKUP(A27,'[1]SQL DATA'!$B:$J,6,FALSE) -> 1624.42 | G27: 2200 | H27: 2200
A28: 570-320-150 | B28: =VLOOKUP(A28,'[1]SQL DATA'!$B:$J,3,FALSE) -> R&C - Utility - Water - Hall | C28: =VLOOKUP(A28,'[1]SQL DATA'!$B:$K,10,FALSE) -> 967.97 | D28: =VLOOKUP(A28,'[1]SQL DATA'!$B:$J,9,FALSE) -> 1026.9 | E28: =VLOOKUP(A28,'[1]SQL DATA'!$B:$J,7,FALSE) -> 1049.14 | F28: =VLOOKUP(A28,'[1]SQL DATA'!$B:$J,6,FALSE) -> 619.8 | G28: 1050 | H28: 1050
A29: Total Utilities | C29: =SUM(C26:C28) -> 6827.56 | D29: =SUM(D26:D28) -> 6861.41 | E29: =SUM(E26:E28) -> 7045.53 | F29: =SUM(F26:F28) -> 5493.12 | G29: =SUM(G26:G28) -> 7050 | H29: =SUM(H26:H28) -> 7050
A31: Maintenance, Materials, and Supplies:
A32: 570-230-110 | B32: =VLOOKUP(A32,'[1]SQL DATA'!$B:$J,3,FALSE) -> R&C - Cont.- Insurance - Hall | C32: =VLOOKUP(A32,'[1]SQL DATA'!$B:$K,10,FALSE) -> 3578.56 | D32: =VLOOKUP(A32,'[1]SQL DATA'!$B:$J,9,FALSE) -> 3565.9 | E32: =VLOOKUP(A32,'[1]SQL DATA'!$B:$J,7,FALSE) -> 3901.41 | F32: =VLOOKUP(A32,'[1]SQL DATA'!$B:$J,6,FALSE) -> 4226.82 | G32: 3900 | H32: 4230
A33: 570-240-120 | B33: =VLOOKUP(A33,'[1]SQL DATA'!$B:$J,3,FALSE) -> R&C - Cont. Memberships/Subscript - Hall | C33: =VLOOKUP(A33,'[1]SQL DATA'!$B:$K,10,FALSE) -> 185.07 | D33: =VLOOKUP(A33,'[1]SQL DATA'!$B:$J,9,FALSE) -> 0 | E33: =VLOOKUP(A33,'[1]SQL DATA'!$B:$J,7,FALSE) -> 198.58 | F33: =VLOOKUP(A33,'[1]SQL DATA'!$B:$J,6,FALSE) -> 198.58 | G33: 200 | H33: 200
A34: 570-420-150 | B34: =VLOOKUP(A34,'[1]SQL DATA'!$B:$J,3,FALSE) -> R&C - Supplies - Hall | C34: =VLOOKUP(A34,'[1]SQL DATA'!$B:$K,10,FALSE) -> 0 | D34: =VLOOKUP(A34,'[1]SQL DATA'!$B:$J,9,FALSE) -> 0 | E34: =VLOOKUP(A34,'[1]SQL DATA'!$B:$J,7,FALSE) -> 0 | F34: =VLOOKUP(A34,'[1]SQL DATA'!$B:$J,6,FALSE) -> 404.88 | G34: 0 | H34: 0
A35: 570-430-150 | B35: =VLOOKUP(A35,'[1]SQL DATA'!$B:$J,3,FALSE) -> R&C - Bldg Mat/Supply - Hall | C35: =VLOOKUP(A35,'[1]SQL DATA'!$B:$K,10,FALSE) -> 9214.45 | D35: =VLOOKUP(A35,'[1]SQL DATA'!$B:$J,9,FALSE) -> 1199.21 | E35: =VLOOKUP(A35,'[1]SQL DATA'!$B:$J,7,FALSE) -> 4365.62 | F35: =VLOOKUP(A35,'[1]SQL DATA'!$B:$J,6,FALSE) -> 3908.82 | G35: 3100 | H35: 4100
A36: Total Maintenance, Materials, and Supplies | C36: =SUM(C32:C35) -> 12978.08 | D36: =SUM(D32:D35) -> 4765.11 | E36: =SUM(E32:E35) -> 8465.61 | F36: =SUM(F32:F35) -> 8739.1 | G36: =SUM(G32:G35) -> 7200 | H36: =SUM(H32:H35) -> 8530
A38: Total Expenses | C38: =C18+C23+C29+C36 -> 35192.2 | D38: =D18+D23+D29+D36 -> 18523.61 | E38: =E18+E23+E29+E36 -> 24349.71 | F38: =F18+F23+F29+F36 -> 21314.39 | G38: =G18+G23+G29+G36 -> 21250 | H38: =H18+H23+H29+H36 -> 20910
A40: Surplus (Deficit) by Cost Centre | C40: =(C12)-C38 -> -18522.67 | D40: =(D12)-D38 -> 451.39 | E40: =(E12)-E38 -> -9068.16 | F40: =(F12)-F38 -> -9636.89 | G40: =(G12)-G38 -> -4750 | H40: =(H12)-H38 -> -4410

Sheet Theatre
C1: 2019 | D1: 2020 | E1: 2021 | F1: 2022 | G1: 2021 | H1: 2022
C2: YTD | D2: YTD | E2: YTD | F2: YTD | G2: Budget | H2: Budget
A3: Revenues
A4: Fees and Charges:
A5: 420-520-400 | B5: =VLOOKUP(A5,'[1]SQL DATA'!$B:$J,3,FALSE) -> F&C - Rec Program Fees - Theatre | C5: =VLOOKUP(A5,'[1]SQL DATA'!$B:$K,10,FALSE) -> 3335 | D5: =VLOOKUP(A5,'[1]SQL DATA'!$B:$J,9,FALSE) -> -500 | E5: =VLOOKUP(A5,'[1]SQL DATA'!$B:$J,7,FALSE) -> 200 | F5: =VLOOKUP(A5,'[1]SQL DATA'!$B:$J,6,FALSE) -> 1775 | G5: 3340 | H5: 500
A6: Total Fees and Charges | C6: =SUM(C5:C5) -> 3335 | D6: =SUM(D5:D5) -> -500 | E6: =SUM(E5:E5) -> 200 | F6: =SUM(F5:F5) -> 1775 | G6: =SUM(G5:G5) -> 3340 | H6: =SUM(H5:H5) -> 500
A8: Total Revenues | C8: =C6 -> 3335 | D8: =D6 -> -500 | E8: =E6 -> 200 | F8: =F6 -> 1775 | G8: =G6 -> 3340 | H8: =H6 -> 500
A10: Expenses
A11: Wages and Benefits:
A12: 570-110-175 | B12: =VLOOKUP(A12,'[1]SQL DATA'!$B:$J,3,FALSE) -> R&C - Salaries - Theatre | C12: =VLOOKUP(A12,'[1]SQL DATA'!$B:$K,10,FALSE) -> 362.47 | D12: =VLOOKUP(A12,'[1]SQL DATA'!$B:$J,9,FALSE) -> 3168.88 | E12: =VLOOKUP(A12,'[1]SQL DATA'!$B:$J,7,FALSE) -> 2235.35 | F12: =VLOOKUP(A12,'[1]SQL DATA'!$B:$J,6,FALSE) -> 1504.9 | G12: 3170 | H12: 2290
A13: 570-120-155 | B13: =VLOOKUP(A13,'[1]SQL DATA'!$B:$J,3,FALSE) -> R&C - Benefits - Theatre | C13: =VLOOKUP(A13,'[1]SQL DATA'!$B:$K,10,FALSE) -> 28.75 | D13: =VLOOKUP(A13,'[1]SQL DATA'!$B:$J,9,FALSE) -> 875.02 | E13: =VLOOKUP(A13,'[1]SQL DATA'!$B:$J,7,FALSE) -> 1065.79 | F13: =VLOOKUP(A13,'[1]SQL DATA'!$B:$J,6,FALSE) -> 246.12 | G13: 880 | H13: 500
A14: Total Wages and Benefits | C14: =SUM(C12:C13) -> 391.22 | D14: =SUM(D12:D13) -> 4043.9 | E14: =SUM(E12:E13) -> 3301.14 | F14: =SUM(F12:F13) -> 1751.02 | G14: =SUM(G12:G13) -> 4050 | H14: =SUM(H12:H13) -> 2790
A16: Professional/Contractual Services:
A17: 570-270-120 | B17: =VLOOKUP(A17,'[1]SQL DATA'!$B:$J,3,FALSE) -> R&C - Cont. - Contracted Maint.- Theatre | C17: =VLOOKUP(A17,'[1]SQL DATA'!$B:$K,10,FALSE) -> 12319.62 | D17: =VLOOKUP(A17,'[1]SQL DATA'!$B:$J,9,FALSE) -> 0 | E17: =VLOOKUP(A17,'[1]SQL DATA'!$B:$J,7,FALSE) -> -0.05 | F17: =VLOOKUP(A17,'[1]SQL DATA'!$B:$J,6,FALSE) -> 0 | G17: 0 | H17: 0
A18: 570-430-140 | B18: =VLOOKUP(A18,'[1]SQL DATA'!$B:$J,3,FALSE) -> R&C - Bldg Mat/Supply - Theatre | C18: =VLOOKUP(A18,'[1]SQL DATA'!$B:$K,10,FALSE) -> 3150.79 | D18: =VLOOKUP(A18,'[1]SQL DATA'!$B:$J,9,FALSE) -> 0 | E18: =VLOOKUP(A18,'[1]SQL DATA'!$B:$J,7,FALSE) -> 1340.48 | F18: =VLOOKUP(A18,'[1]SQL DATA'!$B:$J,6,FALSE) -> 60.16 | G18: 0 | H18: 0
A19: Total Professional/Contractual Services | C19: =SUM(C17:C18) -> 15470.41 | D19: =SUM(D17:D18) -> 0 | E19: =SUM(E17:E18) -> 1340.43 | F19: =SUM(F17:F18) -> 60.16 | G19: =SUM(G17:G18) -> 0 | H19: =SUM(H17:H18) -> 0
A21: Utilities:
A22: 570-310-140 | B22: =VLOOKUP(A22,'[1]SQL DATA'!$B:$J,3,FALSE) -> R&C - Utility - Power - Theatre | C22: =VLOOKUP(A22,'[1]SQL DATA'!$B:$K,10,FALSE) -> 3261 | D22: =VLOOKUP(A22,'[1]SQL DATA'!$B:$J,9,FALSE) -> 1971 | E22: =VLOOKUP(A22,'[1]SQL DATA'!$B:$J,7,FALSE) -> 2404.92 | F22: =VLOOKUP(A22,'[1]SQL DATA'!$B:$J,6,FALSE) -> 1715.66 | G22: 3300 | H22: 2500
A23: 570-300-140 | B23: =VLOOKUP(A23,'[1]SQL DATA'!$B:$J,3,FALSE) -> R&C - Utility - Heat - Theatre | C23: =VLOOKUP(A23,'[1]SQL DATA'!$B:$K,10,FALSE) -> 4319.77 | D23: =VLOOKUP(A23,'[1]SQL DATA'!$B:$J,9,FALSE) -> 4154.95 | E23: =VLOOKUP(A23,'[1]SQL DATA'!$B:$J,7,FALSE) -> 2299.88 | F23: =VLOOKUP(A23,'[1]SQL DATA'!$B:$J,6,FALSE) -> 4136.47 | G23: 4400 | H23: 2500
A24: 570-320-140 | B24: =VLOOKUP(A24,'[1]SQL DATA'!$B:$J,3,FALSE) -> R&C - Utility - Water - Theatre | C24: =VLOOKUP(A24,'[1]SQL DATA'!$B:$K,10,FALSE) -> 1077.92 | D24: =VLOOKUP(A24,'[1]SQL DATA'!$B:$J,9,FALSE) -> 1528.17 | E24: =VLOOKUP(A24,'[1]SQL DATA'!$B:$J,7,FALSE) -> 1239.69 | F24: =VLOOKUP(A24,'[1]SQL DATA'!$B:$J,6,FALSE) -> 716.66 | G24: 1100 | H24: 1300
A25: Total Utilities | C25: =SUM(C22:C24) -> 8658.69 | D25: =SUM(D22:D24) -> 7654.12 | E25: =SUM(E22:E24) -> 5944.49 | F25: =SUM(F22:F24) -> 6568.79 | G25: =SUM(G22:G24) -> 8800 | H25: =SUM(H22:H24) -> 6300
A27: Maintenance, Materials, and Supplies:
A28: 570-230-120 | B28: =VLOOKUP(A28,'[1]SQL DATA'!$B:$J,3,FALSE) -> R&C - Cont. - Insurance - Theatre | C28: =VLOOKUP(A28,'[1]SQL DATA'!$B:$K,10,FALSE) -> 1317.58 | D28: =VLOOKUP(A28,'[1]SQL DATA'!$B:$J,9,FALSE) -> 1120.48 | E28: =VLOOKUP(A28,'[1]SQL DATA'!$B:$J,7,FALSE) -> 1660.57 | F28: =VLOOKUP(A28,'[1]SQL DATA'!$B:$J,6,FALSE) -> 1781.4 | G28: 1660 | H28: 1780
A29: 570-240-130 | B29: =VLOOKUP(A29,'[1]SQL DATA'!$B:$J,3,FALSE) -> R&C - Cont. - Memberships/Sub - Theatre | C29: =VLOOKUP(A29,'[1]SQL DATA'!$B:$K,10,FALSE) -> 185.07 | D29: =VLOOKUP(A29,'[1]SQL DATA'!$B:$J,9,FALSE) -> 198.58 | E29: =VLOOKUP(A29,'[1]SQL DATA'!$B:$J,7,FALSE) -> 198.58 | F29: =VLOOKUP(A29,'[1]SQL DATA'!$B:$J,6,FALSE) -> 208.04 | G29: 200 | H29: 200
A30: 570-420-140 | B30: =VLOOKUP(A30,'[1]SQL DATA'!$B:$J,3,FALSE) -> R&C - Supplies - Theatre | C30: =VLOOKUP(A30,'[1]SQL DATA'!$B:$K,10,FALSE) -> 14.83 | D30: =VLOOKUP(A30,'[1]SQL DATA'!$B:$J,9,FALSE) -> 1333.23 | E30: =VLOOKUP(A30,'[1]SQL DATA'!$B:$J,7,FALSE) -> 0 | F30: =VLOOKUP(A30,'[1]SQL DATA'!$B:$J,6,FALSE) -> 0 | G30: 1100 | H30: 1100
A31: 570-430-140 | B31: =VLOOKUP(A31,'[1]SQL DATA'!$B:$J,3,FALSE) -> R&C - Bldg Mat/Supply - Theatre | C31: =VLOOKUP(A31,'[1]SQL DATA'!$B:$K,10,FALSE) -> 3150.79 | D31: =VLOOKUP(A31,'[1]SQL DATA'!$B:$J,9,FALSE) -> 0 | E31: =VLOOKUP(A31,'[1]SQL DATA'!$B:$J,7,FALSE) -> 1340.48 | F31: =VLOOKUP(A31,'[1]SQL DATA'!$B:$J,6,FALSE) -> 60.16 | G31: 5500 | H31: 5500
A32: Total Maintenance, Materials, and Supplies | C32: =SUM(C28:C31) -> 4668.27 | D32: =SUM(D28:D31) -> 2652.29 | E32: =SUM(E28:E31) -> 3199.63 | F32: =SUM(F28:F31) -> 2049.6 | G32: =SUM(G28:G31) -> 8460 | H32: =SUM(H28:H31) -> 8580
A34: Total Expenses | C34: =C14+C19+C25+C32 -> 29188.59 | D34: =D14+D19+D25+D32 -> 14350.31 | E34: =E14+E19+E25+E32 -> 13785.69 | F34: =F14+F19+F25+F32 -> 10429.57 | G34: =G14+G19+G25+G32 -> 21310 | H34: =H14+H19+H25+H32 -> 17670
A36: Surplus (Deficit) by Cost Centre | C36: =(+C8)-C34 -> -25853.59 | D36: =(+D8)-D34 -> -14850.31 | E36: =(+E8)-E34 -> -13585.69 | F36: =(+F8)-F34 -> -8654.57 | G36: =(+G8)-G34 -> -17970 | H36: =(+H8)-H34 -> -17170

Sheet Museum
C1: 2019 | D1: 2020 | E1: 2021 | F1: 2022 | G1: 2021 | H1: 2022
C2: YTD | D2: YTD | E2: YTD | F2: YTD | G2: Budget | H2: Budget
A3: Revenue
A4: 490-100-135 | B4: =VLOOKUP(A4,'[1]SQL DATA'!$B:$J,3,FALSE) -> Transfer from Reserves - Museum | C4: =VLOOKUP(A4,'[1]SQL DATA'!$B:$K,10,FALSE) -> 0 | D4: =VLOOKUP(A4,'[1]SQL DATA'!$B:$J,9,FALSE) -> 0 | E4: =VLOOKUP(A4,'[1]SQL DATA'!$B:$J,7,FALSE) -> 0 | F4: =VLOOKUP(A4,'[1]SQL DATA'!$B:$J,6,FALSE) -> 0 | G4: 0 | H4: 0
A5: Total Transfers from Reserves | C5: =C4 -> 0 | D5: =D4 -> 0 | E5: =E4 -> 0 | F5: =F4 -> 0 | G5: =G4 -> 0 | H5: =H4 -> 0
A7: Revenues
A8: Fees and Charges:
A9: 480-150-120 | B9: =VLOOKUP(A9,'[1]SQL DATA'!$B:$J,3,FALSE) -> F&C - Donations - Museum | C9: =VLOOKUP(A9,'[1]SQL DATA'!$B:$K,10,FALSE) -> 350 | D9: =VLOOKUP(A9,'[1]SQL DATA'!$B:$J,9,FALSE) -> 0 | E9: =VLOOKUP(A9,'[1]SQL DATA'!$B:$J,7,FALSE) -> 0 | F9: =VLOOKUP(A9,'[1]SQL DATA'!$B:$J,6,FALSE) -> 0 | G9: 0
A10: Total Fees and Charges | C10: =SUM(C9:C9) -> 350 | D10: =SUM(D9:D9) -> 0 | E10: =SUM(E9:E9) -> 0 | F10: =SUM(F9:F9) -> 0 | G10: =SUM(G9:G9) -> 0 | H10: =SUM(H9:H9) -> 0
A12: Total Revenues | C12: =+C10 -> 350 | D12: =+D10 -> 0 | E12: =+E10 -> 0 | F12: =+F10 -> 0 | G12: =+G10 -> 0 | H12: =+H10 -> 0
A14: Expenses
A16: Wages and Benefits:
A17: 570-110-165 | B17: =VLOOKUP(A17,'[1]SQL DATA'!$B:$J,3,FALSE) -> R&C - Salaries - Museum | C17: =VLOOKUP(A17,'[1]SQL DATA'!$B:$K,10,FALSE) -> 0 | D17: =VLOOKUP(A17,'[1]SQL DATA'!$B:$J,9,FALSE) -> 1652.83 | E17: =VLOOKUP(A17,'[1]SQL DATA'!$B:$J,7,FALSE) -> 2054.05 | F17: =VLOOKUP(A17,'[1]SQL DATA'!$B:$J,6,FALSE) -> 33.45 | G17: 1650 | H17: 2700
A18: 570-120-160 | B18: =VLOOKUP(A18,'[1]SQL DATA'!$B:$J,3,FALSE) -> R&C - Benefits - Museum | D18: =VLOOKUP(A18,'[1]SQL DATA'!$B:$J,9,FALSE) -> 0 | E18: =VLOOKUP(A18,'[1]SQL DATA'!$B:$J,7,FALSE) -> 322.59 | F18: =VLOOKUP(A18,'[1]SQL DATA'!$B:$J,6,FALSE) -> 243.12 | G18: 460 | H18: 600
A19: Total Wages and Benefits | C19: =SUM(C17:C18) -> 0 | D19: =SUM(D17:D18) -> 1652.83 | E19: =SUM(E17:E18) -> 2376.64 | F19: =SUM(F17:F18) -> 276.57 | G19: =SUM(G17:G18) -> 2110 | H19: =SUM(H17:H18) -> 3300
A21: Utilities:
A22: 570-300-170 | B22: =VLOOKUP(A22,'[1]SQL DATA'!$B:$J,3,FALSE) -> R&C - Utility - Heat - Museum | C22: =VLOOKUP(A22,'[1]SQL DATA'!$B:$K,10,FALSE) -> 2830.84 | D22: =VLOOKUP(A22,'[1]SQL DATA'!$B:$J,9,FALSE) -> 2732.13 | E22: =VLOOKUP(A22,'[1]SQL DATA'!$B:$J,7,FALSE) -> 2806.14 | F22: =VLOOKUP(A22,'[1]SQL DATA'!$B:$J,6,FALSE) -> 1953.95 | G22: 2950 | H22: 2950
A23: 570-310-170 | B23: =VLOOKUP(A23,'[1]SQL DATA'!$B:$J,3,FALSE) -> R&C - Utility - Power - Museum | C23: =VLOOKUP(A23,'[1]SQL DATA'!$B:$K,10,FALSE) -> 1154.54 | D23: =VLOOKUP(A23,'[1]SQL DATA'!$B:$J,9,FALSE) -> 1160.86 | E23: =VLOOKUP(A23,'[1]SQL DATA'!$B:$J,7,FALSE) -> 1080.34 | F23: =VLOOKUP(A23,'[1]SQL DATA'!$B:$J,6,FALSE) -> 778.15 | G23: 1200 | H23: 1200
A24: Total Utilities | C24: =SUM(C22:C23) -> 3985.38 | D24: =SUM(D22:D23) -> 3892.99 | E24: =SUM(E22:E23) -> 3886.48 | F24: =SUM(F22:F23) -> 2732.1 | G24: =SUM(G22:G23) -> 4150 | H24: =SUM(H22:H23) -> 4150
A26: Maintenance, Materials, and Supplies:
A27: 570-230-145 | B27: =VLOOKUP(A27,'[1]SQL DATA'!$B:$J,3,FALSE) -> R&C - Cont. - Insurance - Museum | C27: =VLOOKUP(A27,'[1]SQL DATA'!$B:$K,10,FALSE) -> 204.58 | D27: =VLOOKUP(A27,'[1]SQL DATA'!$B:$J,9,FALSE) -> -84.74 | E27: =VLOOKUP(A27,'[1]SQL DATA'!$B:$J,7,FALSE) -> 554.99 | F27: =VLOOKUP(A27,'[1]SQL DATA'!$B:$J,6,FALSE) -> 575.12 | G27: 550 | H27: 580
A28: 570-240-140 | B28: =VLOOKUP(A28,'[1]SQL DATA'!$B:$J,3,FALSE) -> R&C - Cont. - Memberships/Sub - Museum | C28: =VLOOKUP(A28,'[1]SQL DATA'!$B:$K,10,FALSE) -> 50 | D28: =VLOOKUP(A28,'[1]SQL DATA'!$B:$J,9,FALSE) -> 50 | E28: =VLOOKUP(A28,'[1]SQL DATA'!$B:$J,7,FALSE) -> 50 | F28: =VLOOKUP(A28,'[1]SQL DATA'!$B:$J,6,FALSE) -> 0 | G28: 100 | H28: 100
A29: 570-285-150 | B29: =VLOOKUP(A29,'[1]SQL DATA'!$B:$J,3,FALSE) -> R&C - Cont. - Building Maint. - Museum | C29: =VLOOKUP(A29,'[1]SQL DATA'!$B:$K,10,FALSE) -> 15.04 | D29: =VLOOKUP(A29,'[1]SQL DATA'!$B:$J,9,FALSE) -> 103.03 | E29: =VLOOKUP(A29,'[1]SQL DATA'!$B:$J,7,FALSE) -> 0 | F29: =VLOOKUP(A29,'[1]SQL DATA'!$B:$J,6,FALSE) -> 384.19 | G29: 50 | H29: 50
A30: Total Maintenance, Materials, and Supplies | C30: =SUM(C27:C29) -> 269.62 | D30: =SUM(D27:D29) -> 68.29 | E30: =SUM(E27:E29) -> 604.99 | F30: =SUM(F27:F29) -> 959.31 | G30: =SUM(G27:G29) -> 700 | H30: =SUM(H27:H29) -> 730
A32: Total Expenses | C32: =C19+C24+C30 -> 4255 | D32: =D19+D24+D30 -> 5614.11 | E32: =E19+E24+E30 -> 6868.11 | F32: =F19+F24+F30 -> 3967.98 | G32: =G19+G24+G30 -> 6960 | H32: =H19+H24+H30 -> 8180
A34: Surplus (Deficit) by Cost Centre | C34: =(C12)-C32 -> -3905 | D34: =(D12)-D32 -> -5614.11 | E34: =(E12)-E32 -> -6868.11 | F34: =(F12)-F32 -> -3967.98 | G34: =(G12)-G32 -> -6960 | H34: =(H12)-H32 -> -8180

Sheet Other Rec Services
C1: 2019 | D1: 2020 | E1: 2021 | F1: 2022 | G1: 2021 | H1: 2022
C2: YTD | D2: YTD | E2: YTD | F2: YTD | G2: Budget | H2: Budget
A3: Revenues
A4: Fees and Charges:
A5: 420-520-500 | B5: =VLOOKUP(A5,'[1]SQL DATA'!$B:$J,3,FALSE) -> F&C - Recreation - Misc. Programming | C5: =VLOOKUP(A5,'[1]SQL DATA'!$B:$K,10,FALSE) -> 225 | D5: =VLOOKUP(A5,'[1]SQL DATA'!$B:$J,9,FALSE) -> 0 | E5: =VLOOKUP(A5,'[1]SQL DATA'!$B:$J,7,FALSE) -> 3876.12 | F5: =VLOOKUP(A5,'[1]SQL DATA'!$B:$J,6,FALSE) -> 1830.2 | G5: 0 | H5: 3880
A6: Total Fees and Charges | C6: =SUM(C5:C5) -> 225 | D6: =SUM(D5:D5) -> 0 | E6: =SUM(E5:E5) -> 3876.12 | F6: =SUM(F5:F5) -> 1830.2 | G6: =SUM(G5:G5) -> 0 | H6: =SUM(H5:H5) -> 3880
A8: Grants - Conditional:
A9: 450-430-100 | B9: =VLOOKUP(A9,'[1]SQL DATA'!$B:$J,3,FALSE) -> Conditional - SPRA | C9: =VLOOKUP(A9,'[1]SQL DATA'!$B:$K,10,FALSE) -> 0 | D9: =VLOOKUP(A9,'[1]SQL DATA'!$B:$J,9,FALSE) -> 0 | E9: =VLOOKUP(A9,'[1]SQL DATA'!$B:$J,7,FALSE) -> 1600 | F9: =VLOOKUP(A9,'[1]SQL DATA'!$B:$J,6,FALSE) -> 0 | G9: 2000 | H9: 0
A10: Total Grants - Conditional | C10: =SUM(C9:C9) -> 0 | D10: =SUM(D9:D9) -> 0 | E10: =SUM(E9:E9) -> 1600 | F10: =SUM(F9:F9) -> 0 | G10: =SUM(G9:G9) -> 2000 | H10: =SUM(H9:H9) -> 0
A12: Total Revenue | C12: =C6+C10 -> 225 | D12: =D6+D10 -> 0 | E12: =E6+E10 -> 5476.12 | F12: =F6+F10 -> 1830.2 | G12: =G6+G10 -> 2000 | H12: =H6+H10 -> 3880
A14: Expenses
B15: Professional/Contractual Services: | C15: 0 | D15: 0 | E15: 0 | F15: 0 | G15: 0 | H15: 0
A16: Total Professional/Contractual Services | D16: =D15 -> 0 | E16: =E15 -> 0 | F16: =F15 -> 0 | G16: =G15 -> 0 | H16: =H15 -> 0
A18: Utilities:
A19: 570-320-160 | B19: =VLOOKUP(A19,'[1]SQL DATA'!$B:$J,3,FALSE) -> R&C - Utility - Water - GC | C19: =VLOOKUP(A19,'[1]SQL DATA'!$B:$K,10,FALSE) -> 2175.44 | D19: =VLOOKUP(A19,'[1]SQL DATA'!$B:$J,9,FALSE) -> 2959.75 | E19: =VLOOKUP(A19,'[1]SQL DATA'!$B:$J,7,FALSE) -> 4340.08 | F19: =VLOOKUP(A19,'[1]SQL DATA'!$B:$J,6,FALSE) -> 1030.74 | G19: 2200 | H19: 1350
A20: Total Utilities | C20: =+C19 -> 2175.44 | D20: =+D19 -> 2959.75 | E20: =+E19 -> 4340.08 | F20: =+F19 -> 1030.74 | G20: =+G19 -> 2200 | H20: =+H19 -> 1350
A22: Maintenance, Materials, and Supplies:
A23: 570-230-150 | B23: =VLOOKUP(A23,'[1]SQL DATA'!$B:$J,3,FALSE) -> R&C - Cont. - Insurance - Library & Golf | C23: =VLOOKUP(A23,'[1]SQL DATA'!$B:$K,10,FALSE) -> 1839.1 | D23: =VLOOKUP(A23,'[1]SQL DATA'!$B:$J,9,FALSE) -> 1682.28 | E23: =VLOOKUP(A23,'[1]SQL DATA'!$B:$J,7,FALSE) -> 3389.93 | F23: =VLOOKUP(A23,'[1]SQL DATA'!$B:$J,6,FALSE) -> 2796 | G23: 2250 | H23: 2590
A24: 570-290-108 | B24: =VLOOKUP(A24,'[1]SQL DATA'!$B:$J,3,FALSE) -> R&C - Cont. - Library Lease | C24: =VLOOKUP(A24,'[1]SQL DATA'!$B:$K,10,FALSE) -> 31400 | D24: =VLOOKUP(A24,'[1]SQL DATA'!$B:$J,9,FALSE) -> 36019.72 | E24: =VLOOKUP(A24,'[1]SQL DATA'!$B:$J,7,FALSE) -> 39787.39 | F24: =VLOOKUP(A24,'[1]SQL DATA'!$B:$J,6,FALSE) -> 21515.69 | G24: 36020 | H24: 41000
A25: 570-420-185 | B25: =VLOOKUP(A25,'[1]SQL DATA'!$B:$J,3,FALSE) -> R&C - General Programming - Other | C25: =VLOOKUP(A25,'[1]SQL DATA'!$B:$K,10,FALSE) -> 0 | D25: =VLOOKUP(A25,'[1]SQL DATA'!$B:$J,9,FALSE) -> 0 | E25: =VLOOKUP(A25,'[1]SQL DATA'!$B:$J,7,FALSE) -> 4691.12 | F25: =VLOOKUP(A25,'[1]SQL DATA'!$B:$J,6,FALSE) -> 2585.42 | G25: 3000 | H25: 4690
A26: 570-900-140 | B26: =VLOOKUP(A26,'[1]SQL DATA'!$B:$J,3,FALSE) -> R&C - Other - Rent - School | C26: =VLOOKUP(A26,'[1]SQL DATA'!$B:$K,10,FALSE) -> 0 | D26: =VLOOKUP(A26,'[1]SQL DATA'!$B:$J,9,FALSE) -> 0 | E26: =VLOOKUP(A26,'[1]SQL DATA'!$B:$J,7,FALSE) -> 0 | F26: =VLOOKUP(A26,'[1]SQL DATA'!$B:$J,6,FALSE) -> 0 | G26: 0 | H26: 0
A27: Total Maintenance, Materials, and Supplies | C27: =SUM(C23:C26) -> 33239.1 | D27: =SUM(D23:D26) -> 37702 | E27: =SUM(E23:E26) -> 47868.44 | F27: =SUM(F23:F26) -> 26897.11 | G27: =SUM(G23:G26) -> 41270 | H27: =SUM(H23:H26) -> 48280
A29: Grants and Contributions:
A30: 570-290-100 | B30: =VLOOKUP(A30,'[1]SQL DATA'!$B:$J,3,FALSE) -> R&C - Cont. - Grant/Donation | C30: =VLOOKUP(A30,'[1]SQL DATA'!$B:$K,10,FALSE) -> 31696.33 | D30: =VLOOKUP(A30,'[1]SQL DATA'!$B:$J,9,FALSE) -> 96238.86 | E30: =VLOOKUP(A30,'[1]SQL DATA'!$B:$J,7,FALSE) -> 34269.22 | F30: =VLOOKUP(A30,'[1]SQL DATA'!$B:$J,6,FALSE) -> 42596.27 | G30: 34000 | H30: 42000
A31: Total Grants and Contributions | C31: =SUM(C30) -> 31696.33 | D31: =SUM(D30) -> 96238.86 | E31: =SUM(E30) -> 34269.22 | F31: =SUM(F30) -> 42596.27 | G31: =SUM(G30) -> 34000 | H31: =SUM(H30) -> 42000
A33: Total Expenses | C33: =C16+C20+C27+C31 -> 67110.87 | D33: =D16+D20+D27+D31 -> 136900.61 | E33: =E16+E20+E27+E31 -> 86477.74 | F33: =F16+F20+F27+F31 -> 70524.12 | G33: =G16+G20+G27+G31 -> 77470 | H33: =H16+H20+H27+H31 -> 91630
A35: Surplus (Deficit) by Cost Centre | C35: =(C12)-C33 -> -66885.87 | D35: =(D12)-D33 -> -136900.61 | E35: =(E12)-E33 -> -81001.62 | F35: =(F12)-F33 -> -68693.92 | G35: =(G12)-G33 -> -75470 | H35: =(H12)-H33 -> -87750

Sheet Cemetery
C1: 2019 | D1: 2020 | E1: 2021 | F1: 2022 | G1: 2021 | H1: 2022
C2: YTD | D2: YTD | E2: YTD | F2: YTD | G2: Budget | H2: Budget
A3: Revenues
A4: Reserves
A5: 490-100-130 | B5: =VLOOKUP(A5,'[1]SQL DATA'!$B:$J,3,FALSE) -> Transfer from Reserves - Cemetery | C5: =VLOOKUP(A5,'[1]SQL DATA'!$B:$K,10,FALSE) -> 11000 | D5: =VLOOKUP(A5,'[1]SQL DATA'!$B:$J,9,FALSE) -> 12200 | E5: =VLOOKUP(A5,'[1]SQL DATA'!$B:$J,7,FALSE) -> 2000 | F5: =VLOOKUP(A5,'[1]SQL DATA'!$B:$J,6,FALSE) -> 0 | G5: 2000 | H5: 0
A6: Total Transfer from Reserves | C6: =+C5 -> 11000 | D6: =+D5 -> 12200 | E6: =+E5 -> 2000 | F6: =+F5 -> 0 | G6: =+G5 -> 2000 | H6: =+H5 -> 0
A8: Fees and Charges:
A9: 420-600-100 | B9: =VLOOKUP(A9,'[1]SQL DATA'!$B:$J,3,FALSE) -> F&C - Cemetery Plot Sales | C9: =VLOOKUP(A9,'[1]SQL DATA'!$B:$K,10,FALSE) -> 2300 | D9: =VLOOKUP(A9,'[1]SQL DATA'!$B:$J,9,FALSE) -> 650 | E9: =VLOOKUP(A9,'[1]SQL DATA'!$B:$J,7,FALSE) -> 5950 | F9: =VLOOKUP(A9,'[1]SQL DATA'!$B:$J,6,FALSE) -> 1765 | G9: 2000 | H9: 2960
A10: 420-600-105 | B10: =VLOOKUP(A10,'[1]SQL DATA'!$B:$J,3,FALSE) -> F&C - Open/Close - Cemetery | C10: =VLOOKUP(A10,'[1]SQL DATA'!$B:$K,10,FALSE) -> 4050 | D10: =VLOOKUP(A10,'[1]SQL DATA'!$B:$J,9,FALSE) -> 1300 | E10: =VLOOKUP(A10,'[1]SQL DATA'!$B:$J,7,FALSE) -> 1012.5 | F10: =VLOOKUP(A10,'[1]SQL DATA'!$B:$J,6,FALSE) -> 400 | G10: 4000 | H10: 2120
A11: 420-700-100 | B11: =VLOOKUP(A11,'[1]SQL DATA'!$B:$J,3,FALSE) -> F&C - Licenses & Permits - Cemetery | C11: =VLOOKUP(A11,'[1]SQL DATA'!$B:$K,10,FALSE) -> 550 | D11: =VLOOKUP(A11,'[1]SQL DATA'!$B:$J,9,FALSE) -> 500 | E11: =VLOOKUP(A11,'[1]SQL DATA'!$B:$J,7,FALSE) -> 1800 | F11: =VLOOKUP(A11,'[1]SQL DATA'!$B:$J,6,FALSE) -> 300 | G11: 500 | H11: 950
A12: 420-700-220 | B12: =VLOOKUP(A12,'[1]SQL DATA'!$B:$J,3,FALSE) -> F&C - Licenses - Other - Perpetual Care | C12: =VLOOKUP(A12,'[1]SQL DATA'!$B:$K,10,FALSE) -> 0 | D12: =VLOOKUP(A12,'[1]SQL DATA'!$B:$J,9,FALSE) -> 400 | E12: =VLOOKUP(A12,'[1]SQL DATA'!$B:$J,7,FALSE) -> 5600 | F12: =VLOOKUP(A12,'[1]SQL DATA'!$B:$J,6,FALSE) -> 800 | G12: 0 | H12: 1400
A13: 480-150-130 | B13: =VLOOKUP(A13,'[1]SQL DATA'!$B:$J,3,FALSE) -> F&C - Donations - Cemetery | C13: =VLOOKUP(A13,'[1]SQL DATA'!$B:$K,10,FALSE) -> 2050 | D13: =VLOOKUP(A13,'[1]SQL DATA'!$B:$J,9,FALSE) -> 0 | E13: =VLOOKUP(A13,'[1]SQL DATA'!$B:$J,7,FALSE) -> 250 | F13: =VLOOKUP(A13,'[1]SQL DATA'!$B:$J,6,FALSE) -> 0 | G13: 0 | H13: 0
A14: Total Fees and Charges | C14: =SUM(C9:C13) -> 8950 | D14: =SUM(D9:D13) -> 2850 | E14: =SUM(E9:E13) -> 14612.5 | F14: =SUM(F9:F13) -> 3265 | G14: =SUM(G9:G13) -> 6500 | H14: =SUM(H9:H13) -> 7430
A16: Total Revenues | C16: =C6+C14 -> 19950 | D16: =D6+D14 -> 15050 | E16: =E6+E14 -> 16612.5 | F16: =F6+F14 -> 3265 | G16: =G6+G14 -> 8500 | H16: =H6+H14 -> 7430
A18: Expenses
A19: Wages and Benefits:
A20: 550-110-110 | B20: =VLOOKUP(A20,'[1]SQL DATA'!$B:$J,3,FALSE) -> H&W - Salaries - Cemetery | C20: =VLOOKUP(A20,'[1]SQL DATA'!$B:$K,10,FALSE) -> 8088.16 | D20: =VLOOKUP(A20,'[1]SQL DATA'!$B:$J,9,FALSE) -> 7910.02 | E20: =VLOOKUP(A20,'[1]SQL DATA'!$B:$J,7,FALSE) -> 12386.32 | F20: =VLOOKUP(A20,'[1]SQL DATA'!$B:$J,6,FALSE) -> 9098.52 | G20: 8500 | H20: 9460
A21: 550-120-110 | B21: =VLOOKUP(A21,'[1]SQL DATA'!$B:$J,3,FALSE) -> H&W - Benefits - Cemetery | C21: =VLOOKUP(A21,'[1]SQL DATA'!$B:$K,10,FALSE) -> 1637.51 | D21: =VLOOKUP(A21,'[1]SQL DATA'!$B:$J,9,FALSE) -> 2166.4 | E21: =VLOOKUP(A21,'[1]SQL DATA'!$B:$J,7,FALSE) -> 3220.44 | F21: =VLOOKUP(A21,'[1]SQL DATA'!$B:$J,6,FALSE) -> 1422.52 | G21: 1660 | H21: 2340
A22: Total Wages and Benefits | C22: =SUM(C20:C21) -> 9725.67 | D22: =SUM(D20:D21) -> 10076.42 | E22: =SUM(E20:E21) -> 15606.76 | F22: =SUM(F20:F21) -> 10521.04 | G22: =SUM(G20:G21) -> 10160 | H22: =SUM(H20:H21) -> 11800
A24: Professional/Contractual Services:
A25: 550-200-110 | B25: =VLOOKUP(A25,'[1]SQL DATA'!$B:$J,3,FALSE) -> H&W - Cont. - Cemetery Maint. | C25: =VLOOKUP(A25,'[1]SQL DATA'!$B:$K,10,FALSE) -> 11202 | D25: =VLOOKUP(A25,'[1]SQL DATA'!$B:$J,9,FALSE) -> 2568.29 | E25: =VLOOKUP(A25,'[1]SQL DATA'!$B:$J,7,FALSE) -> 2946.74 | F25: =VLOOKUP(A25,'[1]SQL DATA'!$B:$J,6,FALSE) -> 623.54 | G25: 5000 | H25: 10000
A26: Total Professional/Contractual Services | C26: =SUM(C25:C25) -> 11202 | D26: =SUM(D25:D25) -> 2568.29 | E26: =SUM(E25:E25) -> 2946.74 | F26: =SUM(F25:F25) -> 623.54 | G26: =SUM(G25:G25) -> 5000 | H26: =SUM(H25:H25) -> 10000
A28: 590-110-150 | B28: =VLOOKUP(A28,'[1]SQL DATA'!$B:$J,3,FALSE) -> Transfer to Reserves - Cemetery | C28: =VLOOKUP(A28,'[1]SQL DATA'!$B:$K,10,FALSE) -> 2100 | D28: =VLOOKUP(A28,'[1]SQL DATA'!$B:$J,9,FALSE) -> 400 | E28: =VLOOKUP(A28,'[1]SQL DATA'!$B:$J,7,FALSE) -> 7175 | F28: =VLOOKUP(A28,'[1]SQL DATA'!$B:$J,6,FALSE) -> 0 | G28: 0 | H28: 0
A30: Total Expenses | C30: =C22+C26+C28 -> 23027.67 | D30: =D22+D26+D28 -> 13044.71 | E30: =E22+E26+E28 -> 25728.5 | F30: =F22+F26+F28 -> 11144.58 | G30: =G22+G26+G28 -> 15160 | H30: =H22+H26+H28 -> 21800
A32: Surplus (Deficit) by Cost Centre | C32: =(C16)-C30 -> -3077.67 | D32: =(D16)-D30 -> 2005.29 | E32: =(E16)-E30 -> -9116 | F32: =(F16)-F30 -> -7879.58 | G32: =(G16)-G30 -> -6660 | H32: =(H16)-H30 -> -14370

Sheet Recycle & Garbage
C1: 2019 | D1: 2020 | E1: 2021 | F1: 2022 | G1: 2021 | H1: 2022
C2: YTD | D2: YTD | E2: YTD | F2: YTD | G2: Budget | H2: Budget
A3: Revenues
A4: 490-100-140 | B4: =VLOOKUP(A4,'[1]SQL DATA'!$B:$J,3,FALSE) -> Transfer from Reserves - Rec & Gar | C4: =VLOOKUP(A4,'[1]SQL DATA'!$B:$K,10,FALSE) -> 0 | D4: =VLOOKUP(A4,'[1]SQL DATA'!$B:$J,9,FALSE) -> 1000 | E4: =VLOOKUP(A4,'[1]SQL DATA'!$B:$J,7,FALSE) -> -29 | F4: =VLOOKUP(A4,'[1]SQL DATA'!$B:$J,6,FALSE) -> 0 | G4: 6000 | H4: 0
A6: Fees and Charges:
A7: 420-850-110 | B7: =VLOOKUP(A7,'[1]SQL DATA'!$B:$J,3,FALSE) -> F&C - Landfill Fees | C7: =VLOOKUP(A7,'[1]SQL DATA'!$B:$K,10,FALSE) -> 200 | D7: =VLOOKUP(A7,'[1]SQL DATA'!$B:$J,9,FALSE) -> 75 | E7: =VLOOKUP(A7,'[1]SQL DATA'!$B:$J,7,FALSE) -> 25 | F7: =VLOOKUP(A7,'[1]SQL DATA'!$B:$J,6,FALSE) -> 0 | G7: 200 | H7: 0
A8: 420-850-120 | B8: =VLOOKUP(A8,'[1]SQL DATA'!$B:$J,3,FALSE) -> F&C - Waste Collection Fees | C8: =VLOOKUP(A8,'[1]SQL DATA'!$B:$K,10,FALSE) -> 108922.14 | D8: =VLOOKUP(A8,'[1]SQL DATA'!$B:$J,9,FALSE) -> 123099.85 | E8: =VLOOKUP(A8,'[1]SQL DATA'!$B:$J,7,FALSE) -> 126962.79 | F8: =VLOOKUP(A8,'[1]SQL DATA'!$B:$J,6,FALSE) -> 38641.39 | G8: 125000 | H8: =66000*0.1+66000 -> 72600
A9: 420-850-130 | B9: =VLOOKUP(A9,'[1]SQL DATA'!$B:$J,3,FALSE) -> F&C - Recycle Collection Fees | C9: =VLOOKUP(A9,'[1]SQL DATA'!$B:$K,10,FALSE) -> 44208.13 | D9: =VLOOKUP(A9,'[1]SQL DATA'!$B:$J,9,FALSE) -> 54812.6 | E9: =VLOOKUP(A9,'[1]SQL DATA'!$B:$J,7,FALSE) -> 56446.89 | F9: =VLOOKUP(A9,'[1]SQL DATA'!$B:$J,6,FALSE) -> 26308.25 | G9: 45500 | H9: =50000*0.1+50000 -> 55000
A10: 420-850-135 | B10: =VLOOKUP(A10,'[1]SQL DATA'!$B:$J,3,FALSE) -> F&C - MMSW Rebate | C10: =VLOOKUP(A10,'[1]SQL DATA'!$B:$K,10,FALSE) -> 2060.36 | D10: =VLOOKUP(A10,'[1]SQL DATA'!$B:$J,9,FALSE) -> 7849 | E10: =VLOOKUP(A10,'[1]SQL DATA'!$B:$J,7,FALSE) -> 19135.38 | F10: =VLOOKUP(A10,'[1]SQL DATA'!$B:$J,6,FALSE) -> 5135.25 | G10: 6180 | H10: 9680
A11: 420-850-140 | B11: =VLOOKUP(A11,'[1]SQL DATA'!$B:$J,3,FALSE) -> F&C - Interest Charges - Waste/Recycle | C11: =VLOOKUP(A11,'[1]SQL DATA'!$B:$K,10,FALSE) -> 471.47 | D11: =VLOOKUP(A11,'[1]SQL DATA'!$B:$J,9,FALSE) -> 708.65 | E11: =VLOOKUP(A11,'[1]SQL DATA'!$B:$J,7,FALSE) -> 821.93 | F11: =VLOOKUP(A11,'[1]SQL DATA'!$B:$J,6,FALSE) -> 291.48 | G11: 500 | H11: 500
A12: Total Fees and Charges | C12: =SUM(C7:C11) -> 155862.1 | D12: =SUM(D7:D11) -> 186545.1 | E12: =SUM(E7:E11) -> 203391.99 | F12: =SUM(F7:F11) -> 70376.37 | G12: =SUM(G7:G11) -> 177380 | H12: =SUM(H7:H11) -> 137780
A14: Total Revenues | C14: =C4+C12 -> 155862.1 | D14: =D4+D12 -> 187545.1 | E14: =E4+E12 -> 203362.99 | F14: =F4+F12 -> 70376.37 | G14: =G4+G12 -> 183380 | H14: =H4+H12 -> 137780
A16: Expenses
A17: Wages and Benefits:
A18: 540-110-110 | B18: =VLOOKUP(A18,'[1]SQL DATA'!$B:$J,3,FALSE) -> EH - Salaries | C18: =VLOOKUP(A18,'[1]SQL DATA'!$B:$K,10,FALSE) -> 0 | D18: =VLOOKUP(A18,'[1]SQL DATA'!$B:$J,9,FALSE) -> 0 | E18: =VLOOKUP(A18,'[1]SQL DATA'!$B:$J,7,FALSE) -> 5407.7 | F18: =VLOOKUP(A18,'[1]SQL DATA'!$B:$J,6,FALSE) -> 3130.08 | G18: 6260 | H18: 5400
A19: 540-120-110 | B19: =VLOOKUP(A19,'[1]SQL DATA'!$B:$J,3,FALSE) -> EH - Benefits | C19: =VLOOKUP(A19,'[1]SQL DATA'!$B:$K,10,FALSE) -> 1223.6 | D19: =VLOOKUP(A19,'[1]SQL DATA'!$B:$J,9,FALSE) -> 1240.97 | E19: =VLOOKUP(A19,'[1]SQL DATA'!$B:$J,7,FALSE) -> 1154.5 | F19: =VLOOKUP(A19,'[1]SQL DATA'!$B:$J,6,FALSE) -> 509.43 | G19: 1260 | H19: 1190
A20: Total Wages and Benefits | C20: =SUM(C18:C19) -> 1223.6 | D20: =SUM(D18:D19) -> 1240.97 | E20: =SUM(E18:E19) -> 6562.2 | F20: =SUM(F18:F19) -> 3639.51 | G20: =SUM(G18:G19) -> 7520 | H20: =SUM(H18:H19) -> 6590
A22: Professional/Contractual Services:
A23: 540-200-110 | B23: =VLOOKUP(A23,'[1]SQL DATA'!$B:$J,3,FALSE) -> EH - Cont. - Waste Collection/Disposal | C23: =VLOOKUP(A23,'[1]SQL DATA'!$B:$K,10,FALSE) -> 122483.62 | D23: =VLOOKUP(A23,'[1]SQL DATA'!$B:$J,9,FALSE) -> 130236.2 | E23: =VLOOKUP(A23,'[1]SQL DATA'!$B:$J,7,FALSE) -> 139283.96 | F23: =VLOOKUP(A23,'[1]SQL DATA'!$B:$J,6,FALSE) -> 32656.57 | G23: 128710 | H23: 66000
A24: 540-200-120 | B24: =VLOOKUP(A24,'[1]SQL DATA'!$B:$J,3,FALSE) -> EH - Recycle Collection/Disposal | C24: =VLOOKUP(A24,'[1]SQL DATA'!$B:$K,10,FALSE) -> 39900.85 | D24: =VLOOKUP(A24,'[1]SQL DATA'!$B:$J,9,FALSE) -> 43246.47 | E24: =VLOOKUP(A24,'[1]SQL DATA'!$B:$J,7,FALSE) -> 46751.58 | F24: =VLOOKUP(A24,'[1]SQL DATA'!$B:$J,6,FALSE) -> 24995.65 | G24: 45500 | H24: 50000
A25: Total Professional/Contractual Services | C25: =SUM(C23:C24) -> 162384.47 | D25: =SUM(D23:D24) -> 173482.67 | E25: =SUM(E23:E24) -> 186035.54 | F25: =SUM(F23:F24) -> 57652.22 | G25: =SUM(G23:G24) -> 174210 | H25: =SUM(H23:H24) -> 116000
A27: Maintenance, Materials, and Supplies:
A28: 540-210-300 | B28: =VLOOKUP(A28,'[1]SQL DATA'!$B:$J,3,FALSE) -> EH - Cont. - Advert & Promo - Gar/Rec | C28: =VLOOKUP(A28,'[1]SQL DATA'!$B:$K,10,FALSE) -> 71.34 | D28: =VLOOKUP(A28,'[1]SQL DATA'!$B:$J,9,FALSE) -> 1000 | E28: =VLOOKUP(A28,'[1]SQL DATA'!$B:$J,7,FALSE) -> 0 | F28: =VLOOKUP(A28,'[1]SQL DATA'!$B:$J,6,FALSE) -> 0 | G28: 1000 | H28: 0
A29: 540-410-100 | B29: =VLOOKUP(A29,'[1]SQL DATA'!$B:$J,3,FALSE) -> EH - Maint. - Small Tools & Equipment | C29: =VLOOKUP(A29,'[1]SQL DATA'!$B:$K,10,FALSE) -> 2.11 | D29: =VLOOKUP(A29,'[1]SQL DATA'!$B:$J,9,FALSE) -> 45.42 | E29: =VLOOKUP(A29,'[1]SQL DATA'!$B:$J,7,FALSE) -> 616.92 | F29: =VLOOKUP(A29,'[1]SQL DATA'!$B:$J,6,FALSE) -> 253.34 | G29: 650 | H29: 1000
A30: Total Maintenance, Materials, and Supplies | C30: =SUM(C28:C29) -> 73.45 | D30: =SUM(D28:D29) -> 1045.42 | E30: =SUM(E28:E29) -> 616.92 | F30: =SUM(F28:F29) -> 253.34 | G30: =SUM(G28:G29) -> 1650 | H30: =SUM(H28:H29) -> 1000
A32: 590-110-155 | B32: =VLOOKUP(A32,'[1]SQL DATA'!$B:$J,3,FALSE) -> Transfer to Reserves - Gar/Rec | C32: =VLOOKUP(A32,'[1]SQL DATA'!$B:$K,10,FALSE) -> 0 | D32: =VLOOKUP(A32,'[1]SQL DATA'!$B:$J,9,FALSE) -> 5764.45 | E32: =VLOOKUP(A32,'[1]SQL DATA'!$B:$J,7,FALSE) -> 0 | F32: =VLOOKUP(A32,'[1]SQL DATA'!$B:$J,6,FALSE) -> 0 | G32: 0 | H32: 0
A34: Total Expenses | C34: =C20+C25+C30+C32 -> 163681.52 | D34: =D20+D25+D30+D32 -> 181533.51 | E34: =E20+E25+E30+E32 -> 193214.66 | F34: =F20+F25+F30+F32 -> 61545.07 | G34: =G20+G25+G30+G32 -> 183380 | H34: =H20+H25+H30+H32 -> 123590
A36: Surplus (Deficit) by Cost Centre | C36: =(C14)-C34 -> -7819.42 | D36: =(D14)-D34 -> 6011.59 | E36: =(E14)-E34 -> 10148.33 | F36: =(F14)-F34 -> 8831.3 | G36: =(G14)-G34 -> 0 | H36: =(H14)-H34 -> 14190

Sheet PW Summary
B1: 2019 | C1: 2020 | D1: 2021 | E1: 2022 | F1: 2021 | G1: 2022
B2: YTD | C2: YTD | D2: YTD | E2: YTD | F2: Budget | G2: Budget
A3: Revenues
A4: Transfer from Reserves | B4: =SUM('PW Admin'!C6+'Shop & Yard Maint'!C4+'Street & Storm Sewer'!C6+Transportation!C6+Water!C6+Sewer!C6) -> 145329.9 | C4: =SUM('PW Admin'!D6+'Shop & Yard Maint'!D4+'Street & Storm Sewer'!D6+Transportation!D6+Water!D6+Sewer!D6) -> 108000 | D4: =SUM('PW Admin'!E6+'Shop & Yard Maint'!E4+'Street & Storm Sewer'!E6+Transportation!E6+Water!E6+Sewer!E6) -> 334102.97 | E4: =SUM('PW Admin'!F6+'Shop & Yard Maint'!F4+'Street & Storm Sewer'!F6+Transportation!F6+Water!F6+Sewer!F6) -> 0 | F4: =SUM('PW Admin'!G6+'Shop & Yard Maint'!G4+'Street & Storm Sewer'!G6+Transportation!G6+Water!G6+Sewer!G6) -> 345010 | G4: =SUM('PW Admin'!H6+'Shop & Yard Maint'!H4+'Street & Storm Sewer'!H6+Transportation!H6+Water!H6+Sewer!H6) -> 708560
A5: Fees and Charges | B5: =SUM('PW Admin'!C12+Mowing!C6+Transportation!C10+Water!C15+Sewer!C12) -> 750814.61 | C5: =SUM('PW Admin'!D12+Mowing!D6+Transportation!D10+Water!D15+Sewer!D12) -> 779145.19 | D5: =SUM('PW Admin'!E12+Mowing!E6+Transportation!E10+Water!E15+Sewer!E12) -> 796873.51 | E5: =SUM('PW Admin'!F12+Mowing!F6+Transportation!F10+Water!F15+Sewer!F12) -> 469698.53 | F5: =SUM('PW Admin'!G12+Mowing!G6+Transportation!G10+Water!G15+Sewer!G12) -> 791720 | G5: =SUM('PW Admin'!H12+Mowing!H6+Transportation!H10+Water!H15+Sewer!H12) -> 808170
A6: Grants | B6: =SUM(Water!C19) -> 0 | C6: =SUM(Water!D19) -> 48878.19 | D6: =SUM(Water!E19) -> 158665.81 | E6: =SUM(Water!F19) -> 0 | F6: =SUM(Water!G19) -> 0 | G6: =SUM(Water!H19) -> 0
A7: Total Revenues | B7: =SUM(B4:B6) -> 896144.51 | C7: =SUM(C4:C6) -> 936023.38 | D7: =SUM(D4:D6) -> 1289642.3 | E7: =SUM(E4:E6) -> 469698.53 | F7: =SUM(F4:F6) -> 1136730 | G7: =SUM(G4:G6) -> 1516730
A9: Expenses
A10: Wages and Benefits | B10: =SUM('PW Admin'!C24+'Shop & Yard Maint'!C11+'Street & Storm Sewer'!C14+Mowing!C14+Transportation!C18+Water!C31+Sewer!C24) -> 157893.05 | C10: =SUM('PW Admin'!D24+'Shop & Yard Maint'!D11+'Street & Storm Sewer'!D14+Mowing!D14+Transportation!D18+Water!D31+Sewer!D24) -> 137620.56 | D10: =SUM('PW Admin'!E24+'Shop & Yard Maint'!E11+'Street & Storm Sewer'!E14+Mowing!E14+Transportation!E18+Water!E31+Sewer!E24) -> 438845.69 | E10: =SUM('PW Admin'!F24+'Shop & Yard Maint'!F11+'Street & Storm Sewer'!F14+Mowing!F14+Transportation!F18+Water!F31+Sewer!F24) -> 256061.74 | F10: =SUM('PW Admin'!G24+'Shop & Yard Maint'!G11+'Street & Storm Sewer'!G14+Mowing!G14+Transportation!G18+Water!G31+Sewer!G24) -> 453280 | G10: =SUM('PW Admin'!H24+'Shop & Yard Maint'!H11+'Street & Storm Sewer'!H14+Mowing!H14+Transportation!H18+Water!H31+Sewer!H24) -> 563969.82
A11: Professional/Contractual Services | B11: =SUM('Street & Storm Sewer'!C18+Mowing!C18+Transportation!C22+Water!C36+Sewer!C28) -> 168780.85 | C11: =SUM('Street & Storm Sewer'!D18+Mowing!D18+Transportation!D22+Water!D36+Sewer!D28) -> 105936 | D11: =SUM('Street & Storm Sewer'!E18+Mowing!E18+Transportation!E22+Water!E36+Sewer!E28) -> 128024.95 | E11: =SUM('Street & Storm Sewer'!F18+Mowing!F18+Transportation!F22+Water!F36+Sewer!F28) -> 53546.43 | F11: =SUM('Street & Storm Sewer'!G18+Mowing!G18+Transportation!G22+Water!G36+Sewer!G28) -> 170830 | G11: =SUM('Street & Storm Sewer'!H18+Mowing!H18+Transportation!H22+Water!H36+Sewer!H28) -> 205830
A12: Utilities | B12: =SUM('PW Admin'!C30+'Street & Storm Sewer'!C22+Water!C42+Sewer!C34) -> 107086.55 | C12: =SUM('PW Admin'!D30+'Street & Storm Sewer'!D22+Water!D42+Sewer!D34) -> 113823.4 | D12: =SUM('PW Admin'!E30+'Street & Storm Sewer'!E22+Water!E42+Sewer!E34) -> 144043.62 | E12: =SUM('PW Admin'!F30+'Street & Storm Sewer'!F22+Water!F42+Sewer!F34) -> 96100.23 | F12: =SUM('PW Admin'!G30+'Street & Storm Sewer'!G22+Water!G42+Sewer!G34) -> 156190 | G12: =SUM('PW Admin'!H30+'Street & Storm Sewer'!H22+Water!H42+Sewer!H34) -> 152830
A13: Maintenance, Materials, and Supplies | B13: =SUM('PW Admin'!C40+'Shop & Yard Maint'!C17+'Street & Storm Sewer'!C30+Mowing!C23+Transportation!C30+Water!C54+Sewer!C43) -> 359948.59 | C13: =SUM('PW Admin'!D40+'Shop & Yard Maint'!D17+'Street & Storm Sewer'!D30+Mowing!D23+Transportation!D30+Water!D54+Sewer!D43) -> 372776.19 | D13: =SUM('PW Admin'!E40+'Shop & Yard Maint'!E17+'Street & Storm Sewer'!E30+Mowing!E23+Transportation!E30+Water!E54+Sewer!E43) -> 417909.81 | E13: =SUM('PW Admin'!F40+'Shop & Yard Maint'!F17+'Street & Storm Sewer'!F30+Mowing!F23+Transportation!F30+Water!F54+Sewer!F43) -> 277846.81 | F13: =SUM('PW Admin'!G40+'Shop & Yard Maint'!G14+'Street & Storm Sewer'!G30+Mowing!G23+Transportation!G30+Water!G54+Sewer!G43) -> 401690 | G13: =SUM('PW Admin'!H40+'Shop & Yard Maint'!H14+'Street & Storm Sewer'!H30+Mowing!H23+Transportation!H30+Water!H54+Sewer!H43) -> 475520
A14: Amortization | B14: =SUM('Street & Storm Sewer'!C33+Water!C57+Sewer!C46) -> 341863.36 | C14: =SUM('Street & Storm Sewer'!D33+Water!D57+Sewer!D46) -> 384471.95 | D14: =SUM('Street & Storm Sewer'!E33+Water!E57+Sewer!E46) -> 392084.48 | E14: =SUM('Street & Storm Sewer'!F33+Water!F57+Sewer!F46) -> 0 | F14: =SUM('Street & Storm Sewer'!G33+Water!G57+Sewer!G46) -> 0 | G14: =SUM('Street & Storm Sewer'!H34+Water!H58+Sewer!H47) -> 0
A15: Interest & Bank Charges | B15: =SUM(Transportation!C33+Sewer!C50) -> 72249.26 | C15: =SUM(Transportation!D33+Sewer!D50) -> 48169.3 | D15: =SUM(Transportation!E33+Sewer!E50) -> 37408.79 | E15: =SUM(Transportation!F33+Sewer!F50) -> 263261.63 | F15: =SUM(Transportation!G33+Sewer!G51) -> 46010 | G15: =SUM(Transportation!H34+Sewer!H50) -> 134500
A16: Other | B16: =SUM('PW Admin'!C44+Water!C63) -> 0 | C16: =SUM('PW Admin'!D44+Water!D63) -> 0 | D16: =SUM('PW Admin'!E44+Water!E63) -> 0 | E16: =SUM('PW Admin'!F44+Water!F63) -> 0 | F16: =SUM('PW Admin'!G44+Water!G63) -> 1300 | G16: =SUM('PW Admin'!H44+Water!H63) -> 1300
A17: Loan Repayment | B17: =SUM(Sewer!C55) -> 0 | C17: =SUM(Sewer!D55) -> 0 | D17: =SUM(Sewer!E55) -> 0 | E17: =SUM(Sewer!F55) -> 0 | F17: =SUM(Sewer!G55) -> 218270 | G17: =SUM(Sewer!H55) -> 303160
A18: Capital | B18: =SUM('Shop & Yard Maint'!C15+'Street & Storm Sewer'!C38+Transportation!C37+Water!C65+Sewer!C54) -> 0 | C18: =SUM('Shop & Yard Maint'!D15+'Street & Storm Sewer'!D38+Transportation!D37+Water!D65+Sewer!D54) -> 0 | D18: =SUM('Shop & Yard Maint'!E15+'Street & Storm Sewer'!E38+Transportation!E37+Water!E65+Sewer!E54) -> 0 | E18: =SUM('Shop & Yard Maint'!F15+'Street & Storm Sewer'!F38+Transportation!F37+Water!F65+Sewer!F54) -> 408671.08 | F18: =SUM('Shop & Yard Maint'!G15+'Street & Storm Sewer'!G38+Transportation!G37+Water!G65+Sewer!G54) -> 251900 | G18: =SUM('Shop & Yard Maint'!H15+'Street & Storm Sewer'!H38+Transportation!H37+Water!H65+Sewer!H54) -> 530000
A19: Transfer to Reserves | B19: =SUM('PW Admin'!C46+'Shop & Yard Maint'!C16+'Street & Storm Sewer'!C39+Transportation!C38+Water!C66+Sewer!C56) -> 217505.63 | C19: =SUM('PW Admin'!D46+'Shop & Yard Maint'!D16+'Street & Storm Sewer'!D39+Transportation!D38+Water!D66+Sewer!D56) -> 735433.48 | D19: =SUM('PW Admin'!E46+'Shop & Yard Maint'!E16+'Street & Storm Sewer'!E39+Transportation!E38+Water!E66+Sewer!E56) -> 345757.08 | E19: =SUM('PW Admin'!F46+'Shop & Yard Maint'!F16+'Street & Storm Sewer'!F39+Transportation!F38+Water!F66+Sewer!F56) -> 0 | F19: =SUM('PW Admin'!G46+'Shop & Yard Maint'!G16+'Street & Storm Sewer'!G39+Transportation!G38+Water!G66+Sewer!G56) -> 340000 | G19: =SUM('PW Admin'!H46+'Shop & Yard Maint'!H16+'Street & Storm Sewer'!H39+Transportation!H38+Water!H66+Sewer!H56) -> 65000
A20: Total Expenses | B20: =SUM(B10:B19) -> 1425327.3 | C20: =SUM(C10:C19) -> 1898230.9 | D20: =SUM(D10:D19) -> 1904074.4 | E20: =SUM(E10:E19) -> 1355487.9 | F20: =SUM(F10:F19) -> 2039470 | G20: =SUM(G10:G19) -> 2432109.8
A22: Surplus (Deficit) by Cost Centre | B22: =B7-B20 -> -529182.78 | C22: =C7-C20 -> -962207.5 | D22: =D7-D20 -> -614432.13 | E22: =E7-E20 -> -885789.39 | F22: =F7-F20 -> -902740 | G22: =G7-G20 -> -915379.82

Sheet PW Admin
C1: 2019 | D1: 2020 | E1: 2021 | F1: 2022 | G1: 2021 | H1: 2022
C2: YTD | D2: YTD | E2: YTD | F2: YTD | G2: Budget | H2: Budget
A3: Revenue
A4: Reserves
A5: 490-100-115 | B5: =VLOOKUP(A5,'[1]SQL DATA'!$B:$J,3,FALSE) -> Transfer from Reserves - PW | C5: =VLOOKUP(A5,'[1]SQL DATA'!$B:$K,10,FALSE) -> 0 | D5: =VLOOKUP(A5,'[1]SQL DATA'!$B:$J,9,FALSE) -> 0 | E5: =VLOOKUP(A5,'[1]SQL DATA'!$B:$J,7,FALSE) -> 0 | F5: =VLOOKUP(A5,'[1]SQL DATA'!$B:$J,6,FALSE) -> 0 | G5: 0 | H5: 0
A6: Total Transfer from Reserves | C6: =+C5 -> 0 | D6: =+D5 -> 0 | E6: =+E5 -> 0 | F6: =+F5 -> 0 | G6: =+G5 -> 0 | H6: =+H5 -> 0
A8: Fees and Charges:
A9: 420-100-100 | B9: =VLOOKUP(A9,'[1]SQL DATA'!$B:$J,3,FALSE) -> F&C - Custom Work - PW | C9: =VLOOKUP(A9,'[1]SQL DATA'!$B:$K,10,FALSE) -> 1780 | D9: =VLOOKUP(A9,'[1]SQL DATA'!$B:$J,9,FALSE) -> 2340 | E9: =VLOOKUP(A9,'[1]SQL DATA'!$B:$J,7,FALSE) -> 7000 | F9: =VLOOKUP(A9,'[1]SQL DATA'!$B:$J,6,FALSE) -> 2950 | G9: 4300 | H9: 4300
A10: 420-200-600 | B10: =VLOOKUP(A10,'[1]SQL DATA'!$B:$J,3,FALSE) -> F&C - Sale of Supplies & Equip - PW | C10: =VLOOKUP(A10,'[1]SQL DATA'!$B:$K,10,FALSE) -> 159.8 | D10: =VLOOKUP(A10,'[1]SQL DATA'!$B:$J,9,FALSE) -> 200 | E10: =VLOOKUP(A10,'[1]SQL DATA'!$B:$J,7,FALSE) -> 0 | F10: =VLOOKUP(A10,'[1]SQL DATA'!$B:$J,6,FALSE) -> 0 | G10: 100 | H10: 100
A11: 420-300-110 | B11: =VLOOKUP(A11,'[1]SQL DATA'!$B:$J,3,FALSE) -> F&C - Rentals - Equipment | C11: =VLOOKUP(A11,'[1]SQL DATA'!$B:$K,10,FALSE) -> 0 | D11: =VLOOKUP(A11,'[1]SQL DATA'!$B:$J,9,FALSE) -> 0 | E11: =VLOOKUP(A11,'[1]SQL DATA'!$B:$J,7,FALSE) -> 0 | F11: =VLOOKUP(A11,'[1]SQL DATA'!$B:$J,6,FALSE) -> 0 | G11: 50 | H11: 50
A12: Total Fees and Charges | C12: =SUM(C8:C11) -> 1939.8 | D12: =SUM(D8:D11) -> 2540 | E12: =SUM(E8:E11) -> 7000 | F12: =SUM(F8:F11) -> 2950 | G12: =SUM(G8:G11) -> 4450 | H12: =SUM(H8:H11) -> 4450
A14: Total Revenues | C14: =C6+C12 -> 1939.8 | D14: =D6+D12 -> 2540 | E14: =E6+E12 -> 7000 | F14: =F6+F12 -> 2950 | G14: =G6+G12 -> 4450 | H14: =H6+H12 -> 4450
A16: Expenses
A17: Wages and Benefits:
A18: 535-110-120 | B18: =VLOOKUP(A18,'[1]SQL DATA'!$B:$J,3,FALSE) -> TS - Const. - Salaries - PW Admin | C18: =VLOOKUP(A18,'[1]SQL DATA'!$B:$K,10,FALSE) -> 0 | D18: =VLOOKUP(A18,'[1]SQL DATA'!$B:$J,9,FALSE) -> 0 | E18: =VLOOKUP(A18,'[1]SQL DATA'!$B:$J,7,FALSE) -> 77187.99 | F18: =VLOOKUP(A18,'[1]SQL DATA'!$B:$J,6,FALSE) -> 34314.01 | G18: 95000 | H18: =126000-72800 -> 53200
A19: 535-120-121 | B19: =VLOOKUP(A19,'[1]SQL DATA'!$B:$J,3,FALSE) -> TS - Const. - Benefits - CPP | C19: =VLOOKUP(A19,'[1]SQL DATA'!$B:$K,10,FALSE) -> 2657.53 | D19: =VLOOKUP(A19,'[1]SQL DATA'!$B:$J,9,FALSE) -> 3798.4 | E19: =VLOOKUP(A19,'[1]SQL DATA'!$B:$J,7,FALSE) -> 3658.27 | F19: =VLOOKUP(A19,'[1]SQL DATA'!$B:$J,6,FALSE) -> 11524.29 | G19: 3800 | H19: =H18*0.0495-3 -> 2630.4
A20: 535-120-122 | B20: =VLOOKUP(A20,'[1]SQL DATA'!$B:$J,3,FALSE) -> TS - Const. - Benefits - EI | C20: =VLOOKUP(A20,'[1]SQL DATA'!$B:$K,10,FALSE) -> 2303.41 | D20: =VLOOKUP(A20,'[1]SQL DATA'!$B:$J,9,FALSE) -> 1478.95 | E20: =VLOOKUP(A20,'[1]SQL DATA'!$B:$J,7,FALSE) -> 1405.22 | F20: =VLOOKUP(A20,'[1]SQL DATA'!$B:$J,6,FALSE) -> 4539.81 | G20: 1600 | H20: =H18*0.02442+1 -> 1300.144
A21: 535-120-123 | B21: =VLOOKUP(A21,'[1]SQL DATA'!$B:$J,3,FALSE) -> TS - Const. - Benefits - MEPP | C21: =VLOOKUP(A21,'[1]SQL DATA'!$B:$K,10,FALSE) -> 7993.77 | D21: =VLOOKUP(A21,'[1]SQL DATA'!$B:$J,9,FALSE) -> 7952.38 | E21: =VLOOKUP(A21,'[1]SQL DATA'!$B:$J,7,FALSE) -> 6711.08 | F21: =VLOOKUP(A21,'[1]SQL DATA'!$B:$J,6,FALSE) -> 2396.27 | G21: 8550 | H21: =H18*0.09-2000+2 -> 2790
A22: 535-120-124 | B22: =VLOOKUP(A22,'[1]SQL DATA'!$B:$J,3,FALSE) -> TS - Const. - Benefits - Worker Comp | C22: =VLOOKUP(A22,'[1]SQL DATA'!$B:$K,10,FALSE) -> 126.99 | D22: =VLOOKUP(A22,'[1]SQL DATA'!$B:$J,9,FALSE) -> 1315.64 | E22: =VLOOKUP(A22,'[1]SQL DATA'!$B:$J,7,FALSE) -> 1354.86 | F22: =VLOOKUP(A22,'[1]SQL DATA'!$B:$J,6,FALSE) -> 1397.95 | G22: 1500 | H22: 1500
A23: 535-120-125 | B23: =VLOOKUP(A23,'[1]SQL DATA'!$B:$J,3,FALSE) -> TS - Const. - Benefits - Group Benefits | C23: =VLOOKUP(A23,'[1]SQL DATA'!$B:$K,10,FALSE) -> 5150.39 | D23: =VLOOKUP(A23,'[1]SQL DATA'!$B:$J,9,FALSE) -> 4145.52 | E23: =VLOOKUP(A23,'[1]SQL DATA'!$B:$J,7,FALSE) -> 5248.55 | F23: =VLOOKUP(A23,'[1]SQL DATA'!$B:$J,6,FALSE) -> 2207.62 | G23: 4200 | H23: =H18*0.06-2 -> 3190
A24: Total Wages and Benefits | C24: =SUM(C18:C23) -> 18232.09 | D24: =SUM(D18:D23) -> 18690.89 | E24: =SUM(E18:E23) -> 95565.97 | F24: =SUM(F18:F23) -> 56379.95 | G24: =SUM(G18:G23) -> 114650 | H24: =SUM(H18:H23) -> 64610.544
A26: Utilities:
A27: 535-300-110 | B27: =VLOOKUP(A27,'[1]SQL DATA'!$B:$J,3,FALSE) -> TS - Const. - Utility - Heat - Shop | C27: =VLOOKUP(A27,'[1]SQL DATA'!$B:$K,10,FALSE) -> 4042.86 | D27: =VLOOKUP(A27,'[1]SQL DATA'!$B:$J,9,FALSE) -> 4329.14 | E27: =VLOOKUP(A27,'[1]SQL DATA'!$B:$J,7,FALSE) -> 4491.07 | F27: =VLOOKUP(A27,'[1]SQL DATA'!$B:$J,6,FALSE) -> 3823.75 | G27: 4050 | H27: 4500
A28: 535-300-120 | B28: =VLOOKUP(A28,'[1]SQL DATA'!$B:$J,3,FALSE) -> TS - Const. - Utility - Power - Shop | C28: =VLOOKUP(A28,'[1]SQL DATA'!$B:$K,10,FALSE) -> 7800.84 | D28: =VLOOKUP(A28,'[1]SQL DATA'!$B:$J,9,FALSE) -> 6608.51 | E28: =VLOOKUP(A28,'[1]SQL DATA'!$B:$J,7,FALSE) -> 5549.37 | F28: =VLOOKUP(A28,'[1]SQL DATA'!$B:$J,6,FALSE) -> 4694.9 | G28: 8000 | H28: 5600
A29: 535-300-140 | B29: =VLOOKUP(A29,'[1]SQL DATA'!$B:$J,3,FALSE) -> TS - Const. - Utility - Telephone - Shop | C29: =VLOOKUP(A29,'[1]SQL DATA'!$B:$K,10,FALSE) -> 5546.99 | D29: =VLOOKUP(A29,'[1]SQL DATA'!$B:$J,9,FALSE) -> 4553.97 | E29: =VLOOKUP(A29,'[1]SQL DATA'!$B:$J,7,FALSE) -> 4615.34 | F29: =VLOOKUP(A29,'[1]SQL DATA'!$B:$J,6,FALSE) -> 3139.52 | G29: 6300 | H29: 4800
A30: Total Utilities | C30: =SUM(C27:C29) -> 17390.69 | D30: =SUM(D27:D29) -> 15491.62 | E30: =SUM(E27:E29) -> 14655.78 | F30: =SUM(F27:F29) -> 11658.17 | G30: =SUM(G27:G29) -> 18350 | H30: =SUM(H27:H29) -> 14900
A32: Maintenance, Materials, and Supplies:
A33: 535-230-100 | B33: =VLOOKUP(A33,'[1]SQL DATA'!$B:$J,3,FALSE) -> TS - Const. - Insurance - General - Shop | C33: =VLOOKUP(A33,'[1]SQL DATA'!$B:$K,10,FALSE) -> 902.06 | D33: =VLOOKUP(A33,'[1]SQL DATA'!$B:$J,9,FALSE) -> 671.04 | E33: =VLOOKUP(A33,'[1]SQL DATA'!$B:$J,7,FALSE) -> 1294.87 | F33: =VLOOKUP(A33,'[1]SQL DATA'!$B:$J,6,FALSE) -> 1389.2 | G33: 1290 | H33: 1390
A34: 535-240-100 | B34: =VLOOKUP(A34,'[1]SQL DATA'!$B:$J,3,FALSE) -> TS - Const. - Advertising - PW | C34: =VLOOKUP(A34,'[1]SQL DATA'!$B:$K,10,FALSE) -> 500 | D34: =VLOOKUP(A34,'[1]SQL DATA'!$B:$J,9,FALSE) -> 500 | E34: =VLOOKUP(A34,'[1]SQL DATA'!$B:$J,7,FALSE) -> 0 | F34: =VLOOKUP(A34,'[1]SQL DATA'!$B:$J,6,FALSE) -> 0 | G34: 500 | H34: 500
A35: 535-250-105 | B35: =VLOOKUP(A35,'[1]SQL DATA'!$B:$J,3,FALSE) -> TS - Const.- Conference Fees/Training PW | C35: =VLOOKUP(A35,'[1]SQL DATA'!$B:$K,10,FALSE) -> 1114.8 | D35: =VLOOKUP(A35,'[1]SQL DATA'!$B:$J,9,FALSE) -> 334.95 | E35: =VLOOKUP(A35,'[1]SQL DATA'!$B:$J,7,FALSE) -> 7377.64 | F35: =VLOOKUP(A35,'[1]SQL DATA'!$B:$J,6,FALSE) -> 126.19 | G35: 3000 | H35: 3000
A36: 535-410-100 | B36: =VLOOKUP(A36,'[1]SQL DATA'!$B:$J,3,FALSE) -> TS - Const. - Shop Supply & Small Tools | C36: =VLOOKUP(A36,'[1]SQL DATA'!$B:$K,10,FALSE) -> 14228.63 | D36: =VLOOKUP(A36,'[1]SQL DATA'!$B:$J,9,FALSE) -> 4403.47 | E36: =VLOOKUP(A36,'[1]SQL DATA'!$B:$J,7,FALSE) -> 7572.77 | F36: =VLOOKUP(A36,'[1]SQL DATA'!$B:$J,6,FALSE) -> 4999.99 | G36: 8500 | H36: 8500
A37: 535-410-120 | B37: =VLOOKUP(A37,'[1]SQL DATA'!$B:$J,3,FALSE) -> TS - Const. - Shop Supplies | C37: =VLOOKUP(A37,'[1]SQL DATA'!$B:$K,10,FALSE) -> 8469.75 | D37: =VLOOKUP(A37,'[1]SQL DATA'!$B:$J,9,FALSE) -> 12151.32 | E37: =VLOOKUP(A37,'[1]SQL DATA'!$B:$J,7,FALSE) -> 12364.97 | F37: =VLOOKUP(A37,'[1]SQL DATA'!$B:$J,6,FALSE) -> 5114.11 | G37: 9500 | H37: 12500
A38: 535-490-110 | B38: =VLOOKUP(A38,'[1]SQL DATA'!$B:$J,3,FALSE) -> TS - Const. - Office Equipment Maint. | C38: =VLOOKUP(A38,'[1]SQL DATA'!$B:$K,10,FALSE) -> 1000 | D38: =VLOOKUP(A38,'[1]SQL DATA'!$B:$J,9,FALSE) -> 1000 | E38: =VLOOKUP(A38,'[1]SQL DATA'!$B:$J,7,FALSE) -> 1000 | F38: =VLOOKUP(A38,'[1]SQL DATA'!$B:$J,6,FALSE) -> 0 | G38: 1000 | H38: 1000
A39: 535-490-120 | B39: =VLOOKUP(A39,'[1]SQL DATA'!$B:$J,3,FALSE) -> TS - Const. - PW Discretionary Fund | C39: =VLOOKUP(A39,'[1]SQL DATA'!$B:$K,10,FALSE) -> 2905.96 | D39: =VLOOKUP(A39,'[1]SQL DATA'!$B:$J,9,FALSE) -> 4110.52 | E39: =VLOOKUP(A39,'[1]SQL DATA'!$B:$J,7,FALSE) -> 1377.95 | F39: =VLOOKUP(A39,'[1]SQL DATA'!$B:$J,6,FALSE) -> 0 | G39: 10000 | H39: 10000
A40: Total Maintenance, Materials, and Supplies | C40: =SUM(C33:C39) -> 29121.2 | D40: =SUM(D33:D39) -> 23171.3 | E40: =SUM(E33:E39) -> 30988.2 | F40: =SUM(F33:F39) -> 11629.49 | G40: =SUM(G33:G39) -> 33790 | H40: =SUM(H33:H39) -> 36890
A42: Other:
A43: 535-250-100 | B43: =VLOOKUP(A43,'[1]SQL DATA'!$B:$J,3,FALSE) -> TS - Const. - Travel, Meal & Sub. - PW | C43: =VLOOKUP(A43,'[1]SQL DATA'!$B:$K,10,FALSE) -> 0 | D43: =VLOOKUP(A43,'[1]SQL DATA'!$B:$J,9,FALSE) -> 0 | E43: =VLOOKUP(A43,'[1]SQL DATA'!$B:$J,7,FALSE) -> 0 | F43: =VLOOKUP(A43,'[1]SQL DATA'!$B:$J,6,FALSE) -> 0 | G43: 300 | H43: 300
A44: Total Other | C44: =SUM(C43) -> 0 | D44: =SUM(D43) -> 0 | E44: =SUM(E43) -> 0 | F44: =SUM(F43) -> 0 | G44: =SUM(G43) -> 300 | H44: =SUM(H43) -> 300
A46: 590-110-145 | B46: =VLOOKUP(A46,'[1]SQL DATA'!$B:$J,3,FALSE) -> Transfer to Reserves - PW | C46: =VLOOKUP(A46,'[1]SQL DATA'!$B:$K,10,FALSE) -> 7094.04 | D46: =VLOOKUP(A46,'[1]SQL DATA'!$B:$J,9,FALSE) -> 5889.48 | E46: =VLOOKUP(A46,'[1]SQL DATA'!$B:$J,7,FALSE) -> 5757.08 | F46: =VLOOKUP(A46,'[1]SQL DATA'!$B:$J,6,FALSE) -> 0 | G46: 0 | H46: 0
A48: Total Expenses | C48: =C24+C30+C40+C44+C46 -> 71838.02 | D48: =D24+D30+D40+D44+D46 -> 63243.29 | E48: =E24+E30+E40+E44+E46 -> 146967.03 | F48: =F24+F30+F40+F44+F46 -> 79667.61 | G48: =G24+G30+G40+G44+G46 -> 167090 | H48: =H24+H30+H40+H44+H46 -> 116700.54
A50: Surplus (Deficit) by Cost Centre | C50: =(C14)-C48 -> -69898.22 | D50: =(D14)-D48 -> -60703.29 | E50: =(E14)-E48 -> -139967.03 | F50: =(F14)-F48 -> -76717.61 | G50: =(G14)-G48 -> -162640 | H50: =(H14)-H48 -> -112250.54

Sheet Shop & Yard Maint
C1: 2019 | D1: 2020 | E1: 2021 | F1: 2022 | G1: 2021 | H1: 2022
C2: YTD | D2: YTD | E2: YTD | F2: YTD | G2: Budget | H2: Budget
A3: Revenues
A4: 490-100-155 | B4: =VLOOKUP(A4,'[1]SQL DATA'!$B:$J,3,FALSE) -> Transfer from Reserves - Shop & Yard | C4: =VLOOKUP(A4,'[1]SQL DATA'!$B:$K,10,FALSE) -> 0 | D4: =VLOOKUP(A4,'[1]SQL DATA'!$B:$J,9,FALSE) -> 0 | E4: =VLOOKUP(A4,'[1]SQL DATA'!$B:$J,7,FALSE) -> 0 | F4: =VLOOKUP(A4,'[1]SQL DATA'!$B:$J,6,FALSE) -> 0 | G4: 12000 | H4: =60000+12000+5000 -> 77000
A5: Other Revenues | C5: =SUM(C3:C4) -> 0 | D5: =SUM(D3:D4) -> 0 | E5: =SUM(E3:E4) -> 0 | F5: =SUM(F3:F4) -> 0 | G5: =SUM(G3:G4) -> 12000 | H5: =SUM(H3:H4) -> 77000
A7: Expenses
A8: Wages and Benefits:
A9: 535-110-130 | B9: =VLOOKUP(A9,'[1]SQL DATA'!$B:$J,3,FALSE) -> TS - Const. - Salaries - Shop & Yard | C9: =VLOOKUP(A9,'[1]SQL DATA'!$B:$K,10,FALSE) -> 0 | D9: =VLOOKUP(A9,'[1]SQL DATA'!$B:$J,9,FALSE) -> 0 | E9: =VLOOKUP(A9,'[1]SQL DATA'!$B:$J,7,FALSE) -> 42163.45 | F9: =VLOOKUP(A9,'[1]SQL DATA'!$B:$J,6,FALSE) -> 19990.9 | G9: 27900 | H9: 33940
A10: 535-130-130 | B10: =VLOOKUP(A10,'[1]SQL DATA'!$B:$J,3,FALSE) -> TS - Const. - Benefits - Shop/Yard | C10: =VLOOKUP(A10,'[1]SQL DATA'!$B:$K,10,FALSE) -> 6316.46 | D10: =VLOOKUP(A10,'[1]SQL DATA'!$B:$J,9,FALSE) -> 5680.88 | E10: =VLOOKUP(A10,'[1]SQL DATA'!$B:$J,7,FALSE) -> 8365.94 | F10: =VLOOKUP(A10,'[1]SQL DATA'!$B:$J,6,FALSE) -> 2768.87 | G10: 5700 | H10: 7470
A11: Total Wages and Benefits | C11: =SUM(C9:C10) -> 6316.46 | D11: =SUM(D9:D10) -> 5680.88 | E11: =SUM(E9:E10) -> 50529.39 | F11: =SUM(F9:F10) -> 22759.77 | G11: =SUM(G9:G10) -> 33600 | H11: =SUM(H9:H10) -> 41410
A13: Maintenance, Materials, and Supplies:
A14: 535-400-150 | B14: =VLOOKUP(A14,'[1]SQL DATA'!$B:$J,3,FALSE) -> TS - Const. - Maint. Building | C14: =VLOOKUP(A14,'[1]SQL DATA'!$B:$K,10,FALSE) -> 16606.1 | D14: =VLOOKUP(A14,'[1]SQL DATA'!$B:$J,9,FALSE) -> 32730.53 | E14: =VLOOKUP(A14,'[1]SQL DATA'!$B:$J,7,FALSE) -> 2580.68 | F14: =VLOOKUP(A14,'[1]SQL DATA'!$B:$J,6,FALSE) -> 6126.82 | G14: 15000 | H14: =15000+15000 -> 30000
A15: 535-600-120 | B15: =VLOOKUP(A15,'[1]SQL DATA'!$B:$J,3,FALSE) -> TS - Const. - Pur of Cap Assets | C15: =VLOOKUP(A15,'[1]SQL DATA'!$B:$K,10,FALSE) -> 0 | D15: =VLOOKUP(A15,'[1]SQL DATA'!$B:$J,9,FALSE) -> 0 | E15: =VLOOKUP(A15,'[1]SQL DATA'!$B:$J,7,FALSE) -> 0 | F15: =VLOOKUP(A15,'[1]SQL DATA'!$B:$J,6,FALSE) -> 0 | G15: 0 | H15: 65000
A16: 590-110-210 | B16: =VLOOKUP(A16,'[1]SQL DATA'!$B:$J,3,FALSE) -> Transfer to Reserves - Building Maint | C16: =VLOOKUP(A16,'[1]SQL DATA'!$B:$K,10,FALSE) -> 0 | D16: =VLOOKUP(A16,'[1]SQL DATA'!$B:$J,9,FALSE) -> 12000 | E16: =VLOOKUP(A16,'[1]SQL DATA'!$B:$J,7,FALSE) -> 0 | F16: =VLOOKUP(A16,'[1]SQL DATA'!$B:$J,6,FALSE) -> 0 | G16: 0 | H16: 0
A17: Total Expenses | C17: =C11+C14+C15+C16 -> 22922.56 | D17: =D11+D14+D15+D16 -> 50411.41 | E17: =E11+E14+E15+E16 -> 53110.07 | F17: =F11+F14+F15+F16 -> 28886.59 | G17: =G11+G14+G15+G16 -> 48600 | H17: =H11+H14+H15+H16 -> 136410
A19: Surplus (Deficit) by Cost Centre | C19: =(C5)-C17 -> -22922.56 | D19: =(D5)-D17 -> -50411.41 | E19: =(E5)-E17 -> -53110.07 | F19: =(F5)-F17 -> -28886.59 | G19: =(G5)-G17 -> -36600 | H19: =(H5)-H17 -> -59410

Sheet Street & Storm Sewer
C1: 2019 | D1: 2020 | E1: 2021 | F1: 2022 | G1: 2021 | H1: 2022
C2: YTD | D2: YTD | E2: YTD | F2: YTD | G2: Budget | H2: Budget
A3: Revenue
A4: Reserves
A5: 490-100-150 | B5: =VLOOKUP(A5,'[1]SQL DATA'!$B:$J,3,FALSE) -> Transfer from Reserves - Streets & Storm | C5: =VLOOKUP(A5,'[1]SQL DATA'!$B:$K,10,FALSE) -> 0 | D5: =VLOOKUP(A5,'[1]SQL DATA'!$B:$J,9,FALSE) -> 58000 | E5: =VLOOKUP(A5,'[1]SQL DATA'!$B:$J,7,FALSE) -> 0 | F5: =VLOOKUP(A5,'[1]SQL DATA'!$B:$J,6,FALSE) -> 0 | G5: 75000 | H5: =300000+50000+52200 -> 402200
A6: Total Transfers from Reserves | C6: =+C5 -> 0 | D6: =+D5 -> 58000 | E6: =+E5 -> 0 | F6: =+F5 -> 0 | G6: =+G5 -> 75000 | H6: =+H5 -> 402200
A8: Total Revenues | C8: =C6+C7 -> 0 | D8: =D6+D7 -> 58000 | E8: =E6+E7 -> 0 | F8: =F6+F7 -> 0 | G8: =G6+G7 -> 75000 | H8: =H6+H7 -> 402200
A10: Expenses
A11: Wages and Benefits:
A12: 535-110-140 | B12: =VLOOKUP(A12,'[1]SQL DATA'!$B:$J,3,FALSE) -> TS - Const. - Salaries - Streets | C12: =VLOOKUP(A12,'[1]SQL DATA'!$B:$K,10,FALSE) -> 0 | D12: =VLOOKUP(A12,'[1]SQL DATA'!$B:$J,9,FALSE) -> 0 | E12: =VLOOKUP(A12,'[1]SQL DATA'!$B:$J,7,FALSE) -> 79858.66 | F12: =VLOOKUP(A12,'[1]SQL DATA'!$B:$J,6,FALSE) -> 48947.19 | G12: 90000 | H12: 91950
A13: 535-140-140 | B13: =VLOOKUP(A13,'[1]SQL DATA'!$B:$J,3,FALSE) -> TS - Const. - Benefits - Streets | C13: =VLOOKUP(A13,'[1]SQL DATA'!$B:$K,10,FALSE) -> 19250.85 | D13: =VLOOKUP(A13,'[1]SQL DATA'!$B:$J,9,FALSE) -> 18588.37 | E13: =VLOOKUP(A13,'[1]SQL DATA'!$B:$J,7,FALSE) -> 17825.36 | F13: =VLOOKUP(A13,'[1]SQL DATA'!$B:$J,6,FALSE) -> 7866.84 | G13: 18870 | H13: 20230
A14: Total Wages and Benefits | C14: =SUM(C12:C13) -> 19250.85 | D14: =SUM(D12:D13) -> 18588.37 | E14: =SUM(E12:E13) -> 97684.02 | F14: =SUM(F12:F13) -> 56814.03 | G14: =SUM(G12:G13) -> 108870 | H14: =SUM(H12:H13) -> 112180
A16: Professional/Contractual Services:
A17: 535-210-110 | B17: =VLOOKUP(A17,'[1]SQL DATA'!$B:$J,3,FALSE) -> TS - Const. - Contract - Streets & Roads | C17: =VLOOKUP(A17,'[1]SQL DATA'!$B:$K,10,FALSE) -> 21373.25 | D17: =VLOOKUP(A17,'[1]SQL DATA'!$B:$J,9,FALSE) -> 16501.71 | E17: =VLOOKUP(A17,'[1]SQL DATA'!$B:$J,7,FALSE) -> 10945.32 | F17: =VLOOKUP(A17,'[1]SQL DATA'!$B:$J,6,FALSE) -> 9996.5 | G17: 35000 | H17: 35000
A18: Total Professional/Contractual Services | C18: =SUM(C17:C17) -> 21373.25 | D18: =SUM(D17:D17) -> 16501.71 | E18: =SUM(E17:E17) -> 10945.32 | F18: =SUM(F17:F17) -> 9996.5 | G18: =SUM(G17:G17) -> 35000 | H18: =SUM(H17:H17) -> 35000
A20: Utilities:
A21: 535-430-130 | B21: =VLOOKUP(A21,'[1]SQL DATA'!$B:$J,3,FALSE) -> TS - Const. - Street Lights | C21: =VLOOKUP(A21,'[1]SQL DATA'!$B:$K,10,FALSE) -> 0 | D21: =VLOOKUP(A21,'[1]SQL DATA'!$B:$J,9,FALSE) -> 0 | E21: =VLOOKUP(A21,'[1]SQL DATA'!$B:$J,7,FALSE) -> 42692.42 | F21: =VLOOKUP(A21,'[1]SQL DATA'!$B:$J,6,FALSE) -> 27206.44 | G21: 46500 | H21: 46500
A22: Total Utilities | C22: =SUM(C21) -> 0 | D22: =SUM(D21) -> 0 | E22: =SUM(E21) -> 42692.42 | F22: =SUM(F21) -> 27206.44 | G22: =SUM(G21) -> 46500 | H22: =SUM(H21) -> 46500
A24: Maintenance, Materials, and Supplies:
A25: 535-400-155 | B25: =VLOOKUP(A25,'[1]SQL DATA'!$B:$J,3,FALSE) -> TS - Const. - Maint. Supplies - Streets | C25: =VLOOKUP(A25,'[1]SQL DATA'!$B:$K,10,FALSE) -> 821.56 | D25: =VLOOKUP(A25,'[1]SQL DATA'!$B:$J,9,FALSE) -> 7826.85 | E25: =VLOOKUP(A25,'[1]SQL DATA'!$B:$J,7,FALSE) -> 3230.38 | F25: =VLOOKUP(A25,'[1]SQL DATA'!$B:$J,6,FALSE) -> 2539.46 | G25: 2000 | H25: 2000
A26: 535-440-100 | B26: =VLOOKUP(A26,'[1]SQL DATA'!$B:$J,3,FALSE) -> TS - Const. - Gravel/Sand | C26: =VLOOKUP(A26,'[1]SQL DATA'!$B:$K,10,FALSE) -> 0 | D26: =VLOOKUP(A26,'[1]SQL DATA'!$B:$J,9,FALSE) -> 46752.14 | E26: =VLOOKUP(A26,'[1]SQL DATA'!$B:$J,7,FALSE) -> 58531.5 | F26: =VLOOKUP(A26,'[1]SQL DATA'!$B:$J,6,FALSE) -> 0 | G26: 56000 | H26: 60000
A27: 535-460-100 | B27: =VLOOKUP(A27,'[1]SQL DATA'!$B:$J,3,FALSE) -> TS - Const. - Asphalt/Surfacing Material | C27: =VLOOKUP(A27,'[1]SQL DATA'!$B:$K,10,FALSE) -> 64588.41 | D27: =VLOOKUP(A27,'[1]SQL DATA'!$B:$J,9,FALSE) -> 24407.21 | E27: =VLOOKUP(A27,'[1]SQL DATA'!$B:$J,7,FALSE) -> 47000.4 | F27: =VLOOKUP(A27,'[1]SQL DATA'!$B:$J,6,FALSE) -> 39758.27 | G27: 61000 | H27: 61000
A28: 535-460-110 | B28: =VLOOKUP(A28,'[1]SQL DATA'!$B:$J,3,FALSE) -> TS - Const. - Dust Control | C28: =VLOOKUP(A28,'[1]SQL DATA'!$B:$K,10,FALSE) -> 5385.33 | D28: =VLOOKUP(A28,'[1]SQL DATA'!$B:$J,9,FALSE) -> 2673.25 | E28: =VLOOKUP(A28,'[1]SQL DATA'!$B:$J,7,FALSE) -> 4186.41 | F28: =VLOOKUP(A28,'[1]SQL DATA'!$B:$J,6,FALSE) -> 14133.25 | G28: 6000 | H28: 6000
A29: 535-480-100 | B29: =VLOOKUP(A29,'[1]SQL DATA'!$B:$J,3,FALSE) -> TS - Const. - Traffic Signs/Signals/Mark | C29: =VLOOKUP(A29,'[1]SQL DATA'!$B:$K,10,FALSE) -> 3048.41 | D29: =VLOOKUP(A29,'[1]SQL DATA'!$B:$J,9,FALSE) -> 3071.82 | E29: =VLOOKUP(A29,'[1]SQL DATA'!$B:$J,7,FALSE) -> 4503.07 | F29: =VLOOKUP(A29,'[1]SQL DATA'!$B:$J,6,FALSE) -> 712.8 | G29: 2000 | H29: 2000
A30: Total Maintenance, Materials and Supplies | C30: =SUM(C25:C29) -> 73843.71 | D30: =SUM(D25:D29) -> 84731.27 | E30: =SUM(E25:E29) -> 117451.76 | F30: =SUM(F25:F29) -> 57143.78 | G30: =SUM(G25:G29) -> 127000 | H30: =SUM(H25:H29) -> 131000
A32: Amortization:
A33: 535-600-699 | B33: =VLOOKUP(A33,'[1]SQL DATA'!$B:$J,3,FALSE) -> TS - Const. - Amortization Expense | C33: =VLOOKUP(A33,'[1]SQL DATA'!$B:$K,10,FALSE) -> 38870 | D33: =VLOOKUP(A33,'[1]SQL DATA'!$B:$J,9,FALSE) -> 70211.62 | E33: =VLOOKUP(A33,'[1]SQL DATA'!$B:$J,7,FALSE) -> 75313.13 | F33: =VLOOKUP(A33,'[1]SQL DATA'!$B:$J,6,FALSE) -> 0 | G33: 0 | H33: 0
A34: Total Amortization | C34: =SUM(C33) -> 38870 | D34: =SUM(D33) -> 70211.62 | E34: =SUM(E33) -> 75313.13 | F34: =SUM(F33) -> 0 | G34: =SUM(G33) -> 0 | H34: =SUM(H33) -> 0
A37: Capital & Reserves:
A38: 535-600-125 | B38: =VLOOKUP(A38,'[1]SQL DATA'!$B:$J,3,FALSE) -> TS - Const. - Purchase of Cap Asset | C38: =VLOOKUP(A38,'[1]SQL DATA'!$B:$K,10,FALSE) -> 0 | D38: =VLOOKUP(A38,'[1]SQL DATA'!$B:$J,9,FALSE) -> 0 | E38: =VLOOKUP(A38,'[1]SQL DATA'!$B:$J,7,FALSE) -> 0 | F38: =VLOOKUP(A38,'[1]SQL DATA'!$B:$J,6,FALSE) -> 395951.08 | G38: 50000 | H38: =400000+50000 -> 450000
A39: 590-110-195 | B39: =VLOOKUP(A39,'[1]SQL DATA'!$B:$J,3,FALSE) -> Transfer to Reserves - Streets/Storm Swr | C39: =VLOOKUP(A39,'[1]SQL DATA'!$B:$K,10,FALSE) -> 70411.59 | D39: =VLOOKUP(A39,'[1]SQL DATA'!$B:$J,9,FALSE) -> 135000 | E39: =VLOOKUP(A39,'[1]SQL DATA'!$B:$J,7,FALSE) -> 100000 | F39: =VLOOKUP(A39,'[1]SQL DATA'!$B:$J,6,FALSE) -> 0 | G39: 100000 | H39: =25000+15000-15000 -> 25000
A40: Total Capital | C40: =SUM(C38:C39) -> 70411.59 | D40: =SUM(D38:D39) -> 135000 | E40: =SUM(E38:E39) -> 100000 | F40: =SUM(F38:F39) -> 395951.08 | G40: =SUM(G38:G39) -> 150000 | H40: =SUM(H38:H39) -> 475000
A42: Total Expenses | C42: =C14+C18+C22+C30+C40 -> 184879.4 | D42: =D14+D18+D22+D30+D40 -> 254821.35 | E42: =E14+E18+E22+E30+E40 -> 368773.52 | F42: =F14+F18+F22+F30+F40 -> 547111.83 | G42: =G14+G18+G22+G30+G40 -> 467370 | H42: =H14+H18+H22+H30+H40 -> 799680
A44: Surplus (Deficit) by Cost Centre | C44: =(C8)-C42 -> -184879.4 | D44: =(D8)-D42 -> -196821.35 | E44: =(E8)-E42 -> -368773.52 | F44: =(F8)-F42 -> -547111.83 | G44: =(G8)-G42 -> -392370 | H44: =(H8)-H42 -> -397480

Sheet Mowing
